Workbook

Sheet ORÇAMENTO
A2: PREFEITURA MUNICIPAL DE SOUSA
A3: PLANILHA ORÇAMENTÁRIA SINTÉTICA
A4: OBRA : CENTRO DE ONCOLOGIA DE SOUSA
A5: ENDEREÇO: RUA LUIZ PEREIRA DA SILVA, S/N, CENTRO, SOUSA-PB
A6: REFERÊNCIA: ORSE, SEINFRA-CE E SINAPI-PB(FEVEREIRO/2022) C/DESONERAÇÃO - ENCARGOS SOCIAIS : 86,59% (HORA) - 48,16 % (MÊS) | H6: BDI = 26,63%
A7: Empresa: COMPACTO CONSTRUÇÕES E SERVIÇOS - EIRELE - CNPJ: 09.545.520/0001-54 - Telefone: (83) 9 9117-7810 - Email: compactoconstrucoes1@gmail.com
A8: Responsável Técnico: LÚCIO LAURO BARBOSA - CREA/PB Nº 160.594.868-3
A9: ITEM | B9: FONTE | C9: CÓDIGO | D9: DISCRIMINAÇÃO DO SERVIÇOS | E9: UNID. | F9: QUANT. | G9: VALOR UNIT. (R$) | H9: VALOR TOTAL (R$)
A11: 1 | B11: SERVIÇOS PRELIMINARES | H11: =SUM(H12:H16) -> 18776.64 | J11: 0.965
A12: 1.1 | B12: ORSE | C12: 51 | D12: Placa de Obra em chapa de aço galvanizado, instalada - Rev 02 01/2022 | E12: m² | F12: 4.5 | G12: =L12 -> 334.14 | H12: =ROUND(F12*G12,2) -> 1503.63 | K12: 346.26 | L12: =ROUND(K12*$J$11,2) -> 334.14
A13: 1.2 | B13: SINAPI | C13: 97622 | D13: DEMOLIÇÃO DE ALVENARIA DE BLOCOFURADO, DE FORMA MANUAL, SEM REAPROVEITAMENTO | E13: m³ | F13: 63.41 | G13: =L13 -> 36.7 | H13: =ROUND(F13*G13,2) -> 2327.15 | K13: 38.03 | L13: =ROUND(K13*$J$11,2) -> 36.7
A14: 1.3 | B14: ORSE | C14: 3240 | D14: Demolição de piso de alta resistência | E14: m² | F14: 774.83 | G14: =L14 -> 16.44 | H14: =ROUND(F14*G14,2) -> 12738.21 | K14: 17.04 | L14: =ROUND(K14*$J$11,2) -> 16.44
A15: 1.4 | B15: SINAPI | C15: 97650 | D15: REMOÇÃO DE TRAMA DE MADEIRA PARA COBERTURA, DE FORMA MANUAL, SEM REAPROVEITAMENTO. AF 12/2017 | E15: m² | F15: 309.93 | G15: =L15 -> 4.75 | H15: =ROUND(F15*G15,2) -> 1472.17 | K15: 4.92 | L15: =ROUND(K15*$J$11,2) -> 4.75
A16: 1.5 | B16: SINAPI | C16: 100981 | D16: CARGA, MANOBRA E DESCARGA DE ENTULHO EM CAMINHÃO BASCULANTE 6 M³ - CARGA COM ESCAVADEIRA HIDRÁULICA (CAÇAMBA DE 0,80 M³/111 HP) E DESCARGA LIVRE (UNIDADE: M³). AF 07/2020 | E16: m³ | F16: 102.15 | G16: =L16 -> 7.2 | H16: =ROUND(F16*G16,2) -> 735.48 | K16: 7.46 | L16: =ROUND(K16*$J$11,2) -> 7.2
L17: =ROUND(K17*$J$11,2) -> 0
A18: 2 | B18: INFRA ESTRUTURA E SUPERESTRUTURA | H18: =SUM(H19:H34) -> 92960.22 | L18: =ROUND(K18*$J$11,2) -> 0
A19: 2.1 | B19: SINAPI | C19: 96523 | D19: ESCAVAÇÃO MANUAL PARA BLOCO DE COROAMENTO OU SAPATA (INCLUINDO ESCAVAÇÃO PARA COLOCAÇÃO DE FÔRMAS). AF_06/2017 | E19: m³ | F19: 28.86 | G19: =L19 -> 63.86 | H19: =ROUND(F19*G19,2) -> 1843 | K19: 66.18 | L19: =ROUND(K19*$J$11,2) -> 63.86
A20: 2.2 | B20: SINAPI | C20: 101964 | D20: LAJE PRÉ-MOLDADA UNIDIRECIONAL, BIAPOIADA, PARA FORRO, ENCHIMENTO EM CERÂMICA, VIGOTA CONVENCIONAL, ALTURA TOTAL DA LAJE (ENCHIMENTO+CAPA) = (8+3). AF_11/2020 | E20: m² | F20: 57.88 | G20: =L20 -> 141.66 | H20: =ROUND(F20*G20,2) -> 8199.28 | K20: 146.8 | L20: =ROUND(K20*$J$11,2) -> 141.66
A21: 2.3 | B21: SINAPI | C21: 96619 | D21: LASTRO DE CONCRETO MAGRO, APLICADO EM BLOCOS DE COROAMENTO OU SAPATAS, ESPESSURA DE 5 CM. AF_08/2017 | E21: m² | F21: 19.24 | G21: =L21 -> 22.75 | H21: =ROUND(F21*G21,2) -> 437.71 | K21: 23.57 | L21: =ROUND(K21*$J$11,2) -> 22.75
A22: 2.4 | B22: SINAPI | C22: 94971 | D22: CONCRETO FCK = 25MPA, TRAÇO 1:2,3:2,7 (EM MASSA SECA DE CIMENTO/ AREIA MÉDIA/ BRITA 1) - PREPARO MECÂNICO COM BETONEIRA 600 L. AF_05/2021 | E22: m³ | F22: 5.8 | G22: =L22 -> 353.29 | H22: =ROUND(F22*G22,2) -> 2049.08 | K22: 366.1 | L22: =ROUND(K22*$J$11,2) -> 353.29
A23: 2.5 | B23: SINAPI | C23: 94972 | D23: CONCRETO FCK = 30MPA, TRAÇO 1:2,1:2,5 (EM MASSA SECA DE CIMENTO/ AREIA MÉDIA/ BRITA 1) - PREPARO MECÂNICO COM BETONEIRA 600 L. AF_05/2021 | E23: m³ | F23: 30.1 | G23: =L23 -> 364.81 | H23: =ROUND(F23*G23,2) -> 10980.78 | K23: 378.04 | L23: =ROUND(K23*$J$11,2) -> 364.81
A24: 2.6 | B24: SINAPI | C24: 92873 | D24: LANÇAMENTO COM USO DE BALDES, ADENSAMENTO E ACABAMENTO DE CONCRETO EM ESTRUTURAS. AF_12/2015 | E24: m³ | F24: 35.9 | G24: =L24 -> 191.33 | H24: =ROUND(F24*G24,2) -> 6868.75 | K24: 198.27 | L24: =ROUND(K24*$J$11,2) -> 191.33
A25: 2.7 | B25: ORSE | C25: 90 | D25: Forma plana para fundações, em tábua de pinho, 07 usos. | E25: m² | F25: 19.3 | G25: =L25 -> 65.36 | H25: =ROUND(F25*G25,2) -> 1261.45 | K25: 67.73 | L25: =ROUND(K25*$J$11,2) -> 65.36
A26: 2.8 | B26: ORSE | C26: 3366 | D26: Forma plana para estruturas, em compensado plastificado de 12mm, 07 usos. | E26: m² | F26: 421.3 | G26: =L26 -> 55.18 | H26: =ROUND(F26*G26,2) -> 23247.33 | K26: 57.18 | L26: =ROUND(K26*$J$11,2) -> 55.18
A27: 2.9 | B27: SINAPI | C27: 92763 | D27: ARMAÇÃO DE PILAR OU VIGA DE UMA ESTRUTURA CONVENCIONAL DE CONCRETO ARMADO EM UM EDIFÍCIO DE MÚLTIPLOS PAVIMENTOS UTILIZANDO AÇO CA-50 DE 12,5 MM - MONTAGEM. AF_12/2015 | E27: kg | F27: 480.3 | G27: =L27 -> 10.32 | H27: =ROUND(F27*G27,2) -> 4956.7 | K27: 10.69 | L27: =ROUND(K27*$J$11,2) -> 10.32
A28: 2.10 | B28: SINAPI | C28: 92762 | D28: ARMAÇÃO DE PILAR OU VIGA DE UMA ESTRUTURA CONVENCIONAL DE CONCRETO ARMADO EM UM EDIFÍCIO DE MÚLTIPLOS PAVIMENTOS UTILIZANDO AÇO CA-50 DE 10,0 MM - MONTAGEM. AF_12/2015 | E28: kg | F28: 1608.2 | G28: =L28 -> 12.09 | H28: =ROUND(F28*G28,2) -> 19443.14 | K28: 12.53 | L28: =ROUND(K28*$J$11,2) -> 12.09
A29: 2.11 | B29: SINAPI | C29: 92764 | D29: ARMAÇÃO DE PILAR OU VIGA DE UMA ESTRUTURA CONVENCIONAL DE CONCRETO ARMADO EM UM EDIFÍCIO DE MÚLTIPLOS PAVIMENTOS UTILIZANDO AÇO CA-50 DE 16,0 MM - MONTAGEM. AF_12/2015 | E29: kg | F29: 63.1 | G29: =L29 -> 9.97 | H29: =ROUND(F29*G29,2) -> 629.11 | K29: 10.33 | L29: =ROUND(K29*$J$11,2) -> 9.97
A30: 2.12 | B30: SINAPI | C30: 92759 | D30: ARMAÇÃO DE PILAR OU VIGA DE UMA ESTRUTURA CONVENCIONAL DE CONCRETO ARMADO EM UM EDIFÍCIO DE MÚLTIPLOS PAVIMENTOS UTILIZANDO AÇO CA-60 DE 5,0 MM - MONTAGEM. AF_12/2015 | E30: kg | F30: 651.9 | G30: =L30 -> 13.99 | H30: =ROUND(F30*G30,2) -> 9120.08 | K30: 14.5 | L30: =ROUND(K30*$J$11,2) -> 13.99
... A34: 2.16 | B34: SINAPI | C34: 93194 | D34: CONTRAVERGA PRÉ-MOLDADA PARA VÃOS DE ATÉ 1,5 M DE COMPRIMENTO. AF_03/2016 | E34: m | F34: 16.9 | G34: =L34 -> 39.74 | H34: =ROUND(F34*G34,2) -> 671.61 | K34: 41.18 | L34: =ROUND(K34*$J$11,2) -> 39.74
L35: =ROUND(K35*$J$11,2) -> 0
A36: 3 | B36: ALVENARIA E VEDAÇÕES | H36: =SUM(H37:H38) -> 43303.58 | L36: =ROUND(K36*$J$11,2) -> 0
A37: 3.1 | B37: SINAPI | C37: 103326 | D37: ALVENARIA DE VEDAÇÃO DE BLOCOS CERÂMICOS FURADOS NA VERTICAL DE 19X19X39 CM (ESPESSURA 19 CM) E ARGAMASSA DE ASSENTAMENTO COM PREPARO EM BETONEIRA. AF_12/2021 | E37: m² | F37: 209.45 | G37: =L37 -> 61.96 | H37: =ROUND(F37*G37,2) -> 12977.52 | K37: 64.21 | L37: =ROUND(K37*$J$11,2) -> 61.96
A38: 3.2 | B38: ORSE | C38: 191 | D38: Divisória em granito cinza andorinha polido, e=2cm, inclusive com montagem em ferragem - Rev 02. | E38: m² | F38: 53.89 | G38: =L38 -> 562.74 | H38: =ROUND(F38*G38,2) -> 30326.06 | K38: 583.15 | L38: =ROUND(K38*$J$11,2) -> 562.74
L39: =ROUND(K39*$J$11,2) -> 0
A40: 4 | B40: IMPERMEABILIZAÇÕES | H40: =SUM(H41:H42) -> 6503.26 | L40: =ROUND(K40*$J$11,2) -> 0
A41: 4.1 | B41: SINAPI | C41: 98557 | D41: IMPERMEABILIZAÇÃO DE SUPERFÍCIE COM EMULSÃO ASFÁLTICA, 2 DEMÃOS AF_06/2018 | E41: m² | F41: 25.12 | G41: =L41 -> 38.52 | H41: =ROUND(F41*G41,2) -> 967.62 | K41: 39.92 | L41: =ROUND(K41*$J$11,2) -> 38.52
A42: 4.2 | B42: SINAPI | C42: 98546 | D42: IMPERMEABILIZAÇÃO DE SUPERFÍCIE COM MANTA ASFÁLTICA, UMA CAMADA, INCLUSIVE APLICAÇÃO DE PRIMER ASFÁLTICO, E=3MM. AF_06/2018 | E42: m² | F42: 57.88 | G42: =L42 -> 95.64 | H42: =ROUND(F42*G42,2) -> 5535.64 | K42: 99.11 | L42: =ROUND(K42*$J$11,2) -> 95.64
L43: =ROUND(K43*$J$11,2) -> 0
A44: 5 | B44: COBERTURAS E PROTEÇÕES | H44: =SUM(H45:H47) -> 51264.13 | L44: =ROUND(K44*$J$11,2) -> 0
A45: 5.1 | B45: SINAPI | C45: 92539 | D45: TRAMA DE MADEIRA COMPOSTA POR RIPAS, CAIBROS E TERÇAS PARA TELHADOS DE ATÉ 2 ÁGUAS PARA TELHA DE ENCAIXE DE CERÂMICA OU DE CONCRETO, INCLUSO TRANSPORTE VERTICAL. AF_07/2019 | E45: m² | F45: 309.93 | G45: =L45 -> 60.47 | H45: =ROUND(F45*G45,2) -> 18741.47 | K45: 62.66 | L45: =ROUND(K45*$J$11,2) -> 60.47
A46: 5.2 | B46: SINAPI | C46: 94201 | D46: TELHAMENTO COM TELHA CERÂMICA CAPA-CANAL, TIPO COLONIAL, COM ATÉ 2 ÁGUAS, INCLUSO TRANSPORTE VERTICAL. AF_07/2019 | E46: m² | F46: 309.93 | G46: =L46 -> 29.61 | H46: =ROUND(F46*G46,2) -> 9177.03 | K46: 30.68 | L46: =ROUND(K46*$J$11,2) -> 29.61
A47: 5.3 | B47: SINAPI | C47: 96113 | D47: FORRO EM PLACAS DE GESSO, PARA AMBIENTES COMERCIAIS. AF_05/2017_P | E47: m² | F47: 774.83 | G47: =L47 -> 30.13 | H47: =ROUND(F47*G47,2) -> 23345.63 | K47: 31.22 | L47: =ROUND(K47*$J$11,2) -> 30.13
L48: =ROUND(K48*$J$11,2) -> 0
A49: 6 | B49: ESQUADRIAS | H49: =H50+H62+H66 -> 90991.08 | L49: =ROUND(K49*$J$11,2) -> 0
A50: 6.1 | B50: METÁLICA, ALUMÍNIO C/ VIDRO E MADEIRA | H50: =SUM(H51:H60) -> 66276.94 | L50: =ROUND(K50*$J$11,2) -> 0
A51: 6.1.1 | B51: SINAPI | C51: 94570 | D51: JANELA DE ALUMÍNIO DE CORRER COM 2 FOLHAS PARA VIDROS, COM VIDROS, BATENTE, ACABAMENTO COM ACETATO OU BRILHANTE E FERRAGENS. EXCLUSIVE ALIZAR E CONTRAMARCO. FORNECIMENTO E INSTALAÇÃO. AF_12/2019 | E51: m² | F51: 16.56 | G51: =L51 -> 609.28 | H51: =ROUND(F51*G51,2) -> 10089.68 | K51: 631.38 | L51: =ROUND(K51*$J$11,2) -> 609.28
A52: 6.1.2 | B52: SINAPI | C52: 94569 | D52: JANELA DE ALUMÍNIO TIPO MAXIM-AR, COM VIDROS, BATENTE E FERRAGENS. EXCLUSIVE ALIZAR, ACABAMENTO E CONTRAMARCO. FORNECIMENTO E INSTALAÇÃO. AF_12/2019 | E52: m² | F52: 2.5 | G52: =L52 -> 1144.23 | H52: =ROUND(F52*G52,2) -> 2860.58 | K52: 1185.73 | L52: =ROUND(K52*$J$11,2) -> 1144.23
A53: 6.1.3 | B53: SINAPI | C53: 91341 | D53: PORTA EM ALUMÍNIO DE ABRIR TIPO VENEZIANA COM GUARNIÇÃO, FIXAÇÃO COM PARAFUSOS - FORNECIMENTO E INSTALAÇÃO. AF_12/2019 | E53: m² | F53: 7.92 | G53: =L53 -> 765.63 | H53: =ROUND(F53*G53,2) -> 6063.79 | K53: 793.4 | L53: =ROUND(K53*$J$11,2) -> 765.63
A54: 6.1.4 | B54: SINAPI | C54: 100701 | D54: PORTA DE FERRO, DE ABRIR, TIPO GRADE COM CHAPA, COM GUARNIÇÕES. AF_12/2019 | E54: m² | F54: 5.31 | G54: =L54 -> 571.84 | H54: =ROUND(F54*G54,2) -> 3036.47 | K54: 592.58 | L54: =ROUND(K54*$J$11,2) -> 571.84
A55: 6.1.5 | B55: ORSE | C55: 12036 | D55: Portão em ferro, em tubo de aço galvanizado 2" e tela ondulada, malha 3/8". | E55: m² | F55: 6.62 | G55: =L55 -> 743.01 | H55: =ROUND(F55*G55,2) -> 4918.73 | K55: 769.96 | L55: =ROUND(K55*$J$11,2) -> 743.01
A56: 6.1.6 | B56: SINAPI | C56: 90841 | D56: KIT DE PORTA DE MADEIRA PARA PINTURA, SEMI-OCA (LEVE OU MÉDIA), PADRÃO MÉDIO, 60X210CM, ESPESSURA DE 3,5CM, ITENS INCLUSOS: DOBRADIÇAS, MONTAGEM E INSTALAÇÃO DO BATENTE, FECHADURA COM EXECUÇÃO DO FURO - FORNECIMENTO E INSTALAÇÃO. AF_12/2019 | E56: unid | F56: 8 | G56: =L56 -> 800.72 | H56: =ROUND(F56*G56,2) -> 6405.76 | K56: 829.76 | L56: =ROUND(K56*$J$11,2) -> 800.72
A57: 6.1.7 | B57: SINAPI | C57: 90842 | D57: KIT DE PORTA DE MADEIRA PARA PINTURA, SEMI-OCA (LEVE OU MÉDIA), PADRÃO MÉDIO, 70X210CM, ESPESSURA DE 3,5CM, ITENS INCLUSOS: DOBRADIÇAS, MONTAGEM E INSTALAÇÃO DO BATENTE, FECHADURA COM EXECUÇÃO DO FURO - FORNECIMENTO E INSTALAÇÃO. AF_12/2019 | E57: unid | F57: 3 | G57: =L57 -> 807.21 | H57: =ROUND(F57*G57,2) -> 2421.63 | K57: 836.49 | L57: =ROUND(K57*$J$11,2) -> 807.21
A58: 6.1.8 | B58: SINAPI | C58: 90843 | D58: KIT DE PORTA DE MADEIRA PARA PINTURA, SEMI-OCA (LEVE OU MÉDIA), PADRÃO MÉDIO, 80X210CM, ESPESSURA DE 3,5CM, ITENS INCLUSOS: DOBRADIÇAS, MONTAGEM E INSTALAÇÃO DO BATENTE, FECHADURA COM EXECUÇÃO DO FURO - FORNECIMENTO E INSTALAÇÃO. AF_12/2019 | E58: unid | F58: 2 | G58: =L58 -> 843.46 | H58: =ROUND(F58*G58,2) -> 1686.92 | K58: 874.05 | L58: =ROUND(K58*$J$11,2) -> 843.46
A59: 6.1.9 | B59: SINAPI | C59: 90844 | D59: KIT DE PORTA DE MADEIRA PARA PINTURA, SEMI-OCA (LEVE OU MÉDIA), PADRÃO MÉDIO, 90X210CM, ESPESSURA DE 3,5CM, ITENS INCLUSOS: DOBRADIÇAS, MONTAGEM E INSTALAÇÃO DO BATENTE, FECHADURA COM EXECUÇÃO DO FURO - FORNECIMENTO E INSTALAÇÃO. AF_12/2019 | E59: unid | F59: 22 | G59: =L59 -> 907.58 | H59: =ROUND(F59*G59,2) -> 19966.76 | K59: 940.5 | L59: =ROUND(K59*$J$11,2) -> 907.58
A60: 6.1.10 | B60: ORSE | C60: 3629 | D60: Porta em madeira compensada (canela), lisa e semi-oca, 1,00 x 2,10 m, inclusive batentes e ferragens. | E60: unid | F60: 11 | G60: =L60 -> 802.42 | H60: =ROUND(F60*G60,2) -> 8826.62 | K60: 831.52 | L60: =ROUND(K60*$J$11,2) -> 802.42
L61: =ROUND(K61*$J$11,2) -> 0
A62: 6.2 | B62: VIDRO | H62: =SUM(H63:H64) -> 23917.04 | L62: =ROUND(K62*$J$11,2) -> 0
A63: 6.2.1 | B63: ORSE | C63: 13096 | D63: Porta em vidro temperado 10mm, incolor,inclusive ferragens de fixação e instalação, exclusive puxador. | E63: m² | F63: 23.1 | G63: =L63 -> 527.82 | H63: =ROUND(F63*G63,2) -> 12192.64 | K63: 546.96 | L63: =ROUND(K63*$J$11,2) -> 527.82
A64: 6.2.2 | B64: SINAPI | C64: 100702 | D64: PORTA DE CORRER DE ALUMÍNIO, COM DUAS FOLHAS PARA VIDRO, INCLUSO VIDRO LISO INCOLOR, FECHADURA E PUXADOR, SEM ALIZAR. AF_12/2019 | E64: m² | F64: 25.08 | G64: =L64 -> 467.48 | H64: =ROUND(F64*G64,2) -> 11724.4 | K64: 484.44 | L64: =ROUND(K64*$J$11,2) -> 467.48
L65: =ROUND(K65*$J$11,2) -> 0
A66: 6.3 | B66: FERRAGENS | H66: =SUM(H67:H68) -> 797.1 | L66: =ROUND(K66*$J$11,2) -> 0
A67: 6.3.1 | B67: ORSE | C67: 9733 | D67: Puxador duplo para porta, em alumínio polido, d = 1", I = 40mm, ref. 3008, Vesfer | E67: unid | F67: 2 | G67: =L67 -> 200.85 | H67: =ROUND(F67*G67,2) -> 401.7 | K67: 208.13 | L67: =ROUND(K67*$J$11,2) -> 200.85
A68: 6.3.2 | B68: SINAPI | C68: 100705 | D68: TARJETA TIPO LIVRE/OCUPADO PARA PORTA DE BANHEIRO. AF_12/2019 | E68: unid | F68: 6 | G68: =L68 -> 65.9 | H68: =ROUND(F68*G68,2) -> 395.4 | K68: 68.29 | L68: =ROUND(K68*$J$11,2) -> 65.9
L69: =ROUND(K69*$J$11,2) -> 0
A70: 7 | B70: REVESTIMENTO | H70: =SUM(H71:H74) -> 77673.48 | L70: =ROUND(K70*$J$11,2) -> 0
A71: 7.1 | B71: SINAPI | C71: 87529 | D71: MASSA ÚNICA, PARA RECEBIMENTO DE PINTURA, EM ARGAMASSA TRAÇO 1:2:8, PREPARO MECÂNICO COM BETONEIRA 400L, APLICADA MANUALMENTE EM FACES INTERNAS DE PAREDES, ESPESSURA DE 20MM, COM EXECUÇÃO DE TALISCAS. AF_06/2014 | E71: m² | F71: 418.9 | G71: =L71 -> 24.97 | H71: =ROUND(F71*G71,2) -> 10459.93 | K71: 25.88 | L71: =ROUND(K71*$J$11,2) -> 24.97
A72: 7.2 | B72: SINAPI | C72: 87879 | D72: CHAPISCO APLICADO EM ALVENARIAS E ESTRUTURAS DE CONCRETO INTERNAS, COM COLHER DE PEDREIRO. ARGAMASSA TRAÇO 1:3 COM PREPARO EM BETONEIRA 400L. AF_06/2014 | E72: m² | F72: 418.9 | G72: 2.99 | H72: =ROUND(F72*G72,2) -> 1252.51 | K72: 2099 | L72: =ROUND(K72*$J$11,2) -> 2025.54
A73: 7.3 | B73: SINAPI | C73: 87273 | E73: m² | F73: 423.52 | G73: =L73 -> 61.37 | H73: =ROUND(F73*G73,2) -> 25991.42 | K73: 63.6 | L73: =ROUND(K73*$J$11,2) -> 61.37
A74: 7.4 | B74: ORSE | C74: 12420 | E74: m² | F74: 99.65 | G74: =L74 -> 401.1 | H74: =ROUND(F74*G74,2) -> 39969.62 | K74: 415.65 | L74: =ROUND(K74*$J$11,2) -> 401.1
L75: =ROUND(K75*$J$11,2) -> 0
A76: 8 | B76: PAVIMENTAÇÃO | H76: =SUM(H77:H80) -> 139210.14 | L76: =ROUND(K76*$J$11,2) -> 0
A77: 8.1 | B77: SINAPI | C77: 87620 | D77: CONTRAPISO EM ARGAMASSA TRAÇO 1:4 (CIMENTO E AREIA), PREPARO MECÂNICO COM BETONEIRA 400 L, APLICADO EM ÁREAS SECAS SOBRE LAJE, ADERIDO, ACABAMENTO NÃO REFORÇADO, ESPESSURA 2CM. AF_07/2021 | E77: m² | F77: 774.83 | G77: =L77 -> 22.3 | H77: =ROUND(F77*G77,2) -> 17278.71 | K77: 23.11 | L77: =ROUND(K77*$J$11,2) -> 22.3
A78: 8.2 | B78: SINAPI | C78: 87263 | D78: REVESTIMENTO CERÂMICO PARA PISO COM PLACAS TIPO PORCELANATO DE DIMENSÕES 60X60 CM APLICADA EM AMBIENTES DE ÁREA MAIOR QUE 10 M². AF_06/2014 | E78: m² | F78: 774.83 | G78: =L78 -> 145.32 | H78: =ROUND(F78*G78,2) -> 112598.3 | K78: 150.59 | L78: =ROUND(K78*$J$11,2) -> 145.32
A79: 8.3 | B79: SINAPI | C79: 98504 | D79: PLANTIO DE GRAMA EM PLACAS. AF_05/2018 | E79: m² | F79: 176.89 | G79: =L79 -> 13.07 | H79: =ROUND(F79*G79,2) -> 2311.95 | K79: 13.54 | L79: =ROUND(K79*$J$11,2) -> 13.07
A80: 8.4 | B80: SINAPI | C80: 101819 | D80: RECOMPOSIÇÃO DE PAVIMENTO EM PARALELEPÍPEDOS, REJUNTAMENTO COM ARGAMASSA, COM REAPROVEITAMENTO DOS PARALELEPÍPEDOS, PARA O FECHAMENTO DE VALAS - INCLUSO RETIRADA E COLOCAÇÃO DO MATERIAL. AF_12/2020 | E80: m² | F80: 155.13 | G80: =L80 -> 45.26 | H80: =ROUND(F80*G80,2) -> 7021.18 | K80: 46.9 | L80: =ROUND(K80*$J$11,2) -> 45.26
L81: =ROUND(K81*$J$11,2) -> 0
A82: 9 | B82: INSTALAÇÕES HIDRO-SANITÁRIAS-PLUVIAL-INCÊNDIO | H82: =H83+H113+H139 -> 76924.92 | L82: =ROUND(K82*$J$11,2) -> 0
A83: 9.1 | B83: SISTEMA PREDIAL DE ESGOTO SANITÁRIO -NBR 9160 | H83: =SUM(H84:H111) -> 26869.97 | L83: =ROUND(K83*$J$11,2) -> 0
A84: 9.1.1 | B84: SINAPI | C84: 89707 | D84: CAIXA SIFONADA, PVC, DN 100 X 100 X 50 MM, JUNTA ELÁSTICA, FORNECIDA E INSTALADA EM RAMAL DE DESCARGA OU EM RAMAL DE ESGOTO SANITÁRIO. AF_12/2014 | E84: unid | F84: 28 | G84: 32.41 | H84: =ROUND(F84*G84,2) -> 907.48 | K84: 34.71 | L84: =ROUND(K84*$J$11,2) -> 33.5
A85: 9.1.2 | B85: SINAPI | C85: 89744 | D85: JOELHO 90 GRAUS, PVC, SERIE NORMAL, ESGOTO PREDIAL, DN 100 MM, JUNTA ELÁSTICA, FORNECIDO E INSTALADO EM RAMAL DE DESCARGA OU RAMAL DE ESGOTO SANITÁRIO. AF_12/2014 | E85: unid | F85: 13 | G85: =L85 -> 21 | H85: =ROUND(F85*G85,2) -> 273 | K85: 21.76 | L85: =ROUND(K85*$J$11,2) -> 21
A86: 9.1.3 | B86: SINAPI | C86: 89724 | D86: JOELHO 90 GRAUS, PVC, SERIE NORMAL, ESGOTO PREDIAL, DN 40 MM, JUNTA SOLDÁVEL, FORNECIDO E INSTALADO EM RAMAL DE DESCARGA OU RAMAL DE ESGOTO SANITÁRIO. AF_12/2014 | E86: unid | F86: 63 | G86: =L86 -> 8.46 | H86: =ROUND(F86*G86,2) -> 532.98 | K86: 8.77 | L86: =ROUND(K86*$J$11,2) -> 8.46
A87: 9.1.4 | B87: SINAPI | C87: 89731 | D87: JOELHO 90 GRAUS, PVC, SERIE NORMAL, ESGOTO PREDIAL, DN 50 MM, JUNTA ELÁSTICA, FORNECIDO E INSTALADO EM RAMAL DE DESCARGA OU RAMAL DE ESGOTO SANITÁRIO. AF_12/2014 | E87: unid | F87: 38 | G87: =L87 -> 8.92 | H87: =ROUND(F87*G87,2) -> 338.96 | K87: 9.24 | L87: =ROUND(K87*$J$11,2) -> 8.92
A88: 9.1.5 | B88: SINAPI | C88: 89726 | D88: JOELHO 45 GRAUS, PVC, SERIE NORMAL, ESGOTO PREDIAL, DN 40 MM, JUNTA SOLDÁVEL, FORNECIDO E INSTALADO EM RAMAL DE DESCARGA OU RAMAL DE ESGOTO SANITÁRIO. AF_12/2014 | E88: unid | F88: 30 | G88: =L88 -> 5.5 | H88: =ROUND(F88*G88,2) -> 165 | K88: 5.7 | L88: =ROUND(K88*$J$11,2) -> 5.5
A89: 9.1.6 | B89: SINAPI | C89: 89732 | D89: JOELHO 45 GRAUS, PVC, SERIE NORMAL, ESGOTO PREDIAL, DN 50 MM, JUNTA ELÁSTICA, FORNECIDO E INSTALADO EM RAMAL DE DESCARGA OU RAMAL DE ESGOTO SANITÁRIO. AF_12/2014 | E89: unid | F89: 25 | G89: =L89 -> 9.62 | H89: =ROUND(F89*G89,2) -> 240.5 | K89: 9.97 | L89: =ROUND(K89*$J$11,2) -> 9.62
A90: 9.1.7 | B90: SINAPI | C90: 89746 | D90: JOELHO 45 GRAUS, PVC, SERIE NORMAL, ESGOTO PREDIAL, DN 100 MM, JUNTA ELÁSTICA, FORNECIDO E INSTALADO EM RAMAL DE DESCARGA OU RAMAL DE ESGOTO SANITÁRIO. AF_12/2014 | E90: unid | F90: 11 | G90: =L90 -> 20.93 | H90: =ROUND(F90*G90,2) -> 230.23 | K90: 21.69 | L90: =ROUND(K90*$J$11,2) -> 20.93
A91: 9.1.8 | B91: SINAPI | C91: 89797 | D91: JUNÇÃO SIMPLES, PVC, SERIE NORMAL, ESGOTO PREDIAL, DN 100 X 100 MM, JUNTA ELÁSTICA, FORNECIDO E INSTALADO EM RAMAL DE DESCARGA OU RAMAL DE ESGOTO SANITÁRIO. AF_12/2014 | E91: unid | F91: 2 | G91: =L91 -> 42.5 | H91: =ROUND(F91*G91,2) -> 85 | K91: 44.04 | L91: =ROUND(K91*$J$11,2) -> 42.5
A92: 9.1.9 | B92: ORSE | C92: 1560 | D92: Junção simples em pvc rígido soldável, para esgoto primário, diâm = 75 x 50 mm. | E92: unid | F92: 3 | G92: =L92 -> 32.97 | H92: =ROUND(F92*G92,2) -> 98.91 | K92: 34.17 | L92: =ROUND(K92*$J$11,2) -> 32.97
A93: 9.1.10 | B93: ORSE | C93: 1562 | D93: Junção simples em pvc rígido soldável, para esgoto primário, diâm = 100 x 50 mm. | E93: unid | F93: 17 | G93: =L93 -> 41.31 | H93: =ROUND(F93*G93,2) -> 702.27 | K93: 42.81 | L93: =ROUND(K93*$J$11,2) -> 41.31
A94: 9.1.11 | B94: SINAPI | C94: 89784 | D94: TE, PVC, SERIE NORMAL, ESGOTO PREDIAL, DN 50 X 50 MM, JUNTA ELÁSTICA, FORNECIDO E INSTALADO EM RAMAL DE DESCARGA OU RAMAL DE ESGOTO SANITÁRIO. AF_12/2014 | E94: unid | F94: 28 | G94: =L94 -> 17.45 | H94: =ROUND(F94*G94,2) -> 488.6 | K94: 18.08 | L94: =ROUND(K94*$J$11,2) -> 17.45
A95: 9.1.12 | B95: SINAPI | C95: 89796 | D95: TE, PVC, SERIE NORMAL, ESGOTO PREDIAL, DN 100 X 100 MM, JUNTA ELÁSTICA, FORNECIDO E INSTALADO EM RAMAL DE DESCARGA OU RAMAL DE ESGOTO SANITÁRIO. AF_12/2014 | E95: unid | F95: 5 | G95: =L95 -> 36.06 | H95: =ROUND(F95*G95,2) -> 180.3 | K95: 37.37 | L95: =ROUND(K95*$J$11,2) -> 36.06
A96: 9.1.13 | B96: SINAPI | C96: 89714 | D96: TUBO PVC, SERIE NORMAL, ESGOTO PREDIAL, DN 100 MM, FORNECIDO E INSTALADO EM RAMAL DE DESCARGA OU RAMAL DE ESGOTO SANITÁRIO. AF_12/2014 | E96: m | F96: 190 | G96: =L96 -> 45.24 | H96: =ROUND(F96*G96,2) -> 8595.6 | K96: 46.88 | L96: =ROUND(K96*$J$11,2) -> 45.24
... A111: 9.1.28 | B111: SINAPI | C111: 89549 | D111: REDUÇÃO EXCÊNTRICA, PVC, SERIE R, ÁGUA PLUVIAL, DN 75 X 50 MM, JUNTA ELÁSTICA, FORNECIDO E INSTALADO EM RAMAL DE ENCAMINHAMENTO. AF_12/2014 | E111: unid | F111: 3 | G111: =L111 -> 14.04 | H111: =ROUND(F111*G111,2) -> 42.12 | K111: 14.55 | L111: =ROUND(K111*$J$11,2) -> 14.04
L112: =ROUND(K112*$J$11,2) -> 0
A113: 9.2 | B113: SISTEMA PREDIAL DE ÁGUA FRIA - NBR 5626 | H113: =SUM(H114:H137) -> 15338.21 | L113: =ROUND(K113*$J$11,2) -> 0
A114: 9.2.1 | B114: SINAPI | C114: 89450 | D114: TUBO, PVC, SOLDÁVEL, DN 60MM, INSTALADO EM PRUMADA DE ÁGUA - FORNECIMENTO E INSTALAÇÃO. AF_12/2014 | E114: m | F114: 23 | G114: =L114 -> 31.7 | H114: =ROUND(F114*G114,2) -> 729.1 | K114: 32.85 | L114: =ROUND(K114*$J$11,2) -> 31.7
A115: 9.2.2 | B115: SINAPI | C115: 89449 | D115: TUBO, PVC, SOLDÁVEL, DN 50MM, INSTALADO EM PRUMADA DE ÁGUA - FORNECIMENTO E INSTALAÇÃO. AF_12/2014 | E115: m | F115: 166 | G115: =L115 -> 19.05 | H115: =ROUND(F115*G115,2) -> 3162.3 | K115: 19.74 | L115: =ROUND(K115*$J$11,2) -> 19.05
A116: 9.2.3 | B116: SINAPI | C116: 89356 | D116: TUBO, PVC, SOLDÁVEL, DN 25MM, INSTALADO EM RAMAL OU SUB-RAMAL DE ÁGUA - FORNECIMENTO E INSTALAÇÃO. AF_12/2014 | E116: m | F116: 169 | G116: =L116 -> 16.29 | H116: =ROUND(F116*G116,2) -> 2753.01 | K116: 16.88 | L116: =ROUND(K116*$J$11,2) -> 16.29
A117: 9.2.4 | B117: SINAPI | C117: 89383 | D117: ADAPTADOR CURTO COM BOLSA E ROSCA PARA REGISTRO, PVC, SOLDÁVEL, DN 25MM X 3/4, INSTALADO EM RAMAL OU SUB-RAMAL DE ÁGUA - FORNECIMENTO E INSTALAÇÃO. AF_12/2014 | E117: unid | F117: 69 | G117: =L117 -> 4.94 | H117: =ROUND(F117*G117,2) -> 340.86 | K117: 5.12 | L117: =ROUND(K117*$J$11,2) -> 4.94
A118: 9.2.5 | B118: SINAPI | C118: 89605 | D118: LUVA DE REDUÇÃO, PVC, SOLDÁVEL, DN 60MM X 50MM, INSTALADO EM PRUMADA DE ÁGUA - FORNECIMENTO E INSTALAÇÃO. AF_12/2014 | E118: unid | F118: 1 | G118: =L118 -> 19.5 | H118: =ROUND(F118*G118,2) -> 19.5 | K118: 20.21 | L118: =ROUND(K118*$J$11,2) -> 19.5
A119: 9.2.6 | B119: SINAPI | C119: 89579 | D119: LUVA DE REDUÇÃO, PVC, SOLDÁVEL, DN 50MM X 25MM, INSTALADO EM PRUMADA DE ÁGUA FORNECIMENTO E INSTALAÇÃO. AF_12/2014 | E119: unid | F119: 1 | G119: =L119 -> 10.18 | H119: =ROUND(F119*G119,2) -> 10.18 | K119: 10.55 | L119: =ROUND(K119*$J$11,2) -> 10.18
...

Sheet REPROGRAMAÇÃO
A1: ESTADO DA PARAÍBA
A2: PREFEITURA MUNICIPAL DE SOUSA
A3: TOMADA DE PREÇO - CONTRATO Nº
A4: OBRA : CENTRO DE ONCOLOGIA DE SOUSA
A6: REPROGRAMAÇÃO
A7: ITEM | B7: REFERÊNCIA | C7: DESCRIÇÃO DOS SERVIÇOS | D7: ORIGEM | E7: UND. | F7: QUANTIDADES | J7: PREÇO UNITÁRIO COM BDI | K7: PREÇO TOTAL R$
F8: LICITADA | G8: ACRESCIDO | H8: SUPRIMIDO | I8: REPROGRAMADA | K8: LICITADO | L8: ACRESCIDO | M8: SUPRIMIDO | N8: REPROGRAMADO
C9: =[1]ORÇAMENTO!B11 -> SERVIÇOS PRELIMINARES
A10: =[1]ORÇAMENTO!A12 -> 1.1 | B10: =[1]ORÇAMENTO!C12 -> 51 | C10: =[1]ORÇAMENTO!D12 -> Placa de Obra em chapa de aço galvanizado, instalada - Rev 02 01/2022 | D10: =[1]ORÇAMENTO!B12 -> ORSE | E10: =[1]ORÇAMENTO!E12 -> m² | F10: =[1]ORÇAMENTO!F12 -> 4.5 | J10: =[1]ORÇAMENTO!G12*26.63%+[1]ORÇAMENTO!G12 -> 423.12148 | K10: =ROUND(F10*J10,2) -> 1904.05
A11: =[1]ORÇAMENTO!A13 -> 1.2 | B11: =[1]ORÇAMENTO!C13 -> 97622 | C11: =[1]ORÇAMENTO!D13 -> DEMOLIÇÃO DE ALVENARIA DE BLOCOFURADO, DE FORMA MANUAL, SEM REAPROVEITAMENTO | D11: =[1]ORÇAMENTO!B13 -> SINAPI | E11: =[1]ORÇAMENTO!E13 -> m³ | F11: =[1]ORÇAMENTO!F13 -> 63.41 | J11: =[1]ORÇAMENTO!G13*26.63%+[1]ORÇAMENTO!G13 -> 46.47321 | K11: =ROUND(F11*J11,2) -> 2946.87
A12: =[1]ORÇAMENTO!A14 -> 1.3 | B12: =[1]ORÇAMENTO!C14 -> 3240 | C12: =[1]ORÇAMENTO!D14 -> Demolição de piso de alta resistência | D12: =[1]ORÇAMENTO!B14 -> ORSE | E12: =[1]ORÇAMENTO!E14 -> m² | F12: =[1]ORÇAMENTO!F14 -> 774.83 | J12: =[1]ORÇAMENTO!G14*26.63%+[1]ORÇAMENTO!G14 -> 20.817972 | K12: =ROUND(F12*J12,2) -> 16130.39
A13: =[1]ORÇAMENTO!A15 -> 1.4 | B13: =[1]ORÇAMENTO!C15 -> 97650 | C13: =[1]ORÇAMENTO!D15 -> REMOÇÃO DE TRAMA DE MADEIRA PARA COBERTURA, DE FORMA MANUAL, SEM REAPROVEITAMENTO. AF 12/2017 | D13: =[1]ORÇAMENTO!B15 -> SINAPI | E13: =[1]ORÇAMENTO!E15 -> m² | F13: =[1]ORÇAMENTO!F15 -> 309.93 | J13: =[1]ORÇAMENTO!G15*26.63%+[1]ORÇAMENTO!G15 -> 6.014925 | K13: =ROUND(F13*J13,2) -> 1864.21
A14: =[1]ORÇAMENTO!A16 -> 1.5 | B14: =[1]ORÇAMENTO!C16 -> 100981 | C14: =[1]ORÇAMENTO!D16 -> CARGA, MANOBRA E DESCARGA DE ENTULHO EM CAMINHÃO BASCULANTE 6 M³ - CARGA COM ESCAVADEIRA HIDRÁULICA (CAÇAMBA DE 0,80 M³/111 HP) E DESCARGA LIVRE (UNIDADE: M³). AF 07/2020 | D14: =[1]ORÇAMENTO!B16 -> SINAPI | E14: =[1]ORÇAMENTO!E16 -> m³ | F14: =[1]ORÇAMENTO!F16 -> 102.15 | J14: =[1]ORÇAMENTO!G16*26.63%+[1]ORÇAMENTO!G16 -> 9.11736 | K14: =ROUND(F14*J14,2) -> 931.34
A15: 1.6 | B15: 7725 | C15: Remoção de pintura látex (raspagem e/ou lixamento e/ou escovação) | D15: ORSE | E15: m2 | G15: =[1]MEM!L12 -> 1218.784 | I15: 2115 | J15: ='[1]ITENS NOVOS'!I7 -> 7.46 | L15: =G15*J15 -> 9092.1286 | N15: =I15*J15 -> 15777.9
A16: 1.7 | B16: 90447 | C16: RASGO EM ALVENARIA PARA ELETRODUTOS COM DIAMETROS MENORES OU IGUAIS A 40 MM. AF_05/2015 | D16: SINAPI | E16: M | G16: =[1]MEM!L43 -> 247.3 | I16: =G16 -> 247.3 | J16: ='[1]ITENS NOVOS'!I8 -> 5.45 | L16: =G16*J16 -> 1347.785 | N16: =I16*J16 -> 1347.785
A17: 1.8 | B17: 3141 | C17: Remoção de caixão de madeira (aduela) | D17: ORSE | E17: un | G17: =[1]MEM!L74 -> 36 | I17: =G17 -> 36 | J17: ='[1]ITENS NOVOS'!I9 -> 8.09 | L17: =G17*J17 -> 291.24 | N17: =I17*J17 -> 291.24
A18: 1.9 | B18: 97645 | C18: REMOÇÃO DE JANELAS, DE FORMA MANUAL, SEM REAPROVEITAMENTO. AF_12/2017 | D18: SINAPI | E18: M2 | G18: =[1]MEM!L103 -> 14 | I18: =G18 -> 14 | J18: ='[1]ITENS NOVOS'!I10 -> 29.92 | L18: =G18*J18 -> 418.88 | N18: =I18*J18 -> 418.88
A19: 1.10 | B19: 97641 | C19: REMOÇÃO DE FORRO DE GESSO, DE FORMA MANUAL, SEM REAPROVEITAMENTO. AF_12/2017 | D19: SINAPI | E19: M2 | G19: =[1]MEM!L125 -> 396.84 | I19: =G19 -> 396.84 | J19: ='[1]ITENS NOVOS'!I11 -> 4.06 | L19: =G19*J19 -> 1611.1704 | N19: =I19*J19 -> 1611.1704
A20: 1.11 | B20: 97628 | C20: DEMOLIÇÃO DE LAJES, DE FORMA MANUAL, SEM REAPROVEITAMENTO. AF_12/2017 | D20: SINAPI | E20: M3 | G20: =[1]MEM!L137 -> 35.364 | I20: =G20 -> 35.364 | J20: ='[1]ITENS NOVOS'!I12 -> 229.97 | L20: =G20*J20 -> 8132.6591 | N20: =I20*J20 -> 8132.6591
A21: 1.14 | B21: 97647 | C21: REMOÇÃO DE TELHAS, DE FIBROCIMENTO, METÁLICA E CERÂMICA, DE FORMA MANUAL, SEM REAPROVEITAMENTO. AF_12/2017 | D21: SINAPI | E21: M2 | G21: =[1]MEM!L164 -> 636.84 | I21: =G21 -> 636.84 | J21: ='[1]ITENS NOVOS'!I15 -> 2.79 | L21: =G21*J21 -> 1776.7836 | N21: =I21*J21 -> 1776.7836
A22: 1.16 | B22: 26 | C22: Coleta e carga manuais de entulho | D22: ORSE | E22: M3 | G22: =[1]MEM!L172 -> 165.3964 | I22: =G22 -> 165.3964 | J22: ='[1]ITENS NOVOS'!I35 -> 18.65 | L22: =G22*J22 -> 3084.6429 | N22: =I22*J22 -> 3084.6429
A24: =[1]ORÇAMENTO!A18 -> 2 | C24: =[1]ORÇAMENTO!B18 -> INFRA ESTRUTURA E SUPERESTRUTURA
A25: =[1]ORÇAMENTO!A19 -> 2.1 | B25: =[1]ORÇAMENTO!C19 -> 96523 | C25: =[1]ORÇAMENTO!D19 -> ESCAVAÇÃO MANUAL PARA BLOCO DE COROAMENTO OU SAPATA (INCLUINDO ESCAVAÇÃO PARA COLOCAÇÃO DE FÔRMAS). AF_06/2017 | D25: =[1]ORÇAMENTO!B19 -> SINAPI | E25: =[1]ORÇAMENTO!E19 -> m³ | F25: =[1]ORÇAMENTO!F19 -> 28.86 | J25: =[1]ORÇAMENTO!G19*26.63%+[1]ORÇAMENTO!G19 -> 80.865918 | K25: =ROUND(F25*J25,2) -> 2333.79
A26: =[1]ORÇAMENTO!A20 -> 2.2 | B26: =[1]ORÇAMENTO!C20 -> 101964 | C26: =[1]ORÇAMENTO!D20 -> LAJE PRÉ-MOLDADA UNIDIRECIONAL, BIAPOIADA, PARA FORRO, ENCHIMENTO EM CERÂMICA, VIGOTA CONVENCIONAL, ALTURA TOTAL DA LAJE (ENCHIMENTO+CAPA) = (8+3). AF_11/2020 | D26: =[1]ORÇAMENTO!B20 -> SINAPI | E26: =[1]ORÇAMENTO!E20 -> m² | F26: =[1]ORÇAMENTO!F20 -> 57.88 | J26: =[1]ORÇAMENTO!G20*26.63%+[1]ORÇAMENTO!G20 -> 179.38406 | K26: =ROUND(F26*J26,2) -> 10382.75
A27: =[1]ORÇAMENTO!A21 -> 2.3 | B27: =[1]ORÇAMENTO!C21 -> 96619 | C27: =[1]ORÇAMENTO!D21 -> LASTRO DE CONCRETO MAGRO, APLICADO EM BLOCOS DE COROAMENTO OU SAPATAS, ESPESSURA DE 5 CM. AF_08/2017 | D27: =[1]ORÇAMENTO!B21 -> SINAPI | E27: =[1]ORÇAMENTO!E21 -> m² | F27: =[1]ORÇAMENTO!F21 -> 19.24 | J27: =[1]ORÇAMENTO!G21*26.63%+[1]ORÇAMENTO!G21 -> 28.808325 | K27: =ROUND(F27*J27,2) -> 554.27
A28: =[1]ORÇAMENTO!A22 -> 2.4 | B28: =[1]ORÇAMENTO!C22 -> 94971 | C28: =[1]ORÇAMENTO!D22 -> CONCRETO FCK = 25MPA, TRAÇO 1:2,3:2,7 (EM MASSA SECA DE CIMENTO/ AREIA MÉDIA/ BRITA 1) - PREPARO MECÂNICO COM BETONEIRA 600 L. AF_05/2021 | D28: =[1]ORÇAMENTO!B22 -> SINAPI | E28: =[1]ORÇAMENTO!E22 -> m³ | F28: =[1]ORÇAMENTO!F22 -> 5.8 | J28: =[1]ORÇAMENTO!G22*26.63%+[1]ORÇAMENTO!G22 -> 447.37113 | K28: =ROUND(F28*J28,2) -> 2594.75
A29: =[1]ORÇAMENTO!A23 -> 2.5 | B29: =[1]ORÇAMENTO!C23 -> 94972 | C29: =[1]ORÇAMENTO!D23 -> CONCRETO FCK = 30MPA, TRAÇO 1:2,1:2,5 (EM MASSA SECA DE CIMENTO/ AREIA MÉDIA/ BRITA 1) - PREPARO MECÂNICO COM BETONEIRA 600 L. AF_05/2021 | D29: =[1]ORÇAMENTO!B23 -> SINAPI | E29: =[1]ORÇAMENTO!E23 -> m³ | F29: =[1]ORÇAMENTO!F23 -> 30.1 | G29: =[1]MEM!L221 -> 12.2958 | I29: =F29+G29 -> 42.3958 | J29: =[1]ORÇAMENTO!G23*26.63%+[1]ORÇAMENTO!G23 -> 461.9589 | K29: =ROUND(F29*J29,2) -> 13904.96 | L29: =G29*J29 -> 5680.1543 | N29: =I29*J29 -> 19585.117
A30: =[1]ORÇAMENTO!A24 -> 2.6 | B30: =[1]ORÇAMENTO!C24 -> 92873 | C30: =[1]ORÇAMENTO!D24 -> LANÇAMENTO COM USO DE BALDES, ADENSAMENTO E ACABAMENTO DE CONCRETO EM ESTRUTURAS. AF_12/2015 | D30: =[1]ORÇAMENTO!B24 -> SINAPI | E30: =[1]ORÇAMENTO!E24 -> m³ | F30: =[1]ORÇAMENTO!F24 -> 35.9 | J30: =[1]ORÇAMENTO!G24*26.63%+[1]ORÇAMENTO!G24 -> 242.28118 | K30: =ROUND(F30*J30,2) -> 8697.89
A31: =[1]ORÇAMENTO!A25 -> 2.7 | B31: =[1]ORÇAMENTO!C25 -> 90 | C31: =[1]ORÇAMENTO!D25 -> Forma plana para fundações, em tábua de pinho, 07 usos. | D31: =[1]ORÇAMENTO!B25 -> ORSE | E31: =[1]ORÇAMENTO!E25 -> m² | F31: =[1]ORÇAMENTO!F25 -> 19.3 | J31: =[1]ORÇAMENTO!G25*26.63%+[1]ORÇAMENTO!G25 -> 82.765368 | K31: =ROUND(F31*J31,2) -> 1597.37
A32: =[1]ORÇAMENTO!A26 -> 2.8 | B32: =[1]ORÇAMENTO!C26 -> 3366 | C32: =[1]ORÇAMENTO!D26 -> Forma plana para estruturas, em compensado plastificado de 12mm, 07 usos. | D32: =[1]ORÇAMENTO!B26 -> ORSE | E32: =[1]ORÇAMENTO!E26 -> m² | F32: =[1]ORÇAMENTO!F26 -> 421.3 | J32: =[1]ORÇAMENTO!G26*26.63%+[1]ORÇAMENTO!G26 -> 69.874434 | K32: =ROUND(F32*J32,2) -> 29438.1
A33: =[1]ORÇAMENTO!A27 -> 2.9 | B33: =[1]ORÇAMENTO!C27 -> 92763 | C33: =[1]ORÇAMENTO!D27 -> ARMAÇÃO DE PILAR OU VIGA DE UMA ESTRUTURA CONVENCIONAL DE CONCRETO ARMADO EM UM EDIFÍCIO DE MÚLTIPLOS PAVIMENTOS UTILIZANDO AÇO CA-50 DE 12,5 MM - MONTAGEM. AF_12/2015 | D33: =[1]ORÇAMENTO!B27 -> SINAPI | E33: =[1]ORÇAMENTO!E27 -> kg | F33: =[1]ORÇAMENTO!F27 -> 480.3 | G33: =[1]MEM!L249 -> 99.05 | I33: =F33+G33 -> 579.35 | J33: =[1]ORÇAMENTO!G27*26.63%+[1]ORÇAMENTO!G27 -> 13.068216 | K33: =ROUND(F33*J33,2) -> 6276.66 | L33: =G33*J33 -> 1294.4068 | N33: =I33*J33 -> 7571.0709
A34: =[1]ORÇAMENTO!A28 -> 2.10 | B34: =[1]ORÇAMENTO!C28 -> 92762 | C34: =[1]ORÇAMENTO!D28 -> ARMAÇÃO DE PILAR OU VIGA DE UMA ESTRUTURA CONVENCIONAL DE CONCRETO ARMADO EM UM EDIFÍCIO DE MÚLTIPLOS PAVIMENTOS UTILIZANDO AÇO CA-50 DE 10,0 MM - MONTAGEM. AF_12/2015 | D34: =[1]ORÇAMENTO!B28 -> SINAPI | E34: =[1]ORÇAMENTO!E28 -> kg | F34: =[1]ORÇAMENTO!F28 -> 1608.2 | G34: =[1]MEM!L259 -> 446.57226 | I34: =F34+G34 -> 2054.7723 | J34: =[1]ORÇAMENTO!G28*26.63%+[1]ORÇAMENTO!G28 -> 15.309567 | K34: =ROUND(F34*J34,2) -> 24620.85 | L34: =G34*J34 -> 6836.8279 | N34: =I34*J34 -> 31457.674
A35: =[1]ORÇAMENTO!A29 -> 2.11 | B35: =[1]ORÇAMENTO!C29 -> 92764 | C35: =[1]ORÇAMENTO!D29 -> ARMAÇÃO DE PILAR OU VIGA DE UMA ESTRUTURA CONVENCIONAL DE CONCRETO ARMADO EM UM EDIFÍCIO DE MÚLTIPLOS PAVIMENTOS UTILIZANDO AÇO CA-50 DE 16,0 MM - MONTAGEM. AF_12/2015 | D35: =[1]ORÇAMENTO!B29 -> SINAPI | E35: =[1]ORÇAMENTO!E29 -> kg | F35: =[1]ORÇAMENTO!F29 -> 63.1 | J35: =[1]ORÇAMENTO!G29*26.63%+[1]ORÇAMENTO!G29 -> 12.625011 | K35: =ROUND(F35*J35,2) -> 796.64
A36: =[1]ORÇAMENTO!A30 -> 2.12 | B36: =[1]ORÇAMENTO!C30 -> 92759 | C36: =[1]ORÇAMENTO!D30 -> ARMAÇÃO DE PILAR OU VIGA DE UMA ESTRUTURA CONVENCIONAL DE CONCRETO ARMADO EM UM EDIFÍCIO DE MÚLTIPLOS PAVIMENTOS UTILIZANDO AÇO CA-60 DE 5,0 MM - MONTAGEM. AF_12/2015 | D36: =[1]ORÇAMENTO!B30 -> SINAPI | E36: =[1]ORÇAMENTO!E30 -> kg | F36: =[1]ORÇAMENTO!F30 -> 651.9 | J36: =[1]ORÇAMENTO!G30*26.63%+[1]ORÇAMENTO!G30 -> 17.715537 | K36: =ROUND(F36*J36,2) -> 11548.76
A37: =[1]ORÇAMENTO!A31 -> 2.13 | B37: =[1]ORÇAMENTO!C31 -> 96995 | C37: =[1]ORÇAMENTO!D31 -> REATERRO MANUAL APILOADO COM SOQUETE. AF_10/2017 | D37: =[1]ORÇAMENTO!B31 -> SINAPI | E37: =[1]ORÇAMENTO!E31 -> m³ | F37: =[1]ORÇAMENTO!F31 -> 24.3 | J37: =[1]ORÇAMENTO!G31*26.63%+[1]ORÇAMENTO!G31 -> 42.775614 | K37: =ROUND(F37*J37,2) -> 1039.45
A38: =[1]ORÇAMENTO!A32 -> 2.14 | B38: =[1]ORÇAMENTO!C32 -> 93184 | C38: =[1]ORÇAMENTO!D32 -> VERGA PRÉ-MOLDADA PARA PORTAS COM ATÉ 1,5 M DE VÃO. AF_03/2016 | D38: =[1]ORÇAMENTO!B32 -> SINAPI | E38: =[1]ORÇAMENTO!E32 -> m | F38: =[1]ORÇAMENTO!F32 -> 58.14 | J38: =[1]ORÇAMENTO!G32*26.63%+[1]ORÇAMENTO!G32 -> 37.786392 | K38: =ROUND(F38*J38,2) -> 2196.9
A39: =[1]ORÇAMENTO!A33 -> 2.15 | B39: =[1]ORÇAMENTO!C33 -> 93182 | C39: =[1]ORÇAMENTO!D33 -> VERGA PRÉ-MOLDADA PARA JANELAS COM ATÉ 1,5 M DE VÃO. AF_03/2016 | D39: =[1]ORÇAMENTO!B33 -> SINAPI | E39: =[1]ORÇAMENTO!E33 -> m | F39: =[1]ORÇAMENTO!F33 -> 16.9 | J39: =[1]ORÇAMENTO!G33*26.63%+[1]ORÇAMENTO!G33 -> 52.184223 | K39: =ROUND(F39*J39,2) -> 881.91
A40: =[1]ORÇAMENTO!A34 -> 2.16 | B40: =[1]ORÇAMENTO!C34 -> 93194 | C40: =[1]ORÇAMENTO!D34 -> CONTRAVERGA PRÉ-MOLDADA PARA VÃOS DE ATÉ 1,5 M DE COMPRIMENTO. AF_03/2016 | D40: =[1]ORÇAMENTO!B34 -> SINAPI | E40: =[1]ORÇAMENTO!E34 -> m | F40: =[1]ORÇAMENTO!F34 -> 16.9 | J40: =[1]ORÇAMENTO!G34*26.63%+[1]ORÇAMENTO!G34 -> 50.322762 | K40: =ROUND(F40*J40,2) -> 850.45
A41: 2.17 | B41: 101616 | C41: PREPARO DE FUNDO DE VALA COM LARGURA MENOR QUE 1,5 M (ACERTO DO SOLO NATURAL). AF_08/2020 | D41: SINAPI | E41: M2 | G41: =[1]MEM!L274 -> 29.88 | I41: =G41 -> 29.88 | J41: ='[1]ITENS NOVOS'!I36 -> 5.18 | L41: =G41*J41 -> 154.7784 | N41: =I41*J41 -> 154.7784
A43: =[1]ORÇAMENTO!A36 -> 3 | C43: =[1]ORÇAMENTO!B36 -> ALVENARIA E VEDAÇÕES
A44: =[1]ORÇAMENTO!A37 -> 3.1 | B44: =[1]ORÇAMENTO!C37 -> 103326 | C44: =[2]ORÇAMENTO!$AD$36 -> ALVENARIA DE VEDAÇÃO DE BLOCOS CERÂMICOS FURADOS NA HORIZONTAL DE 9X19X19 CM (ESPESSURA 9 CM) E ARGAMASSA DE ASSENTAMENTO COM PREPARO EM BETONEIRA. | D44: =[1]ORÇAMENTO!B37 -> SINAPI | E44: =[1]ORÇAMENTO!E37 -> m² | F44: =[1]ORÇAMENTO!F37 -> 209.45 | G44: =[1]MEM!L317 -> 239.3 | I44: =F44+G44 -> 448.75 | J44: =[1]ORÇAMENTO!G37*26.63%+[1]ORÇAMENTO!G37 -> 78.459948 | K44: =ROUND(F44*J44,2) -> 16433.44 | L44: =G44*J44 -> 18775.466 | N44: =I44*J44 -> 35208.902
A45: =[1]ORÇAMENTO!A38 -> 3.2 | B45: =[1]ORÇAMENTO!C38 -> 191 | C45: =[1]ORÇAMENTO!D38 -> Divisória em granito cinza andorinha polido, e=2cm, inclusive com montagem em ferragem - Rev 02. | D45: =[1]ORÇAMENTO!B38 -> ORSE | E45: =[1]ORÇAMENTO!E38 -> m² | F45: =[1]ORÇAMENTO!F38 -> 53.89 | J45: =[1]ORÇAMENTO!G38*26.63%+[1]ORÇAMENTO!G38 -> 712.59766 | K45: =ROUND(F45*J45,2) -> 38401.89
A46: 3.3 | B46: C0074 | C46: ALVENARIA DE TIJOLO CERÂMICO FURADO (9x19x19)cm C/ARGAMASSA MISTA DE CAL HIDRATADA ESP=20 cm | D46: SEINFRA | E46: M2 | G46: =[1]MEM!L338 -> 85.483 | I46: =G46 -> 85.483 | J46: ='[1]ITENS NOVOS'!I17 -> 128.24 | L46: =G46*J46 -> 10962.34 | N46: =I46*J46 -> 10962.34
A48: =[1]ORÇAMENTO!A40 -> 4 | C48: =[1]ORÇAMENTO!B40 -> IMPERMEABILIZAÇÕES
A49: =[1]ORÇAMENTO!A41 -> 4.1 | B49: =[1]ORÇAMENTO!C41 -> 98557 | C49: =[1]ORÇAMENTO!D41 -> IMPERMEABILIZAÇÃO DE SUPERFÍCIE COM EMULSÃO ASFÁLTICA, 2 DEMÃOS AF_06/2018 | D49: =[1]ORÇAMENTO!B41 -> SINAPI | E49: =[1]ORÇAMENTO!E41 -> m² | F49: =[1]ORÇAMENTO!F41 -> 25.12 | J49: =[1]ORÇAMENTO!G41*26.63%+[1]ORÇAMENTO!G41 -> 48.777876 | K49: =ROUND(F49*J49,2) -> 1225.3
A50: =[1]ORÇAMENTO!A42 -> 4.2 | B50: =[1]ORÇAMENTO!C42 -> 98546 | C50: =[1]ORÇAMENTO!D42 -> IMPERMEABILIZAÇÃO DE SUPERFÍCIE COM MANTA ASFÁLTICA, UMA CAMADA, INCLUSIVE APLICAÇÃO DE PRIMER ASFÁLTICO, E=3MM. AF_06/2018 | D50: =[1]ORÇAMENTO!B42 -> SINAPI | E50: =[1]ORÇAMENTO!E42 -> m² | F50: =[1]ORÇAMENTO!F42 -> 57.88 | J50: =[1]ORÇAMENTO!G42*26.63%+[1]ORÇAMENTO!G42 -> 121.10893 | K50: =ROUND(F50*J50,2) -> 7009.78
A52: =[1]ORÇAMENTO!A44 -> 5 | C52: =[1]ORÇAMENTO!B44 -> COBERTURAS E PROTEÇÕES
A53: =[1]ORÇAMENTO!A45 -> 5.1 | B53: =[1]ORÇAMENTO!C45 -> 92539 | C53: =[1]ORÇAMENTO!D45 -> TRAMA DE MADEIRA COMPOSTA POR RIPAS, CAIBROS E TERÇAS PARA TELHADOS DE ATÉ 2 ÁGUAS PARA TELHA DE ENCAIXE DE CERÂMICA OU DE CONCRETO, INCLUSO TRANSPORTE VERTICAL. AF_07/2019 | D53: =[1]ORÇAMENTO!B45 -> SINAPI | E53: =[1]ORÇAMENTO!E45 -> m² | F53: =309.93+106 -> 415.93 | G53: =774.83-309+121 -> 586.83 | H53: 309.93 | I53: =G53 -> 586.83 | J53: =[1]ORÇAMENTO!G45*26.63%+[1]ORÇAMENTO!G45 -> 76.573161 | K53: =ROUND(F53*J53,2) -> 31849.07 | L53: =G53*J53 -> 44935.428 | N53: =I53*J53 -> 44935.428
A54: =[1]ORÇAMENTO!A46 -> 5.2 | B54: =[1]ORÇAMENTO!C46 -> 94201 | C54: =[1]ORÇAMENTO!D46 -> TELHAMENTO COM TELHA CERÂMICA CAPA-CANAL, TIPO COLONIAL, COM ATÉ 2 ÁGUAS, INCLUSO TRANSPORTE VERTICAL. AF_07/2019 | D54: =[1]ORÇAMENTO!B46 -> SINAPI | E54: =[1]ORÇAMENTO!E46 -> m² | F54: =[1]ORÇAMENTO!F46 -> 309.93 | J54: =[1]ORÇAMENTO!G46*26.63%+[1]ORÇAMENTO!G46 -> 37.495143 | K54: =ROUND(F54*J54,2) -> 11620.87
A55: =[1]ORÇAMENTO!A47 -> 5.3 | B55: =[1]ORÇAMENTO!C47 -> 96113 | C55: =[1]ORÇAMENTO!D47 -> FORRO EM PLACAS DE GESSO, PARA AMBIENTES COMERCIAIS. AF_05/2017_P | D55: =[1]ORÇAMENTO!B47 -> SINAPI | E55: =[1]ORÇAMENTO!E47 -> m² | F55: =[1]ORÇAMENTO!F47 -> 774.83 | H55: 309.93 | J55: =[1]ORÇAMENTO!G47*26.63%+[1]ORÇAMENTO!G47 -> 38.153619 | K55: =ROUND(F55*J55,2) -> 29562.57
A56: 5.4 | B56: 12625 | C56: Retelhamento em cobertura com telha ceramica tipo canal comum, Itabaiana ou similar. | D56: ORSE | E56: m² | G56: =[1]MEM!L396 -> 250 | I56: =G56 -> 250 | J56: ='[1]ITENS NOVOS'!I16 -> 11.57 | L56: =G56*J56 -> 2892.5 | N56: =I56*J56 -> 2892.5
A57: 5.5 | B57: 92543 | C57: TRAMA DE MADEIRA COMPOSTA POR TERÇAS PARA TELHADOS DE ATÉ 2 ÁGUAS PARA TELHA ONDULADA DE FIBROCIMENTO, METÁLICA, PLÁSTICA OU TERMOACÚSTICA, INCLUSO TRANSPORTE VERTICAL. AF_07/2019 | D57: SINAPI | E57: M2 | G57: =[1]MEM!L401 -> 211.57 | I57: =G57 -> 211.57 | J57: ='[1]ITENS NOVOS'!I31 -> 23.29 | L57: =G57*J57 -> 4927.4653 | N57: =I57*J57 -> 4927.4653
A58: 5.6 | B58: 94207 | C58: TELHAMENTO COM TELHA ONDULADA DE FIBROCIMENTO E = 6 MM, COM RECOBRIMENTO LATERAL DE 1/4 DE ONDA PARA TELHADO COM INCLINAÇÃO MAIOR QUE 10°, COM ATÉ 2 ÁGUAS, INCLUSO IÇAMENTO. AF_07/2019 | D58: SINAPI | E58: M2 | G58: =[1]MEM!L405 -> 211.57 | I58: =G58 -> 211.57 | J58: ='[1]ITENS NOVOS'!I32 -> 72.74 | L58: =G58*J58 -> 15389.602 | N58: =I58*J58 -> 15389.602
A59: 5.7 | B59: 8269 | C59: Calha em chapa de aço galvanizado nº 26, desenvolvimento 86 cm (fundo=32 cm, laterais=15 cm, bordas=12cm) | D59: ORSE | E59: m | G59: =[1]MEM!L409 -> 118.97 | I59: =G59 -> 118.97 | J59: ='[1]ITENS NOVOS'!I33 -> 173.19 | L59: =G59*J59 -> 20604.414 | N59: =I59*J59 -> 20604.414
A60: 5.8 | B60: 94219 | C60: CUMEEIRA E ESPIGÃO PARA TELHA CERÂMICA EMBOÇADA COM ARGAMASSA TRAÇO 1:2:9 (CIMENTO, CAL E AREIA), PARA TELHADOS COM MAIS DE 2 ÁGUAS, INCLUSO TRANSPORTE VERTICAL. AF_07/2019 | D60: SINAPI | E60: M | G60: =[1]MEM!L417 -> 25.08 | I60: =G60 -> 25.08 | J60: ='[1]ITENS NOVOS'!I34 -> 25.88 | L60: =G60*J60 -> 649.0704 | N60: =I60*J60 -> 649.0704
A62: =[1]ORÇAMENTO!A49 -> 6 | C62: =[1]ORÇAMENTO!B49 -> ESQUADRIAS
A63: =[1]ORÇAMENTO!A50 -> 6.1 | C63: =[1]ORÇAMENTO!B50 -> METÁLICA, ALUMÍNIO C/ VIDRO E MADEIRA
A64: =[1]ORÇAMENTO!A51 -> 6.1.1 | B64: =[1]ORÇAMENTO!C51 -> 94570 | C64: =[1]ORÇAMENTO!D51 -> JANELA DE ALUMÍNIO DE CORRER COM 2 FOLHAS PARA VIDROS, COM VIDROS, BATENTE, ACABAMENTO COM ACETATO OU BRILHANTE E FERRAGENS. EXCLUSIVE ALIZAR E CONTRAMARCO. FORNECIMENTO E INSTALAÇÃO. AF_12/2019 | D64: =[1]ORÇAMENTO!B51 -> SINAPI | E64: =[1]ORÇAMENTO!E51 -> m² | F64: =[1]ORÇAMENTO!F51 -> 16.56 | G64: 6 | I64: =F64+G64 -> 22.56 | J64: =[1]ORÇAMENTO!G51*26.63%+[1]ORÇAMENTO!G51 -> 771.53126 | K64: =ROUND(F64*J64,2) -> 12776.56 | L64: =G64*J64 -> 4629.1876 | N64: =I64*J64 -> 17405.745
A65: =[1]ORÇAMENTO!A52 -> 6.1.2 | B65: =[1]ORÇAMENTO!C52 -> 94569 | C65: =[1]ORÇAMENTO!D52 -> JANELA DE ALUMÍNIO TIPO MAXIM-AR, COM VIDROS, BATENTE E FERRAGENS. EXCLUSIVE ALIZAR, ACABAMENTO E CONTRAMARCO. FORNECIMENTO E INSTALAÇÃO. AF_12/2019 | D65: =[1]ORÇAMENTO!B52 -> SINAPI | E65: =[1]ORÇAMENTO!E52 -> m² | F65: =[1]ORÇAMENTO!F52 -> 2.5 | G65: 8 | I65: =F65+G65 -> 10.5 | J65: =[1]ORÇAMENTO!G52*26.63%+[1]ORÇAMENTO!G52 -> 1448.9384 | K65: =ROUND(F65*J65,2) -> 3622.35 | L65: =G65*J65 -> 11591.508 | N65: =I65*J65 -> 15213.854
A66: =[1]ORÇAMENTO!A53 -> 6.1.3 | B66: =[1]ORÇAMENTO!C53 -> 91341 | C66: =[1]ORÇAMENTO!D53 -> PORTA EM ALUMÍNIO DE ABRIR TIPO VENEZIANA COM GUARNIÇÃO, FIXAÇÃO COM PARAFUSOS - FORNECIMENTO E INSTALAÇÃO. AF_12/2019 | D66: =[1]ORÇAMENTO!B53 -> SINAPI | E66: =[1]ORÇAMENTO!E53 -> m² | F66: =[1]ORÇAMENTO!F53 -> 7.92 | J66: =[1]ORÇAMENTO!G53*26.63%+[1]ORÇAMENTO!G53 -> 969.51727 | K66: =ROUND(F66*J66,2) -> 7678.58
A67: =[1]ORÇAMENTO!A54 -> 6.1.4 | B67: =[1]ORÇAMENTO!C54 -> 100701 | C67: =[1]ORÇAMENTO!D54 -> PORTA DE FERRO, DE ABRIR, TIPO GRADE COM CHAPA, COM GUARNIÇÕES. AF_12/2019 | D67: =[1]ORÇAMENTO!B54 -> SINAPI | E67: =[1]ORÇAMENTO!E54 -> m² | F67: =[1]ORÇAMENTO!F54 -> 5.31 | J67: =[1]ORÇAMENTO!G54*26.63%+[1]ORÇAMENTO!G54 -> 724.12099 | K67: =ROUND(F67*J67,2) -> 3845.08
A68: =[1]ORÇAMENTO!A55 -> 6.1.5 | B68: =[1]ORÇAMENTO!C55 -> 12036 | C68: =[1]ORÇAMENTO!D55 -> Portão em ferro, em tubo de aço galvanizado 2" e tela ondulada, malha 3/8". | D68: =[1]ORÇAMENTO!B55 -> ORSE | E68: =[1]ORÇAMENTO!E55 -> m² | F68: =[1]ORÇAMENTO!F55 -> 6.62 | J68: =[1]ORÇAMENTO!G55*26.63%+[1]ORÇAMENTO!G55 -> 940.87356 | K68: =ROUND(F68*J68,2) -> 6228.58
A69: =[1]ORÇAMENTO!A56 -> 6.1.6 | B69: =[1]ORÇAMENTO!C56 -> 90841 | C69: =[1]ORÇAMENTO!D56 -> KIT DE PORTA DE MADEIRA PARA PINTURA, SEMI-OCA (LEVE OU MÉDIA), PADRÃO MÉDIO, 60X210CM, ESPESSURA DE 3,5CM, ITENS INCLUSOS: DOBRADIÇAS, MONTAGEM E INSTALAÇÃO DO BATENTE, FECHADURA COM EXECUÇÃO DO FURO - FORNECIMENTO E INSTALAÇÃO. AF_12/2019 | D69: =[1]ORÇAMENTO!B56 -> SINAPI | E69: =[1]ORÇAMENTO!E56 -> unid | F69: =[1]ORÇAMENTO!F56 -> 8 | G69: -8 | I69: -8 | J69: =[1]ORÇAMENTO!G56*26.63%+[1]ORÇAMENTO!G56 -> 1013.9517 | K69: =ROUND(F69*J69,2) -> 8111.61 | L69: =G69*J69 -> -8111.6139 | N69: =I69*J69 -> -8111.6139
A70: =[1]ORÇAMENTO!A57 -> 6.1.7 | B70: =[1]ORÇAMENTO!C57 -> 90842 | C70: =[1]ORÇAMENTO!D57 -> KIT DE PORTA DE MADEIRA PARA PINTURA, SEMI-OCA (LEVE OU MÉDIA), PADRÃO MÉDIO, 70X210CM, ESPESSURA DE 3,5CM, ITENS INCLUSOS: DOBRADIÇAS, MONTAGEM E INSTALAÇÃO DO BATENTE, FECHADURA COM EXECUÇÃO DO FURO - FORNECIMENTO E INSTALAÇÃO. AF_12/2019 | D70: =[1]ORÇAMENTO!B57 -> SINAPI | E70: =[1]ORÇAMENTO!E57 -> unid | F70: =[1]ORÇAMENTO!F57 -> 3 | G70: -3 | I70: -3 | J70: =[1]ORÇAMENTO!G57*26.63%+[1]ORÇAMENTO!G57 -> 1022.17 | K70: =ROUND(F70*J70,2) -> 3066.51 | L70: =G70*J70 -> -3066.5101 | N70: =I70*J70 -> -3066.5101
A71: =[1]ORÇAMENTO!A58 -> 6.1.8 | B71: =[1]ORÇAMENTO!C58 -> 90843 | C71: =[1]ORÇAMENTO!D58 -> KIT DE PORTA DE MADEIRA PARA PINTURA, SEMI-OCA (LEVE OU MÉDIA), PADRÃO MÉDIO, 80X210CM, ESPESSURA DE 3,5CM, ITENS INCLUSOS: DOBRADIÇAS, MONTAGEM E INSTALAÇÃO DO BATENTE, FECHADURA COM EXECUÇÃO DO FURO - FORNECIMENTO E INSTALAÇÃO. AF_12/2019 | D71: =[1]ORÇAMENTO!B58 -> SINAPI | E71: =[1]ORÇAMENTO!E58 -> unid | F71: =[1]ORÇAMENTO!F58 -> 2 | G71: 6 | I71: =F71+G71 -> 8 | J71: =[1]ORÇAMENTO!G58*26.63%+[1]ORÇAMENTO!G58 -> 1068.0734 | K71: =ROUND(F71*J71,2) -> 2136.15 | L71: =G71*J71 -> 6408.4404 | N71: =I71*J71 -> 8544.5872
A72: =[1]ORÇAMENTO!A59 -> 6.1.9 | B72: =[1]ORÇAMENTO!C59 -> 90844 | C72: =[1]ORÇAMENTO!D59 -> KIT DE PORTA DE MADEIRA PARA PINTURA, SEMI-OCA (LEVE OU MÉDIA), PADRÃO MÉDIO, 90X210CM, ESPESSURA DE 3,5CM, ITENS INCLUSOS: DOBRADIÇAS, MONTAGEM E INSTALAÇÃO DO BATENTE, FECHADURA COM EXECUÇÃO DO FURO - FORNECIMENTO E INSTALAÇÃO. AF_12/2019 | D72: =[1]ORÇAMENTO!B59 -> SINAPI | E72: =[1]ORÇAMENTO!E59 -> unid | F72: =[1]ORÇAMENTO!F59 -> 22 | G72: 12 | I72: =F72+G72 -> 34 | J72: =[1]ORÇAMENTO!G59*26.63%+[1]ORÇAMENTO!G59 -> 1149.2686 | K72: =ROUND(F72*J72,2) -> 25283.91 | L72: =G72*J72 -> 13791.223 | N72: =I72*J72 -> 39075.131
A73: =[1]ORÇAMENTO!A60 -> 6.1.10 | B73: =[1]ORÇAMENTO!C60 -> 3629 | C73: =[1]ORÇAMENTO!D60 -> Porta em madeira compensada (canela), lisa e semi-oca, 1,00 x 2,10 m, inclusive batentes e ferragens. | D73: =[1]ORÇAMENTO!B60 -> ORSE | E73: =[1]ORÇAMENTO!E60 -> unid | F73: =[1]ORÇAMENTO!F60 -> 11 | G73: -11 | I73: -11 | J73: =[1]ORÇAMENTO!G60*26.63%+[1]ORÇAMENTO!G60 -> 1016.1044 | K73: =ROUND(F73*J73,2) -> 11177.15 | L73: =G73*J73 -> -11177.149 | N73: =I73*J73 -> -11177.149
A74: 6.1.11 | B74: 100674 | C74: JANELA FIXA DE ALUMÍNIO PARA VIDRO, COM VIDRO, BATENTE E FERRAGENS. EXCLUSIVE ACABAMENTO, ALIZAR E CONTRAMARCO. FORNECIMENTO E INSTALAÇÃO. AF_12/2019 | D74: SINAPI | E74: M2 | G74: =[1]MEM!L428 -> 17.49 | I74: =G74 -> 17.49 | J74: ='[1]ITENS NOVOS'!I22 -> 1647.35 | L74: =G74*J74 -> 28812.152 | N74: =I74*J74 -> 28812.152
A75: 6.1.12 | B75: 12093 | C75: Gradil em alumínio anodizado branco, com barras de apoio em alumínio anodizado branco de 1"x2" horizontais a cada 5cm com 1,85m e barras externas verticais em alumínio anodizado branco de 1.1/2" x 1.1/2" com 3,05m - Fixado com rebite | D75: ORSE | E75: m2 | G75: =[1]MEM!L433 -> 5.5 | I75: =G75 -> 5.5 | J75: ='[1]ITENS NOVOS'!I23 -> 592.45 | L75: =G75*J75 -> 3258.475 | N75: =I75*J75 -> 3258.475
A76: 6.1.13 | B76: 11955 | C76: Portão em alumínio, cor N/B/P, em perfís búzio quadrado ou lambril, completo inclusive rodízios, perfís e fechadura | D76: ORSE | E76: m2 | G76: =[1]MEM!L439 -> 14.775 | I76: =G76 -> 14.775 | J76: ='[1]ITENS NOVOS'!I24 -> 401.54 | L76: =G76*J76 -> 5932.7535 | N76: =I76*J76 -> 5932.7535
A77: 6.1.14 | B77: 1924 | C77: Revestimento com chapa em fórmica brilhante, esp. = 1,3 mm, colada c/ formicola ou similar | D77: ORSE | E77: m2 | G77: =[1]MEM!L445 -> 112.77 | I77: =G77 -> 112.77 | J77: ='[1]ITENS NOVOS'!I28 -> 105.72 | L77: =G77*J77 -> 11922.044 | N77: =I77*J77 -> 11922.044
A78: 6.1.15 | B78: 1770 | C78: Batente em madeira de lei l = 0,14 m (caixão), incluindo 02 jogos de alizar | D78: ORSE | E78: m | G78: =[1]MEM!L455 -> 23.8 | I78: =G78 -> 23.8 | J78: ='[1]ITENS NOVOS'!I29 -> 80.11 | L78: =G78*J78 -> 1906.618 | N78: =I78*J78 -> 1906.618
A79: 6.1.16 | B79: 102152 | C79: INSTALAÇÃO DE VIDRO LISO, E = 4 MM, EM ESQUADRIA DE MADEIRA, FIXADO COM BAGUETE. AF_01/2021 | D79: SINAPI | E79: M2 | G79: =[1]MEM!L462 -> 4.98 | I79: =G79 -> 4.98 | J79: ='[1]ITENS NOVOS'!I30 -> 270.79 | L79: =G79*J79 -> 1348.5342 | N79: =I79*J79 -> 1348.5342
A80: 6.1.17 | B80: 4723 | C80: Porta em madeira compensada (canela), lisa, semi-ôca, 1.20 x 2.10 m, revestida c/fórmica, inclusive batentes e ferragens | D80: ORSE | E80: un | G80: 3 | I80: =G80 -> 3 | J80: ='[1]ITENS NOVOS'!I25 -> 1767.96 | L80: =G80*J80 -> 5303.88 | N80: =I80*J80 -> 5303.88
A81: 6.1.18 | B81: 7149 | C81: Porta em madeira compensada (canela), lisa, semi-ôca, 1.40 x 2.10 m, com duas folhas, inclusive batentes e ferragens | D81: ORSE | E81: un | G81: 4 | I81: =G81 -> 4 | J81: ='[1]ITENS NOVOS'!I26 -> 1561.31 | L81: =G81*J81 -> 6245.24 | N81: =I81*J81 -> 6245.24
A82: 6.1.19 | B82: 7148 | C82: Porta em madeira compensada (canela), lisa, semi-ôca, 2.00 x 2.10 m, com duas folhas, inclusive batentes e ferragens | D82: ORSE | E82: un | G82: 3 | I82: =G82 -> 3 | J82: ='[1]ITENS NOVOS'!I27 -> 1445.62 | L82: =G82*J82 -> 4336.86 | N82: =I82*J82 -> 4336.86
A84: =[1]ORÇAMENTO!A62 -> 6.2 | C84: =[1]ORÇAMENTO!B62 -> VIDRO
A85: =[1]ORÇAMENTO!A63 -> 6.2.1 | B85: =[1]ORÇAMENTO!C63 -> 13096 | C85: =[1]ORÇAMENTO!D63 -> Porta em vidro temperado 10mm, incolor,inclusive ferragens de fixação e instalação, exclusive puxador. | D85: =[1]ORÇAMENTO!B63 -> ORSE | E85: =[1]ORÇAMENTO!E63 -> m² | F85: =[1]ORÇAMENTO!F63 -> 23.1 | J85: =[1]ORÇAMENTO!G63*26.63%+[1]ORÇAMENTO!G63 -> 668.37847 | K85: =ROUND(F85*J85,2) -> 15439.54
A86: =[1]ORÇAMENTO!A64 -> 6.2.2 | B86: =[1]ORÇAMENTO!C64 -> 100702 | C86: =[1]ORÇAMENTO!D64 -> PORTA DE CORRER DE ALUMÍNIO, COM DUAS FOLHAS PARA VIDRO, INCLUSO VIDRO LISO INCOLOR, FECHADURA E PUXADOR, SEM ALIZAR. AF_12/2019 | D86: =[1]ORÇAMENTO!B64 -> SINAPI | E86: =[1]ORÇAMENTO!E64 -> m² | F86: =[1]ORÇAMENTO!F64 -> 25.08 | J86: =[1]ORÇAMENTO!G64*26.63%+[1]ORÇAMENTO!G64 -> 591.96992 | K86: =ROUND(F86*J86,2) -> 14846.61
A87: 6.2.3 | B87: 11347 | C87: Fornecimento e instalação de fachada em pele de vidro, em vidro laminado 3+3 refletivo | D87: ORSE | E87: m² | G87: 16.15 | I87: =G87 -> 16.15 | J87: ='[1]ITENS NOVOS'!I18 -> 1850.25 | L87: =G87*J87 -> 29881.537 | N87: =I87*J87 -> 29881.537
A89: =[1]ORÇAMENTO!A66 -> 6.3 | C89: =[1]ORÇAMENTO!B66 -> FERRAGENS
A90: =[1]ORÇAMENTO!A67 -> 6.3.1 | B90: =[1]ORÇAMENTO!C67 -> 9733 | C90: =[1]ORÇAMENTO!D67 -> Puxador duplo para porta, em alumínio polido, d = 1", I = 40mm, ref. 3008, Vesfer | D90: =[1]ORÇAMENTO!B67 -> ORSE | E90: =[1]ORÇAMENTO!E67 -> unid | F90: =[1]ORÇAMENTO!F67 -> 2 | J90: =[1]ORÇAMENTO!G67*26.63%+[1]ORÇAMENTO!G67 -> 254.33635 | K90: =ROUND(F90*J90,2) -> 508.67
A91: =[1]ORÇAMENTO!A68 -> 6.3.2 | B91: =[1]ORÇAMENTO!C68 -> 100705 | C91: =[1]ORÇAMENTO!D68 -> TARJETA TIPO LIVRE/OCUPADO PARA PORTA DE BANHEIRO. AF_12/2019 | D91: =[1]ORÇAMENTO!B68 -> SINAPI | E91: =[1]ORÇAMENTO!E68 -> unid | F91: =[1]ORÇAMENTO!F68 -> 6 | J91: =[1]ORÇAMENTO!G68*26.63%+[1]ORÇAMENTO!G68 -> 83.44917 | K91: =ROUND(F91*J91,2) -> 500.7
A93: =[1]ORÇAMENTO!A70 -> 7 | C93: =[1]ORÇAMENTO!B70 -> REVESTIMENTO
A94: =[1]ORÇAMENTO!A71 -> 7.1 | B94: =[1]ORÇAMENTO!C71 -> 87529 | C94: =[1]ORÇAMENTO!D71 -> MASSA ÚNICA, PARA RECEBIMENTO DE PINTURA, EM ARGAMASSA TRAÇO 1:2:8, PREPARO MECÂNICO COM BETONEIRA 400L, APLICADA MANUALMENTE EM FACES INTERNAS DE PAREDES, ESPESSURA DE 20MM, COM EXECUÇÃO DE TALISCAS. AF_06/2014 | D94: =[1]ORÇAMENTO!B71 -> SINAPI | E94: =[1]ORÇAMENTO!E71 -> m² | F94: =[1]ORÇAMENTO!F71 -> 418.9 | G94: =[1]MEM!L476 -> 610.59 | I94: =F94+G94 -> 1029.49 | J94: =[1]ORÇAMENTO!G71*26.63%+[1]ORÇAMENTO!G71 -> 31.619511 | K94: =ROUND(F94*J94,2) -> 13245.41 | L94: =G94*J94 -> 19306.557 | N94: =I94*J94 -> 32551.97
A95: =[1]ORÇAMENTO!A72 -> 7.2 | B95: =[1]ORÇAMENTO!C72 -> 87879 | C95: =[1]ORÇAMENTO!D72 -> CHAPISCO APLICADO EM ALVENARIAS E ESTRUTURAS DE CONCRETO INTERNAS, COM COLHER DE PEDREIRO. ARGAMASSA TRAÇO 1:3 COM PREPARO EM BETONEIRA 400L. AF_06/2014 | D95: =[1]ORÇAMENTO!B72 -> SINAPI | E95: =[1]ORÇAMENTO!E72 -> m² | F95: =[1]ORÇAMENTO!F72 -> 418.9 | G95: =[1]MEM!L538 -> 610.59 | I95: =F95+G95 -> 1029.49 | J95: =[1]ORÇAMENTO!G72*26.63%+[1]ORÇAMENTO!G72 -> 3.786237 | K95: =ROUND(F95*J95,2) -> 1586.05 | L95: =G95*J95 -> 2311.8384 | N95: =I95*J95 -> 3897.8931
A96: =[1]ORÇAMENTO!A73 -> 7.3 | B96: =[1]ORÇAMENTO!C73 -> 87273 | C96: =[1]ORÇAMENTO!D73 -> REVESTIMENTO CERÂMICO PARA PAREDES INTERNAS COM PLACAS TIPO ESMALTADA EXTRA DE DIMENSÕES 33X45 CM APLICADAS EM AMBIENTES DE ÁREA MAIOR QUE 5 M² NA ALTURA INTEIRA DAS PAREDES. AF_06/2014 | D96: =[1]ORÇAMENTO!B73 -> SINAPI | E96: =[1]ORÇAMENTO!E73 -> m² | F96: =[1]ORÇAMENTO!F73 -> 423.52 | J96: =[1]ORÇAMENTO!G73*26.63%+[1]ORÇAMENTO!G73 -> 77.712831 | K96: =ROUND(F96*J96,2) -> 32912.94
A97: =[1]ORÇAMENTO!A74 -> 7.4 | B97: =[1]ORÇAMENTO!C74 -> 12420 | C97: =[1]ORÇAMENTO!D74 -> 0 | D97: =[1]ORÇAMENTO!B74 -> ORSE | E97: =[1]ORÇAMENTO!E74 -> m² | F97: =[1]ORÇAMENTO!F74 -> 99.65 | J97: =[1]ORÇAMENTO!G74*26.63%+[1]ORÇAMENTO!G74 -> 507.91293 | K97: =ROUND(F97*J97,2) -> 50613.52
A99: =[1]ORÇAMENTO!A76 -> 8 | C99: =[1]ORÇAMENTO!B76 -> PAVIMENTAÇÃO
A100: =[1]ORÇAMENTO!A77 -> 8.1 | B100: =[1]ORÇAMENTO!C77 -> 87620 | C100: =[1]ORÇAMENTO!D77 -> CONTRAPISO EM ARGAMASSA TRAÇO 1:4 (CIMENTO E AREIA), PREPARO MECÂNICO COM BETONEIRA 400 L, APLICADO EM ÁREAS SECAS SOBRE LAJE, ADERIDO, ACABAMENTO NÃO REFORÇADO, ESPESSURA 2CM. AF_07/2021 | D100: =[1]ORÇAMENTO!B77 -> SINAPI | E100: =[1]ORÇAMENTO!E77 -> m² | F100: =[1]ORÇAMENTO!F77 -> 774.83 | J100: =[1]ORÇAMENTO!G77*26.63%+[1]ORÇAMENTO!G77 -> 28.23849 | K100: =ROUND(F100*J100,2) -> 21880.03
A101: =[1]ORÇAMENTO!A78 -> 8.2 | B101: =[1]ORÇAMENTO!C78 -> 87263 | C101: =[1]ORÇAMENTO!D78 -> REVESTIMENTO CERÂMICO PARA PISO COM PLACAS TIPO PORCELANATO DE DIMENSÕES 60X60 CM APLICADA EM AMBIENTES DE ÁREA MAIOR QUE 10 M². AF_06/2014 | D101: =[1]ORÇAMENTO!B78 -> SINAPI | E101: =[1]ORÇAMENTO!E78 -> m² | F101: =[1]ORÇAMENTO!F78 -> 774.83 | J101: =[1]ORÇAMENTO!G78*26.63%+[1]ORÇAMENTO!G78 -> 184.01872 | K101: =ROUND(F101*J101,2) -> 142583.22
A102: =[1]ORÇAMENTO!A79 -> 8.3 | B102: =[1]ORÇAMENTO!C79 -> 98504 | C102: =[1]ORÇAMENTO!D79 -> PLANTIO DE GRAMA EM PLACAS. AF_05/2018 | D102: =[1]ORÇAMENTO!B79 -> SINAPI | E102: =[1]ORÇAMENTO!E79 -> m² | F102: =[1]ORÇAMENTO!F79 -> 176.89 | J102: =[1]ORÇAMENTO!G79*26.63%+[1]ORÇAMENTO!G79 -> 16.550541 | K102: =ROUND(F102*J102,2) -> 2927.63
A103: =[1]ORÇAMENTO!A80 -> 8.4 | B103: =[1]ORÇAMENTO!C80 -> 101819 | C103: =[1]ORÇAMENTO!D80 -> RECOMPOSIÇÃO DE PAVIMENTO EM PARALELEPÍPEDOS, REJUNTAMENTO COM ARGAMASSA, COM REAPROVEITAMENTO DOS PARALELEPÍPEDOS, PARA O FECHAMENTO DE VALAS - INCLUSO RETIRADA E COLOCAÇÃO DO MATERIAL. AF_12/2020 | D103: =[1]ORÇAMENTO!B80 -> SINAPI | E103: =[1]ORÇAMENTO!E80 -> m² | F103: =[1]ORÇAMENTO!F80 -> 155.13 | J103: =[1]ORÇAMENTO!G80*26.63%+[1]ORÇAMENTO!G80 -> 57.312738 | K103: =ROUND(F103*J103,2) -> 8890.93
A104: 8.5 | B104: 95241 | C104: LASTRO DE CONCRETO MAGRO, APLICADO EM PISOS, LAJES SOBRE SOLO OU RADIERS, ESPESSURA DE 5 CM. AF_07/2016 | D104: SINAPI | E104: m² | G104: =[1]MEM!L603 -> 736.73 | I104: =G104 -> 736.73 | J104: ='[1]ITENS NOVOS'!I21 -> 27.81 | L104: =G104*J104 -> 20488.461 | N104: =I104*J104 -> 20488.461
A105: =[1]ORÇAMENTO!A82 -> 9 | C105: =[1]ORÇAMENTO!B82 -> INSTALAÇÕES HIDRO-SANITÁRIAS-PLUVIAL-INCÊNDIO
A106: =[1]ORÇAMENTO!A83 -> 9.1 | C106: =[1]ORÇAMENTO!B83 -> SISTEMA PREDIAL DE ESGOTO SANITÁRIO -NBR 9160
A107: =[1]ORÇAMENTO!A84 -> 9.1.1 | B107: =[1]ORÇAMENTO!C84 -> 89707 | C107: =[1]ORÇAMENTO!D84 -> CAIXA SIFONADA, PVC, DN 100 X 100 X 50 MM, JUNTA ELÁSTICA, FORNECIDA E INSTALADA EM RAMAL DE DESCARGA OU EM RAMAL DE ESGOTO SANITÁRIO. AF_12/2014 | D107: =[1]ORÇAMENTO!B84 -> SINAPI | E107: =[1]ORÇAMENTO!E84 -> unid | F107: =[1]ORÇAMENTO!F84 -> 28 | J107: =[1]ORÇAMENTO!G84*26.63%+[1]ORÇAMENTO!G84 -> 41.040783 | K107: =ROUND(F107*J107,2) -> 1149.14
A108: =[1]ORÇAMENTO!A85 -> 9.1.2 | B108: =[1]ORÇAMENTO!C85 -> 89744 | C108: =[1]ORÇAMENTO!D85 -> JOELHO 90 GRAUS, PVC, SERIE NORMAL, ESGOTO PREDIAL, DN 100 MM, JUNTA ELÁSTICA, FORNECIDO E INSTALADO EM RAMAL DE DESCARGA OU RAMAL DE ESGOTO SANITÁRIO. AF_12/2014 | D108: =[1]ORÇAMENTO!B85 -> SINAPI | E108: =[1]ORÇAMENTO!E85 -> unid | F108: =[1]ORÇAMENTO!F85 -> 13 | J108: =[1]ORÇAMENTO!G85*26.63%+[1]ORÇAMENTO!G85 -> 26.5923 | K108: =ROUND(F108*J108,2) -> 345.7
A109: =[1]ORÇAMENTO!A86 -> 9.1.3 | B109: =[1]ORÇAMENTO!C86 -> 89724 | C109: =[1]ORÇAMENTO!D86 -> JOELHO 90 GRAUS, PVC, SERIE NORMAL, ESGOTO PREDIAL, DN 40 MM, JUNTA SOLDÁVEL, FORNECIDO E INSTALADO EM RAMAL DE DESCARGA OU RAMAL DE ESGOTO SANITÁRIO. AF_12/2014 | D109: =[1]ORÇAMENTO!B86 -> SINAPI | E109: =[1]ORÇAMENTO!E86 -> unid | F109: =[1]ORÇAMENTO!F86 -> 63 | J109: =[1]ORÇAMENTO!G86*26.63%+[1]ORÇAMENTO!G86 -> 10.712898 | K109: =ROUND(F109*J109,2) -> 674.91
A110: =[1]ORÇAMENTO!A87 -> 9.1.4 | B110: =[1]ORÇAMENTO!C87 -> 89731 | C110: =[1]ORÇAMENTO!D87 -> JOELHO 90 GRAUS, PVC, SERIE NORMAL, ESGOTO PREDIAL, DN 50 MM, JUNTA ELÁSTICA, FORNECIDO E INSTALADO EM RAMAL DE DESCARGA OU RAMAL DE ESGOTO SANITÁRIO. AF_12/2014 | D110: =[1]ORÇAMENTO!B87 -> SINAPI | E110: =[1]ORÇAMENTO!E87 -> unid | F110: =[1]ORÇAMENTO!F87 -> 38 | J110: =[1]ORÇAMENTO!G87*26.63%+[1]ORÇAMENTO!G87 -> 11.295396 | K110: =ROUND(F110*J110,2) -> 429.23
...

Sheet BM_06
C1: BM 06 - Boletim de Medição
B4: ESTADO DA PARAÍBA
B5: PREFEITURA MUNICIPAL DE SOUSA - PB
A6: Objetivo | G6: Agente Promotor | K6: Data de Emissão | L6: Nº BM
A7: CENTRO DE ONCOLOGIA DE SOUSA | G7: PREFEITURA MUNICIPAL DE SOUSA - PB | K7: 44600 | L7: 06
A9: Localização | G9: Contratada | K9: Início da Obra | L9: Termino da Obra
A10: RUA LUIZ PEREIRA DA SILVA, S/N, CENTRO, SOUSA-PB | G10: COMPACTO CONSTRUÇÕES EIRELI - EPP | K10: 44854 | L10: 45219
A12: Modalidade | C12: Nº de Contrato e Data de assinatura | G12: Valor do Contrato / PMS | I12: Valor da medição - R$ | K12: Período de medição
A13: CONCORRÊNCIA 06/2022 | C13: Nº 0701/2022 - 20/10/2022 | G13: =I230 -> 1140356.9 | I13: =J230 -> 143113.48
A16: Itens | B16: Discriminação dos serviços do orçamento | C16: Unid. | D16: Custo Unitário | F16: Quantidade | I16: Financeiro | L16: Desvio (%)
E17: Custo Unitário | F17: Prevista | G17: Medida no período | H17: Acumulada incluindo o período | I17: Prevista | J17: Medida no período | K17: Acumulada incluindo o período
A18: =ORÇAMENTO!A11 -> 1 | B18: SERVIÇOS PRELIMINARES
A19: =ORÇAMENTO!A12 -> 1.1 | B19: =ORÇAMENTO!D12 -> Placa de Obra em chapa de aço galvanizado, instalada - Rev 02 01/2022 | C19: =ORÇAMENTO!E12 -> m² | E19: =ORÇAMENTO!G12*26.63%+ORÇAMENTO!G12 -> 423.12148 | F19: =ORÇAMENTO!F12 -> 4.5 | H19: 4.46 | I19: =ROUND(E19*F19,2) -> 1904.05 | J19: =ROUND(E19*G19,2) -> 0 | K19: =ROUND(E19*H19,2) -> 1887.12 | L19: =K19/I19 -> 0.99110843
A20: =ORÇAMENTO!A13 -> 1.2 | B20: DEMOLIÇÃO DE ALVENARIA DE BLOCOFURADO, DE FORMA MANUAL, SEM REAPROVEITAMENTO | C20: =ORÇAMENTO!E13 -> m³ | E20: =ORÇAMENTO!G13*26.63%+ORÇAMENTO!G13 -> 46.47321 | F20: =ORÇAMENTO!F13 -> 63.41 | H20: 31.41 | I20: =ROUND(E20*F20,2) -> 2946.87 | J20: =ROUND(E20*G20,2) -> 0 | K20: =ROUND(E20*H20,2) -> 1459.72 | L20: =K20/I20 -> 0.49534591
A21: =ORÇAMENTO!A14 -> 1.3 | B21: =ORÇAMENTO!D14 -> Demolição de piso de alta resistência | C21: =ORÇAMENTO!E14 -> m² | E21: =ORÇAMENTO!G14*26.63%+ORÇAMENTO!G14 -> 20.817972 | F21: =ORÇAMENTO!F14 -> 774.83 | G21: 72.12 | H21: =644.61+G21 -> 716.73 | I21: =ROUND(E21*F21,2) -> 16130.39 | J21: =ROUND(E21*G21,2) -> 1501.39 | K21: =ROUND(E21*H21,2) -> 14920.87 | L21: =K21/I21 -> 0.92501607
A22: =ORÇAMENTO!A15 -> 1.4 | B22: =ORÇAMENTO!D15 -> REMOÇÃO DE TRAMA DE MADEIRA PARA COBERTURA, DE FORMA MANUAL, SEM REAPROVEITAMENTO. AF 12/2017 | C22: =ORÇAMENTO!E15 -> m² | E22: =ORÇAMENTO!G15*26.63%+ORÇAMENTO!G15 -> 6.014925 | F22: =ORÇAMENTO!F15 -> 309.93 | H22: 175.86 | I22: =ROUND(E22*F22,2) -> 1864.21 | J22: =ROUND(E22*G22,2) -> 0 | K22: =ROUND(E22*H22,2) -> 1057.78 | L22: =K22/I22 -> 0.56741462
A23: =ORÇAMENTO!A16 -> 1.5 | B23: =ORÇAMENTO!D16 -> CARGA, MANOBRA E DESCARGA DE ENTULHO EM CAMINHÃO BASCULANTE 6 M³ - CARGA COM ESCAVADEIRA HIDRÁULICA (CAÇAMBA DE 0,80 M³/111 HP) E DESCARGA LIVRE (UNIDADE: M³). AF 07/2020 | C23: =ORÇAMENTO!E16 -> m³ | E23: =ORÇAMENTO!G16*26.63%+ORÇAMENTO!G16 -> 9.11736 | F23: =ORÇAMENTO!F16 -> 102.15 | H23: 102.15 | I23: =ROUND(E23*F23,2) -> 931.34 | J23: =ROUND(E23*G23,2) -> 0 | K23: =ROUND(E23*H23,2) -> 931.34 | L23: =K23/I23 -> 1
A24: 1.6 | B24: Remoção de caixão de madeira (aduela) | C24: un | E24: =REPROGRAMAÇÃO!J17 -> 8.09 | F24: =REPROGRAMAÇÃO!G17 -> 36 | G24: =MEM!L43 -> 36 | H24: =G24 -> 36 | I24: =ROUND(E24*F24,2) -> 291.24 | J24: =ROUND(E24*G24,2) -> 291.24 | K24: =ROUND(E24*H24,2) -> 291.24 | L24: =K24/I24 -> 1
A25: 1.7 | B25: REMOÇÃO DE JANELAS, DE FORMA MANUAL, SEM REAPROVEITAMENTO. AF_12/2017 | C25: M2 | E25: =REPROGRAMAÇÃO!J18 -> 29.92 | F25: =REPROGRAMAÇÃO!G18 -> 14 | G25: =MEM!L72 -> 14 | H25: =G25 -> 14 | I25: =ROUND(E25*F25,2) -> 418.88 | J25: =ROUND(E25*G25,2) -> 418.88 | K25: =ROUND(E25*H25,2) -> 418.88 | L25: =K25/I25 -> 1
A26: 1.8 | B26: REMOÇÃO DE FORRO DE GESSO, DE FORMA MANUAL, SEM REAPROVEITAMENTO. AF_12/2017 | C26: M2 | E26: =REPROGRAMAÇÃO!J19 -> 4.06 | F26: =REPROGRAMAÇÃO!G19 -> 396.84 | G26: =MEM!L94 -> 396.84 | H26: =G26 -> 396.84 | I26: =ROUND(E26*F26,2) -> 1611.17 | J26: =ROUND(E26*G26,2) -> 1611.17 | K26: =ROUND(E26*H26,2) -> 1611.17 | L26: =K26/I26 -> 1
A27: 1.9 | B27: DEMOLIÇÃO DE LAJES, DE FORMA MANUAL, SEM REAPROVEITAMENTO. AF_12/2017 | C27: M3 | E27: =REPROGRAMAÇÃO!J20 -> 229.97 | F27: =REPROGRAMAÇÃO!G20 -> 35.364 | G27: =MEM!L106 -> 28.95 | H27: =G27 -> 28.95 | I27: =ROUND(E27*F27,2) -> 8132.66 | J27: =ROUND(E27*G27,2) -> 6657.63 | K27: =ROUND(E27*H27,2) -> 6657.63 | L27: =K27/I27 -> 0.81862884
A28: 1.10 | B28: REMOÇÃO DE TELHAS, DE FIBROCIMENTO, METÁLICA E CERÂMICA, DE FORMA MANUAL, SEM REAPROVEITAMENTO. AF_12/2017 | C28: M2 | E28: 2.79 | F28: =REPROGRAMAÇÃO!G21 -> 636.84 | G28: =MEM!L116 -> 636.84 | H28: =G28 -> 636.84 | I28: =ROUND(E28*F28,2) -> 1776.78 | J28: =ROUND(E28*G28,2) -> 1776.78 | K28: =ROUND(E28*H28,2) -> 1776.78 | L28: =K28/I28 -> 1
A29: =ORÇAMENTO!A18 -> 2 | B29: INFRA ESTRUTURA E SUPERESTRUTURA
A30: =ORÇAMENTO!A19 -> 2.1 | B30: =ORÇAMENTO!D19 -> ESCAVAÇÃO MANUAL PARA BLOCO DE COROAMENTO OU SAPATA (INCLUINDO ESCAVAÇÃO PARA COLOCAÇÃO DE FÔRMAS). AF_06/2017 | C30: =ORÇAMENTO!E19 -> m³ | E30: =ORÇAMENTO!G19*26.63%+ORÇAMENTO!G19 -> 80.865918 | F30: =ORÇAMENTO!F19 -> 28.86 | H30: 16.41 | I30: =ROUND(E30*F30,2) -> 2333.79 | J30: =ROUND(E30*G30,2) -> 0 | K30: =ROUND(E30*H30,2) -> 1327.01 | L30: =K30/I30 -> 0.56860729
A31: =ORÇAMENTO!A20 -> 2.2 | B31: =ORÇAMENTO!D20 -> LAJE PRÉ-MOLDADA UNIDIRECIONAL, BIAPOIADA, PARA FORRO, ENCHIMENTO EM CERÂMICA, VIGOTA CONVENCIONAL, ALTURA TOTAL DA LAJE (ENCHIMENTO+CAPA) = (8+3). AF_11/2020 | C31: =ORÇAMENTO!E20 -> m² | E31: =ORÇAMENTO!G20*26.63%+ORÇAMENTO!G20 -> 179.38406 | F31: =ORÇAMENTO!F20 -> 57.88 | I31: =ROUND(E31*F31,2) -> 10382.75 | J31: =ROUND(E31*G31,2) -> 0 | K31: =ROUND(E31*H31,2) -> 0 | L31: =K31/I31 -> 0
A32: =ORÇAMENTO!A21 -> 2.3 | B32: =ORÇAMENTO!D21 -> LASTRO DE CONCRETO MAGRO, APLICADO EM BLOCOS DE COROAMENTO OU SAPATAS, ESPESSURA DE 5 CM. AF_08/2017 | C32: =ORÇAMENTO!E21 -> m² | E32: =ORÇAMENTO!G21*26.63%+ORÇAMENTO!G21 -> 28.808325 | F32: =ORÇAMENTO!F21 -> 19.24 | H32: 19.24 | I32: =ROUND(E32*F32,2) -> 554.27 | J32: =ROUND(E32*G32,2) -> 0 | K32: =ROUND(E32*H32,2) -> 554.27 | L32: =K32/I32 -> 1
A33: =ORÇAMENTO!A22 -> 2.4 | B33: =ORÇAMENTO!D22 -> CONCRETO FCK = 25MPA, TRAÇO 1:2,3:2,7 (EM MASSA SECA DE CIMENTO/ AREIA MÉDIA/ BRITA 1) - PREPARO MECÂNICO COM BETONEIRA 600 L. AF_05/2021 | C33: =ORÇAMENTO!E22 -> m³ | E33: =ORÇAMENTO!G22*26.63%+ORÇAMENTO!G22 -> 447.37113 | F33: =ORÇAMENTO!F22 -> 5.8 | H33: 4.8 | I33: =ROUND(E33*F33,2) -> 2594.75 | J33: =ROUND(E33*G33,2) -> 0 | K33: =ROUND(E33*H33,2) -> 2147.38 | L33: =K33/I33 -> 0.82758647
A34: =ORÇAMENTO!A23 -> 2.5 | B34: =ORÇAMENTO!D23 -> CONCRETO FCK = 30MPA, TRAÇO 1:2,1:2,5 (EM MASSA SECA DE CIMENTO/ AREIA MÉDIA/ BRITA 1) - PREPARO MECÂNICO COM BETONEIRA 600 L. AF_05/2021 | C34: =ORÇAMENTO!E23 -> m³ | E34: =ORÇAMENTO!G23*26.63%+ORÇAMENTO!G23 -> 461.9589 | F34: =REPROGRAMAÇÃO!I29 -> 42.3958 | G34: =13.92-1.93 -> 11.99 | H34: =23.91+G34 -> 35.9 | I34: =ROUND(E34*F34,2) -> 19585.12 | J34: =ROUND(E34*G34,2) -> 5538.89 | K34: =ROUND(E34*H34,2) -> 16584.32 | L34: =K34/I34 -> 0.84678164
A35: =ORÇAMENTO!A24 -> 2.6 | B35: =ORÇAMENTO!D24 -> LANÇAMENTO COM USO DE BALDES, ADENSAMENTO E ACABAMENTO DE CONCRETO EM ESTRUTURAS. AF_12/2015 | C35: =ORÇAMENTO!E24 -> m³ | E35: =ORÇAMENTO!G24*26.63%+ORÇAMENTO!G24 -> 242.28118 | F35: =REPROGRAMAÇÃO!F30 -> 35.9 | G35: 6.49 | H35: =29.41+G35 -> 35.9 | I35: =ROUND(E35*F35,2) -> 8697.89 | J35: =ROUND(E35*G35,2) -> 1572.4 | K35: =ROUND(E35*H35,2) -> 8697.89 | L35: =K35/I35 -> 1
A36: =ORÇAMENTO!A25 -> 2.7 | B36: =ORÇAMENTO!D25 -> Forma plana para fundações, em tábua de pinho, 07 usos. | C36: =ORÇAMENTO!E25 -> m² | E36: =ORÇAMENTO!G25*26.63%+ORÇAMENTO!G25 -> 82.765368 | F36: =REPROGRAMAÇÃO!F31 -> 19.3 | H36: 19.3 | I36: =ROUND(E36*F36,2) -> 1597.37 | J36: =ROUND(E36*G36,2) -> 0 | K36: =ROUND(E36*H36,2) -> 1597.37 | L36: =K36/I36 -> 1
A37: =ORÇAMENTO!A26 -> 2.8 | B37: =ORÇAMENTO!D26 -> Forma plana para estruturas, em compensado plastificado de 12mm, 07 usos. | C37: =ORÇAMENTO!E26 -> m² | E37: =ORÇAMENTO!G26*26.63%+ORÇAMENTO!G26 -> 69.874434 | F37: =REPROGRAMAÇÃO!F32 -> 421.3 | G37: 105.61 | H37: =315.69+G37 -> 421.3 | I37: =ROUND(E37*F37,2) -> 29438.1 | J37: =ROUND(E37*G37,2) -> 7379.44 | K37: =ROUND(E37*H37,2) -> 29438.1 | L37: =K37/I37 -> 1
A38: =ORÇAMENTO!A27 -> 2.9 | B38: =ORÇAMENTO!D27 -> ARMAÇÃO DE PILAR OU VIGA DE UMA ESTRUTURA CONVENCIONAL DE CONCRETO ARMADO EM UM EDIFÍCIO DE MÚLTIPLOS PAVIMENTOS UTILIZANDO AÇO CA-50 DE 12,5 MM - MONTAGEM. AF_12/2015 | C38: =ORÇAMENTO!E27 -> kg | E38: =ORÇAMENTO!G27*26.63%+ORÇAMENTO!G27 -> 13.068216 | F38: =REPROGRAMAÇÃO!I33 -> 579.35 | G38: =MEM!L183 -> 95.088 | H38: =480.3+G38 -> 575.388 | I38: =ROUND(E38*F38,2) -> 7571.07 | J38: =ROUND(E38*G38,2) -> 1242.63 | K38: =ROUND(E38*H38,2) -> 7519.29 | L38: =K38/I38 -> 0.99316081
A39: =ORÇAMENTO!A28 -> 2.10 | B39: =ORÇAMENTO!D28 -> ARMAÇÃO DE PILAR OU VIGA DE UMA ESTRUTURA CONVENCIONAL DE CONCRETO ARMADO EM UM EDIFÍCIO DE MÚLTIPLOS PAVIMENTOS UTILIZANDO AÇO CA-50 DE 10,0 MM - MONTAGEM. AF_12/2015 | C39: =ORÇAMENTO!E28 -> kg | E39: =ORÇAMENTO!G28*26.63%+ORÇAMENTO!G28 -> 15.309567 | F39: =REPROGRAMAÇÃO!I34 -> 2054.7723 | G39: =MEM!L193 -> 446.57226 | H39: =1462.17+G39 -> 1908.7423 | I39: =ROUND(E39*F39,2) -> 31457.67 | J39: =ROUND(E39*G39,2) -> 6836.83 | K39: =ROUND(E39*H39,2) -> 29222.02 | L39: =K39/I39 -> 0.92893148
A40: =ORÇAMENTO!A29 -> 2.11 | B40: =ORÇAMENTO!D29 -> ARMAÇÃO DE PILAR OU VIGA DE UMA ESTRUTURA CONVENCIONAL DE CONCRETO ARMADO EM UM EDIFÍCIO DE MÚLTIPLOS PAVIMENTOS UTILIZANDO AÇO CA-50 DE 16,0 MM - MONTAGEM. AF_12/2015 | C40: =ORÇAMENTO!E29 -> kg | E40: =ORÇAMENTO!G29*26.63%+ORÇAMENTO!G29 -> 12.625011 | F40: =ORÇAMENTO!F29 -> 63.1 | H40: =G40 -> 0 | I40: =ROUND(E40*F40,2) -> 796.64 | J40: =ROUND(E40*G40,2) -> 0 | K40: =ROUND(E40*H40,2) -> 0 | L40: =K40/I40 -> 0
A41: =ORÇAMENTO!A30 -> 2.12 | B41: =ORÇAMENTO!D30 -> ARMAÇÃO DE PILAR OU VIGA DE UMA ESTRUTURA CONVENCIONAL DE CONCRETO ARMADO EM UM EDIFÍCIO DE MÚLTIPLOS PAVIMENTOS UTILIZANDO AÇO CA-60 DE 5,0 MM - MONTAGEM. AF_12/2015 | C41: =ORÇAMENTO!E30 -> kg | E41: =ORÇAMENTO!G30*26.63%+ORÇAMENTO!G30 -> 17.715537 | F41: =ORÇAMENTO!F30 -> 651.9 | G41: =MEM!L207 -> 159.77 | H41: =441.29+G41 -> 601.06 | I41: =ROUND(E41*F41,2) -> 11548.76 | J41: =ROUND(E41*G41,2) -> 2830.41 | K41: =ROUND(E41*H41,2) -> 10648.1 | L41: =K41/I41 -> 0.92201241
A42: =ORÇAMENTO!A31 -> 2.13 | B42: =ORÇAMENTO!D31 -> REATERRO MANUAL APILOADO COM SOQUETE. AF_10/2017 | C42: =ORÇAMENTO!E31 -> m³ | E42: =ORÇAMENTO!G31*26.63%+ORÇAMENTO!G31 -> 42.775614 | F42: =ORÇAMENTO!F31 -> 24.3 | H42: 21.68 | I42: =ROUND(E42*F42,2) -> 1039.45 | J42: =ROUND(E42*G42,2) -> 0 | K42: =ROUND(E42*H42,2) -> 927.38 | L42: =K42/I42 -> 0.89218337
A43: =ORÇAMENTO!A32 -> 2.14 | B43: =ORÇAMENTO!D32 -> VERGA PRÉ-MOLDADA PARA PORTAS COM ATÉ 1,5 M DE VÃO. AF_03/2016 | C43: =ORÇAMENTO!E32 -> m | E43: =ORÇAMENTO!G32*26.63%+ORÇAMENTO!G32 -> 37.786392 | F43: =ORÇAMENTO!F32 -> 58.14 | H43: 9 | I43: =ROUND(E43*F43,2) -> 2196.9 | J43: =ROUND(E43*G43,2) -> 0 | K43: =ROUND(E43*H43,2) -> 340.08 | L43: =K43/I43 -> 0.15479995
A44: =ORÇAMENTO!A33 -> 2.15 | B44: =ORÇAMENTO!D33 -> VERGA PRÉ-MOLDADA PARA JANELAS COM ATÉ 1,5 M DE VÃO. AF_03/2016 | C44: =ORÇAMENTO!E33 -> m | E44: =ORÇAMENTO!G33*26.63%+ORÇAMENTO!G33 -> 52.184223 | F44: =ORÇAMENTO!F33 -> 16.9 | H44: 3.85 | I44: =ROUND(E44*F44,2) -> 881.91 | J44: =ROUND(E44*G44,2) -> 0 | K44: =ROUND(E44*H44,2) -> 200.91 | L44: =K44/I44 -> 0.22781236
A45: =ORÇAMENTO!A34 -> 2.16 | B45: =ORÇAMENTO!D34 -> CONTRAVERGA PRÉ-MOLDADA PARA VÃOS DE ATÉ 1,5 M DE COMPRIMENTO. AF_03/2016 | C45: =ORÇAMENTO!E34 -> m | E45: =ORÇAMENTO!G34*26.63%+ORÇAMENTO!G34 -> 50.322762 | F45: =ORÇAMENTO!F34 -> 16.9 | H45: 3.85 | I45: =ROUND(E45*F45,2) -> 850.45 | J45: =ROUND(E45*G45,2) -> 0 | K45: =ROUND(E45*H45,2) -> 193.74 | L45: =K45/I45 -> 0.22780881
A47: =ORÇAMENTO!A36 -> 3 | B47: ALVENARIA E VEDAÇÕES
A48: =ORÇAMENTO!A37 -> 3.1 | B48: =[2]ORÇAMENTO!$AD$36 -> ALVENARIA DE VEDAÇÃO DE BLOCOS CERÂMICOS FURADOS NA HORIZONTAL DE 9X19X19 CM (ESPESSURA 9 CM) E ARGAMASSA DE ASSENTAMENTO COM PREPARO EM BETONEIRA. | C48: =ORÇAMENTO!E37 -> m² | E48: =ORÇAMENTO!G37*26.63%+ORÇAMENTO!G37 -> 78.459948 | F48: =REPROGRAMAÇÃO!I44 -> 448.75 | G48: 115.89 | H48: =209.45+G48 -> 325.34 | I48: =ROUND(E48*F48,2) -> 35208.9 | J48: =ROUND(E48*G48,2) -> 9092.72 | K48: =ROUND(E48*H48,2) -> 25526.16 | L48: =K48/I48 -> 0.72499169
A49: =ORÇAMENTO!A38 -> 3.2 | B49: =ORÇAMENTO!D38 -> Divisória em granito cinza andorinha polido, e=2cm, inclusive com montagem em ferragem - Rev 02. | C49: =ORÇAMENTO!E38 -> m² | E49: =ORÇAMENTO!G38*26.63%+ORÇAMENTO!G38 -> 712.59766 | F49: =ORÇAMENTO!F38 -> 53.89 | I49: =ROUND(E49*F49,2) -> 38401.89 | J49: =ROUND(E49*G49,2) -> 0 | K49: =ROUND(E49*H49,2) -> 0 | L49: =K49/I49 -> 0
A50: 3.3 | B50: =REPROGRAMAÇÃO!C46 -> ALVENARIA DE TIJOLO CERÂMICO FURADO (9x19x19)cm C/ARGAMASSA MISTA DE CAL HIDRATADA ESP=20 cm | C50: m² | E50: =REPROGRAMAÇÃO!J46 -> 128.24 | F50: =REPROGRAMAÇÃO!G46 -> 85.483 | G50: =MEM!L262 -> 85.483 | H50: =G50 -> 85.483 | I50: =ROUND(E50*F50,2) -> 10962.34 | J50: =ROUND(E50*G50,2) -> 10962.34 | K50: =ROUND(E50*H50,2) -> 10962.34 | L50: =K50/I50 -> 1
A52: =ORÇAMENTO!A40 -> 4 | B52: IMPERMEABILIZAÇÕES
A53: =ORÇAMENTO!A41 -> 4.1 | B53: =ORÇAMENTO!D41 -> IMPERMEABILIZAÇÃO DE SUPERFÍCIE COM EMULSÃO ASFÁLTICA, 2 DEMÃOS AF_06/2018 | C53: =ORÇAMENTO!E41 -> m² | E53: =ORÇAMENTO!G41*26.63%+ORÇAMENTO!G41 -> 48.777876 | F53: =ORÇAMENTO!F41 -> 25.12 | I53: =ROUND(E53*F53,2) -> 1225.3 | J53: =ROUND(E53*G53,2) -> 0 | K53: =ROUND(E53*H53,2) -> 0 | L53: =K53/I53 -> 0
A54: =ORÇAMENTO!A42 -> 4.2 | B54: =ORÇAMENTO!D42 -> IMPERMEABILIZAÇÃO DE SUPERFÍCIE COM MANTA ASFÁLTICA, UMA CAMADA, INCLUSIVE APLICAÇÃO DE PRIMER ASFÁLTICO, E=3MM. AF_06/2018 | C54: =ORÇAMENTO!E42 -> m² | E54: =ORÇAMENTO!G42*26.63%+ORÇAMENTO!G42 -> 121.10893 | F54: =ORÇAMENTO!F42 -> 57.88 | I54: =ROUND(E54*F54,2) -> 7009.78 | J54: =ROUND(E54*G54,2) -> 0 | K54: =ROUND(E54*H54,2) -> 0 | L54: =K54/I54 -> 0
A56: =ORÇAMENTO!A44 -> 5 | B56: COBERTURAS E PROTEÇÕES
A57: =ORÇAMENTO!A45 -> 5.1 | B57: =ORÇAMENTO!D45 -> TRAMA DE MADEIRA COMPOSTA POR RIPAS, CAIBROS E TERÇAS PARA TELHADOS DE ATÉ 2 ÁGUAS PARA TELHA DE ENCAIXE DE CERÂMICA OU DE CONCRETO, INCLUSO TRANSPORTE VERTICAL. AF_07/2019 | C57: =ORÇAMENTO!E45 -> m² | E57: =ORÇAMENTO!G45*26.63%+ORÇAMENTO!G45 -> 76.573161 | F57: =309.93+106 -> 415.93 | G57: =G58 -> 159.29 | H57: =107.5+G57 -> 266.79 | I57: =ROUND(E57*F57,2) -> 31849.07 | J57: =ROUND(E57*G57,2) -> 12197.34 | K57: =ROUND(E57*H57,2) -> 20428.95 | L57: =K57/I57 -> 0.64143003
A58: =ORÇAMENTO!A46 -> 5.2 | B58: =ORÇAMENTO!D46 -> TELHAMENTO COM TELHA CERÂMICA CAPA-CANAL, TIPO COLONIAL, COM ATÉ 2 ÁGUAS, INCLUSO TRANSPORTE VERTICAL. AF_07/2019 | C58: =ORÇAMENTO!E46 -> m² | E58: =ORÇAMENTO!G46*26.63%+ORÇAMENTO!G46 -> 37.495143 | F58: =ORÇAMENTO!F46 -> 309.93 | G58: =MEM!L326 -> 159.29 | H58: =G58 -> 159.29 | I58: =ROUND(E58*F58,2) -> 11620.87 | J58: =ROUND(E58*G58,2) -> 5972.6 | K58: =ROUND(E58*H58,2) -> 5972.6 | L58: =K58/I58 -> 0.51395464
A59: =ORÇAMENTO!A47 -> 5.3 | B59: =ORÇAMENTO!D47 -> FORRO EM PLACAS DE GESSO, PARA AMBIENTES COMERCIAIS. AF_05/2017_P | C59: =ORÇAMENTO!E47 -> m² | E59: =ORÇAMENTO!G47*26.63%+ORÇAMENTO!G47 -> 38.153619 | F59: =ORÇAMENTO!F47 -> 774.83 | H59: =G59 -> 0 | I59: =ROUND(E59*F59,2) -> 29562.57 | J59: =ROUND(E59*G59,2) -> 0 | K59: =ROUND(E59*H59,2) -> 0 | L59: =K59/I59 -> 0
A60: 5.4 | B60: Retelhamento em cobertura com telha ceramica tipo canal comum, Itabaiana ou similar. | C60: m² | E60: =REPROGRAMAÇÃO!J56 -> 11.57 | F60: =REPROGRAMAÇÃO!G56 -> 250 | G60: =MEM!L330 -> 250 | H60: =G60 -> 250 | I60: =ROUND(E60*F60,2) -> 2892.5 | J60: =ROUND(E60*G60,2) -> 2892.5 | K60: =ROUND(E60*H60,2) -> 2892.5 | L60: =K60/I60 -> 1
A61: 5.5 | B61: TRAMA DE MADEIRA COMPOSTA POR TERÇAS PARA TELHADOS DE ATÉ 2 ÁGUAS PARA TELHA ONDULADA DE FIBROCIMENTO, METÁLICA, PLÁSTICA OU TERMOACÚSTICA, INCLUSO TRANSPORTE VERTICAL. AF_07/2019 | C61: M2 | E61: =REPROGRAMAÇÃO!J57 -> 23.29 | F61: =REPROGRAMAÇÃO!G57 -> 211.57 | H61: =G61 -> 0 | I61: =ROUND(E61*F61,2) -> 4927.47 | J61: =ROUND(E61*G61,2) -> 0 | K61: =ROUND(E61*H61,2) -> 0 | L61: =K61/I61 -> 0
A62: 5.6 | B62: TELHAMENTO COM TELHA ONDULADA DE FIBROCIMENTO E = 6 MM, COM RECOBRIMENTO LATERAL DE 1/4 DE ONDA PARA TELHADO COM INCLINAÇÃO MAIOR QUE 10°, COM ATÉ 2 ÁGUAS, INCLUSO IÇAMENTO. AF_07/2019 | C62: M2 | E62: =REPROGRAMAÇÃO!J58 -> 72.74 | F62: =REPROGRAMAÇÃO!G58 -> 211.57 | H62: =G62 -> 0 | I62: =ROUND(E62*F62,2) -> 15389.6 | J62: =ROUND(E62*G62,2) -> 0 | K62: =ROUND(E62*H62,2) -> 0 | L62: =K62/I62 -> 0
A63: 5.7 | B63: Calha em chapa de aço galvanizado nº 26, desenvolvimento 86 cm (fundo=32 cm, laterais=15 cm, bordas=12cm) | C63: m | E63: =REPROGRAMAÇÃO!J59 -> 173.19 | F63: =REPROGRAMAÇÃO!G59 -> 118.97 | H63: =G63 -> 0 | I63: =ROUND(E63*F63,2) -> 20604.41 | J63: =ROUND(E63*G63,2) -> 0 | K63: =ROUND(E63*H63,2) -> 0 | L63: =K63/I63 -> 0
A64: 5.8 | B64: CUMEEIRA E ESPIGÃO PARA TELHA CERÂMICA EMBOÇADA COM ARGAMASSA TRAÇO 1:2:9 (CIMENTO, CAL E AREIA), PARA TELHADOS COM MAIS DE 2 ÁGUAS, INCLUSO TRANSPORTE VERTICAL. AF_07/2019 | C64: M | E64: =REPROGRAMAÇÃO!J60 -> 25.88 | F64: =REPROGRAMAÇÃO!G60 -> 25.08 | G64: =MEM!L336 -> 14.61 | H64: =G64 -> 14.61 | I64: =ROUND(E64*F64,2) -> 649.07 | J64: =ROUND(E64*G64,2) -> 378.11 | K64: =ROUND(E64*H64,2) -> 378.11 | L64: =K64/I64 -> 0.58254117
A66: =ORÇAMENTO!A49 -> 6 | B66: ESQUADRIAS
A67: =ORÇAMENTO!A50 -> 6.1 | B67: METÁLICA, ALUMÍNIO C/ VIDRO E MADEIRA
A68: =ORÇAMENTO!A51 -> 6.1.1 | B68: =ORÇAMENTO!D51 -> JANELA DE ALUMÍNIO DE CORRER COM 2 FOLHAS PARA VIDROS, COM VIDROS, BATENTE, ACABAMENTO COM ACETATO OU BRILHANTE E FERRAGENS. EXCLUSIVE ALIZAR E CONTRAMARCO. FORNECIMENTO E INSTALAÇÃO. AF_12/2019 | C68: =ORÇAMENTO!E51 -> m² | E68: =ORÇAMENTO!G51*26.63%+ORÇAMENTO!G51 -> 771.53126 | F68: =ORÇAMENTO!F51 -> 16.56 | I68: =ROUND(E68*F68,2) -> 12776.56 | J68: =ROUND(E68*G68,2) -> 0 | K68: =ROUND(E68*H68,2) -> 0 | L68: =K68/I68 -> 0
A69: =ORÇAMENTO!A52 -> 6.1.2 | B69: =ORÇAMENTO!D52 -> JANELA DE ALUMÍNIO TIPO MAXIM-AR, COM VIDROS, BATENTE E FERRAGENS. EXCLUSIVE ALIZAR, ACABAMENTO E CONTRAMARCO. FORNECIMENTO E INSTALAÇÃO. AF_12/2019 | C69: =ORÇAMENTO!E52 -> m² | E69: =ORÇAMENTO!G52*26.63%+ORÇAMENTO!G52 -> 1448.9384 | F69: =ORÇAMENTO!F52 -> 2.5 | I69: =ROUND(E69*F69,2) -> 3622.35 | J69: =ROUND(E69*G69,2) -> 0 | K69: =ROUND(E69*H69,2) -> 0 | L69: =K69/I69 -> 0
A70: =ORÇAMENTO!A53 -> 6.1.3 | B70: =ORÇAMENTO!D53 -> PORTA EM ALUMÍNIO DE ABRIR TIPO VENEZIANA COM GUARNIÇÃO, FIXAÇÃO COM PARAFUSOS - FORNECIMENTO E INSTALAÇÃO. AF_12/2019 | C70: =ORÇAMENTO!E53 -> m² | E70: =ORÇAMENTO!G53*26.63%+ORÇAMENTO!G53 -> 969.51727 | F70: =ORÇAMENTO!F53 -> 7.92 | I70: =ROUND(E70*F70,2) -> 7678.58 | J70: =ROUND(E70*G70,2) -> 0 | K70: =ROUND(E70*H70,2) -> 0 | L70: =K70/I70 -> 0
A71: =ORÇAMENTO!A54 -> 6.1.4 | B71: =ORÇAMENTO!D54 -> PORTA DE FERRO, DE ABRIR, TIPO GRADE COM CHAPA, COM GUARNIÇÕES. AF_12/2019 | C71: =ORÇAMENTO!E54 -> m² | E71: =ORÇAMENTO!G54*26.63%+ORÇAMENTO!G54 -> 724.12099 | F71: =ORÇAMENTO!F54 -> 5.31 | I71: =ROUND(E71*F71,2) -> 3845.08 | J71: =ROUND(E71*G71,2) -> 0 | K71: =ROUND(E71*H71,2) -> 0 | L71: =K71/I71 -> 0
A72: =ORÇAMENTO!A55 -> 6.1.5 | B72: =ORÇAMENTO!D55 -> Portão em ferro, em tubo de aço galvanizado 2" e tela ondulada, malha 3/8". | C72: =ORÇAMENTO!E55 -> m² | E72: =ORÇAMENTO!G55*26.63%+ORÇAMENTO!G55 -> 940.87356 | F72: =ORÇAMENTO!F55 -> 6.62 | I72: =ROUND(E72*F72,2) -> 6228.58 | J72: =ROUND(E72*G72,2) -> 0 | K72: =ROUND(E72*H72,2) -> 0 | L72: =K72/I72 -> 0
A73: =ORÇAMENTO!A56 -> 6.1.6 | B73: =ORÇAMENTO!D56 -> KIT DE PORTA DE MADEIRA PARA PINTURA, SEMI-OCA (LEVE OU MÉDIA), PADRÃO MÉDIO, 60X210CM, ESPESSURA DE 3,5CM, ITENS INCLUSOS: DOBRADIÇAS, MONTAGEM E INSTALAÇÃO DO BATENTE, FECHADURA COM EXECUÇÃO DO FURO - FORNECIMENTO E INSTALAÇÃO. AF_12/2019 | C73: =ORÇAMENTO!E56 -> unid | E73: =ORÇAMENTO!G56*26.63%+ORÇAMENTO!G56 -> 1013.9517 | F73: =ORÇAMENTO!F56 -> 8 | I73: =ROUND(E73*F73,2) -> 8111.61 | J73: =ROUND(E73*G73,2) -> 0 | K73: =ROUND(E73*H73,2) -> 0 | L73: =K73/I73 -> 0
A74: =ORÇAMENTO!A57 -> 6.1.7 | B74: =ORÇAMENTO!D57 -> KIT DE PORTA DE MADEIRA PARA PINTURA, SEMI-OCA (LEVE OU MÉDIA), PADRÃO MÉDIO, 70X210CM, ESPESSURA DE 3,5CM, ITENS INCLUSOS: DOBRADIÇAS, MONTAGEM E INSTALAÇÃO DO BATENTE, FECHADURA COM EXECUÇÃO DO FURO - FORNECIMENTO E INSTALAÇÃO. AF_12/2019 | C74: =ORÇAMENTO!E57 -> unid | E74: =ORÇAMENTO!G57*26.63%+ORÇAMENTO!G57 -> 1022.17 | F74: =ORÇAMENTO!F57 -> 3 | I74: =ROUND(E74*F74,2) -> 3066.51 | J74: =ROUND(E74*G74,2) -> 0 | K74: =ROUND(E74*H74,2) -> 0 | L74: =K74/I74 -> 0
A75: =ORÇAMENTO!A58 -> 6.1.8 | B75: =ORÇAMENTO!D58 -> KIT DE PORTA DE MADEIRA PARA PINTURA, SEMI-OCA (LEVE OU MÉDIA), PADRÃO MÉDIO, 80X210CM, ESPESSURA DE 3,5CM, ITENS INCLUSOS: DOBRADIÇAS, MONTAGEM E INSTALAÇÃO DO BATENTE, FECHADURA COM EXECUÇÃO DO FURO - FORNECIMENTO E INSTALAÇÃO. AF_12/2019 | C75: =ORÇAMENTO!E58 -> unid | E75: =ORÇAMENTO!G58*26.63%+ORÇAMENTO!G58 -> 1068.0734 | F75: =ORÇAMENTO!F58 -> 2 | I75: =ROUND(E75*F75,2) -> 2136.15 | J75: =ROUND(E75*G75,2) -> 0 | K75: =ROUND(E75*H75,2) -> 0 | L75: =K75/I75 -> 0
A76: =ORÇAMENTO!A59 -> 6.1.9 | B76: =ORÇAMENTO!D59 -> KIT DE PORTA DE MADEIRA PARA PINTURA, SEMI-OCA (LEVE OU MÉDIA), PADRÃO MÉDIO, 90X210CM, ESPESSURA DE 3,5CM, ITENS INCLUSOS: DOBRADIÇAS, MONTAGEM E INSTALAÇÃO DO BATENTE, FECHADURA COM EXECUÇÃO DO FURO - FORNECIMENTO E INSTALAÇÃO. AF_12/2019 | C76: =ORÇAMENTO!E59 -> unid | E76: =ORÇAMENTO!G59*26.63%+ORÇAMENTO!G59 -> 1149.2686 | F76: =ORÇAMENTO!F59 -> 22 | I76: =ROUND(E76*F76,2) -> 25283.91 | J76: =ROUND(E76*G76,2) -> 0 | K76: =ROUND(E76*H76,2) -> 0 | L76: =K76/I76 -> 0
A77: =ORÇAMENTO!A60 -> 6.1.10 | B77: =ORÇAMENTO!D60 -> Porta em madeira compensada (canela), lisa e semi-oca, 1,00 x 2,10 m, inclusive batentes e ferragens. | C77: =ORÇAMENTO!E60 -> unid | E77: =ORÇAMENTO!G60*26.63%+ORÇAMENTO!G60 -> 1016.1044 | F77: =ORÇAMENTO!F60 -> 11 | I77: =ROUND(E77*F77,2) -> 11177.15 | J77: =ROUND(E77*G77,2) -> 0 | K77: =ROUND(E77*H77,2) -> 0 | L77: =K77/I77 -> 0
A79: =ORÇAMENTO!A62 -> 6.2 | B79: VIDRO
A80: =ORÇAMENTO!A63 -> 6.2.1 | B80: =ORÇAMENTO!D63 -> Porta em vidro temperado 10mm, incolor,inclusive ferragens de fixação e instalação, exclusive puxador. | C80: =ORÇAMENTO!E63 -> m² | E80: =ORÇAMENTO!G63*26.63%+ORÇAMENTO!G63 -> 668.37847 | F80: =ORÇAMENTO!F63 -> 23.1 | I80: =ROUND(E80*F80,2) -> 15439.54 | J80: =ROUND(E80*G80,2) -> 0 | K80: =ROUND(E80*H80,2) -> 0 | L80: =K80/I80 -> 0
A81: =ORÇAMENTO!A64 -> 6.2.2 | B81: =ORÇAMENTO!D64 -> PORTA DE CORRER DE ALUMÍNIO, COM DUAS FOLHAS PARA VIDRO, INCLUSO VIDRO LISO INCOLOR, FECHADURA E PUXADOR, SEM ALIZAR. AF_12/2019 | C81: =ORÇAMENTO!E64 -> m² | E81: =ORÇAMENTO!G64*26.63%+ORÇAMENTO!G64 -> 591.96992 | F81: =ORÇAMENTO!F64 -> 25.08 | I81: =ROUND(E81*F81,2) -> 14846.61 | J81: =ROUND(E81*G81,2) -> 0 | K81: =ROUND(E81*H81,2) -> 0 | L81: =K81/I81 -> 0
A83: =ORÇAMENTO!A66 -> 6.3 | B83: FERRAGENS
A84: =ORÇAMENTO!A67 -> 6.3.1 | B84: =ORÇAMENTO!D67 -> Puxador duplo para porta, em alumínio polido, d = 1", I = 40mm, ref. 3008, Vesfer | C84: =ORÇAMENTO!E67 -> unid | E84: =ORÇAMENTO!G67*26.63%+ORÇAMENTO!G67 -> 254.33635 | F84: =ORÇAMENTO!F67 -> 2 | I84: =ROUND(E84*F84,2) -> 508.67 | J84: =ROUND(E84*G84,2) -> 0 | K84: =ROUND(E84*H84,2) -> 0 | L84: =K84/I84 -> 0
A85: =ORÇAMENTO!A68 -> 6.3.2 | B85: =ORÇAMENTO!D68 -> TARJETA TIPO LIVRE/OCUPADO PARA PORTA DE BANHEIRO. AF_12/2019 | C85: =ORÇAMENTO!E68 -> unid | E85: =ORÇAMENTO!G68*26.63%+ORÇAMENTO!G68 -> 83.44917 | F85: =ORÇAMENTO!F68 -> 6 | I85: =ROUND(E85*F85,2) -> 500.7 | J85: =ROUND(E85*G85,2) -> 0 | K85: =ROUND(E85*H85,2) -> 0 | L85: =K85/I85 -> 0
A87: =ORÇAMENTO!A70 -> 7 | B87: REVESTIMENTO
A88: =ORÇAMENTO!A71 -> 7.1 | B88: =ORÇAMENTO!D71 -> MASSA ÚNICA, PARA RECEBIMENTO DE PINTURA, EM ARGAMASSA TRAÇO 1:2:8, PREPARO MECÂNICO COM BETONEIRA 400L, APLICADA MANUALMENTE EM FACES INTERNAS DE PAREDES, ESPESSURA DE 20MM, COM EXECUÇÃO DE TALISCAS. AF_06/2014 | C88: =ORÇAMENTO!E71 -> m² | E88: =ORÇAMENTO!G71*26.63%+ORÇAMENTO!G71 -> 31.619511 | F88: =418.9+610.59 -> 1029.49 | G88: =MEM!L343 -> 467.824 | H88: =418.91+G88 -> 886.734 | I88: =ROUND(E88*F88,2) -> 32551.97 | J88: =ROUND(E88*G88,2) -> 14792.37 | K88: =ROUND(E88*H88,2) -> 28038.1 | L88: =K88/I88 -> 0.86133343
A89: =ORÇAMENTO!A72 -> 7.2 | B89: =ORÇAMENTO!D72 -> CHAPISCO APLICADO EM ALVENARIAS E ESTRUTURAS DE CONCRETO INTERNAS, COM COLHER DE PEDREIRO. ARGAMASSA TRAÇO 1:3 COM PREPARO EM BETONEIRA 400L. AF_06/2014 | C89: =ORÇAMENTO!E72 -> m² | E89: =ORÇAMENTO!G72*26.63%+ORÇAMENTO!G72 -> 3.786237 | F89: =418.9+610.59 -> 1029.49 | G89: =MEM!L450 -> 467.824 | H89: =418.91+G89 -> 886.734 | I89: =ROUND(E89*F89,2) -> 3897.89 | J89: =ROUND(E89*G89,2) -> 1771.29 | K89: =ROUND(E89*H89,2) -> 3357.39 | L89: =K89/I89 -> 0.86133524
A90: =ORÇAMENTO!A73 -> 7.3 | C90: =ORÇAMENTO!E73 -> m² | E90: =ORÇAMENTO!G73*26.63%+ORÇAMENTO!G73 -> 77.712831 | F90: =ORÇAMENTO!F73 -> 423.52 | I90: =ROUND(E90*F90,2) -> 32912.94 | J90: =ROUND(E90*G90,2) -> 0 | K90: =ROUND(E90*H90,2) -> 0 | L90: =K90/I90 -> 0
A91: =ORÇAMENTO!A74 -> 7.4 | C91: =ORÇAMENTO!E74 -> m² | E91: =ORÇAMENTO!G74*26.63%+ORÇAMENTO!G74 -> 507.91293 | F91: =ORÇAMENTO!F74 -> 99.65 | I91: =ROUND(E91*F91,2) -> 50613.52 | J91: =ROUND(E91*G91,2) -> 0 | K91: =ROUND(E91*H91,2) -> 0 | L91: =K91/I91 -> 0
A93: =ORÇAMENTO!A76 -> 8 | B93: PAVIMENTAÇÃO
A94: =ORÇAMENTO!A77 -> 8.1 | B94: =ORÇAMENTO!D77 -> CONTRAPISO EM ARGAMASSA TRAÇO 1:4 (CIMENTO E AREIA), PREPARO MECÂNICO COM BETONEIRA 400 L, APLICADO EM ÁREAS SECAS SOBRE LAJE, ADERIDO, ACABAMENTO NÃO REFORÇADO, ESPESSURA 2CM. AF_07/2021 | C94: =ORÇAMENTO!E77 -> m² | E94: =ORÇAMENTO!G77*26.63%+ORÇAMENTO!G77 -> 28.23849 | F94: =ORÇAMENTO!F77 -> 774.83 | G94: =MEM!L562 -> 505.55 | H94: =231.18+G94-33.73 -> 703 | I94: =ROUND(E94*F94,2) -> 21880.03 | J94: =ROUND(E94*G94,2) -> 14275.97 | K94: =ROUND(E94*H94,2) -> 19851.66 | L94: =K94/I94 -> 0.90729583 | M94: =H94-703 -> 0
A95: =ORÇAMENTO!A78 -> 8.2 | B95: =ORÇAMENTO!D78 -> REVESTIMENTO CERÂMICO PARA PISO COM PLACAS TIPO PORCELANATO DE DIMENSÕES 60X60 CM APLICADA EM AMBIENTES DE ÁREA MAIOR QUE 10 M². AF_06/2014 | C95: =ORÇAMENTO!E78 -> m² | E95: =ORÇAMENTO!G78*26.63%+ORÇAMENTO!G78 -> 184.01872 | F95: =ORÇAMENTO!F78 -> 774.83 | I95: =ROUND(E95*F95,2) -> 142583.22 | J95: =ROUND(E95*G95,2) -> 0 | K95: =ROUND(E95*H95,2) -> 0 | L95: =K95/I95 -> 0
A96: =ORÇAMENTO!A79 -> 8.3 | B96: =ORÇAMENTO!D79 -> PLANTIO DE GRAMA EM PLACAS. AF_05/2018 | C96: =ORÇAMENTO!E79 -> m² | E96: =ORÇAMENTO!G79*26.63%+ORÇAMENTO!G79 -> 16.550541 | F96: =ORÇAMENTO!F79 -> 176.89 | I96: =ROUND(E96*F96,2) -> 2927.63 | J96: =ROUND(E96*G96,2) -> 0 | K96: =ROUND(E96*H96,2) -> 0 | L96: =K96/I96 -> 0
A97: =ORÇAMENTO!A80 -> 8.4 | B97: =ORÇAMENTO!D80 -> RECOMPOSIÇÃO DE PAVIMENTO EM PARALELEPÍPEDOS, REJUNTAMENTO COM ARGAMASSA, COM REAPROVEITAMENTO DOS PARALELEPÍPEDOS, PARA O FECHAMENTO DE VALAS - INCLUSO RETIRADA E COLOCAÇÃO DO MATERIAL. AF_12/2020 | C97: =ORÇAMENTO!E80 -> m² | E97: =ORÇAMENTO!G80*26.63%+ORÇAMENTO!G80 -> 57.312738 | F97: =ORÇAMENTO!F80 -> 155.13 | I97: =ROUND(E97*F97,2) -> 8890.93 | J97: =ROUND(E97*G97,2) -> 0 | K97: =ROUND(E97*H97,2) -> 0 | L97: =K97/I97 -> 0
A98: 8.5 | B98: =REPROGRAMAÇÃO!C104 -> LASTRO DE CONCRETO MAGRO, APLICADO EM PISOS, LAJES SOBRE SOLO OU RADIERS, ESPESSURA DE 5 CM. AF_07/2016 | C98: m² | E98: =REPROGRAMAÇÃO!J104 -> 27.81 | F98: =REPROGRAMAÇÃO!G104 -> 736.73 | G98: =MEM!L593 -> 736.73 | H98: =G98 -> 736.73 | I98: =ROUND(E98*F98,2) -> 20488.46 | J98: =ROUND(E98*G98,2) -> 20488.46 | K98: =ROUND(E98*H98,2) -> 20488.46 | L98: =K98/I98 -> 1
A100: =ORÇAMENTO!A82 -> 9 | B100: INSTALAÇÕES HIDRO-SANITÁRIAS-PLUVIAL-INCÊNDIO
A101: =ORÇAMENTO!A83 -> 9.1 | B101: SISTEMA PREDIAL DE ESGOTO SANITÁRIO -NBR 9160
A102: =ORÇAMENTO!A84 -> 9.1.1 | B102: =ORÇAMENTO!D84 -> CAIXA SIFONADA, PVC, DN 100 X 100 X 50 MM, JUNTA ELÁSTICA, FORNECIDA E INSTALADA EM RAMAL DE DESCARGA OU EM RAMAL DE ESGOTO SANITÁRIO. AF_12/2014 | C102: =ORÇAMENTO!E84 -> unid | E102: =ORÇAMENTO!G84*26.63%+ORÇAMENTO!G84 -> 41.040783 | F102: =ORÇAMENTO!F84 -> 28 | H102: 20 | I102: =ROUND(E102*F102,2) -> 1149.14 | J102: =ROUND(E102*G102,2) -> 0 | K102: =ROUND(E102*H102,2) -> 820.82 | L102: =K102/I102 -> 0.71429069
A103: =ORÇAMENTO!A85 -> 9.1.2 | B103: =ORÇAMENTO!D85 -> JOELHO 90 GRAUS, PVC, SERIE NORMAL, ESGOTO PREDIAL, DN 100 MM, JUNTA ELÁSTICA, FORNECIDO E INSTALADO EM RAMAL DE DESCARGA OU RAMAL DE ESGOTO SANITÁRIO. AF_12/2014 | C103: =ORÇAMENTO!E85 -> unid | E103: =ORÇAMENTO!G85*26.63%+ORÇAMENTO!G85 -> 26.5923 | F103: =ORÇAMENTO!F85 -> 13 | H103: 10 | I103: =ROUND(E103*F103,2) -> 345.7 | J103: =ROUND(E103*G103,2) -> 0 | K103: =ROUND(E103*H103,2) -> 265.92 | L103: =K103/I103 -> 0.76922187
A104: =ORÇAMENTO!A86 -> 9.1.3 | B104: =ORÇAMENTO!D86 -> JOELHO 90 GRAUS, PVC, SERIE NORMAL, ESGOTO PREDIAL, DN 40 MM, JUNTA SOLDÁVEL, FORNECIDO E INSTALADO EM RAMAL DE DESCARGA OU RAMAL DE ESGOTO SANITÁRIO. AF_12/2014 | C104: =ORÇAMENTO!E86 -> unid | E104: =ORÇAMENTO!G86*26.63%+ORÇAMENTO!G86 -> 10.712898 | F104: =ORÇAMENTO!F86 -> 63 | H104: 50 | I104: =ROUND(E104*F104,2) -> 674.91 | J104: =ROUND(E104*G104,2) -> 0 | K104: =ROUND(E104*H104,2) -> 535.64 | L104: =K104/I104 -> 0.79364656
A105: =ORÇAMENTO!A87 -> 9.1.4 | B105: =ORÇAMENTO!D87 -> JOELHO 90 GRAUS, PVC, SERIE NORMAL, ESGOTO PREDIAL, DN 50 MM, JUNTA ELÁSTICA, FORNECIDO E INSTALADO EM RAMAL DE DESCARGA OU RAMAL DE ESGOTO SANITÁRIO. AF_12/2014 | C105: =ORÇAMENTO!E87 -> unid | E105: =ORÇAMENTO!G87*26.63%+ORÇAMENTO!G87 -> 11.295396 | F105: =ORÇAMENTO!F87 -> 38 | H105: 30 | I105: =ROUND(E105*F105,2) -> 429.23 | J105: =ROUND(E105*G105,2) -> 0 | K105: =ROUND(E105*H105,2) -> 338.86 | L105: =K105/I105 -> 0.7894602
A106: =ORÇAMENTO!A88 -> 9.1.5 | B106: =ORÇAMENTO!D88 -> JOELHO 45 GRAUS, PVC, SERIE NORMAL, ESGOTO PREDIAL, DN 40 MM, JUNTA SOLDÁVEL, FORNECIDO E INSTALADO EM RAMAL DE DESCARGA OU RAMAL DE ESGOTO SANITÁRIO. AF_12/2014 | C106: =ORÇAMENTO!E88 -> unid | E106: =ORÇAMENTO!G88*26.63%+ORÇAMENTO!G88 -> 6.96465 | F106: =ORÇAMENTO!F88 -> 30 | H106: 20 | I106: =ROUND(E106*F106,2) -> 208.94 | J106: =ROUND(E106*G106,2) -> 0 | K106: =ROUND(E106*H106,2) -> 139.29 | L106: =K106/I106 -> 0.66665071
A107: =ORÇAMENTO!A89 -> 9.1.6 | B107: =ORÇAMENTO!D89 -> JOELHO 45 GRAUS, PVC, SERIE NORMAL, ESGOTO PREDIAL, DN 50 MM, JUNTA ELÁSTICA, FORNECIDO E INSTALADO EM RAMAL DE DESCARGA OU RAMAL DE ESGOTO SANITÁRIO. AF_12/2014 | C107: =ORÇAMENTO!E89 -> unid | E107: =ORÇAMENTO!G89*26.63%+ORÇAMENTO!G89 -> 12.181806 | F107: =ORÇAMENTO!F89 -> 25 | H107: 20 | I107: =ROUND(E107*F107,2) -> 304.55 | J107: =ROUND(E107*G107,2) -> 0 | K107: =ROUND(E107*H107,2) -> 243.64 | L107: =K107/I107 -> 0.8
A108: =ORÇAMENTO!A90 -> 9.1.7 | B108: =ORÇAMENTO!D90 -> JOELHO 45 GRAUS, PVC, SERIE NORMAL, ESGOTO PREDIAL, DN 100 MM, JUNTA ELÁSTICA, FORNECIDO E INSTALADO EM RAMAL DE DESCARGA OU RAMAL DE ESGOTO SANITÁRIO. AF_12/2014 | C108: =ORÇAMENTO!E90 -> unid | E108: =ORÇAMENTO!G90*26.63%+ORÇAMENTO!G90 -> 26.503659 | F108: =ORÇAMENTO!F90 -> 11 | H108: 6 | I108: =ROUND(E108*F108,2) -> 291.54 | J108: =ROUND(E108*G108,2) -> 0 | K108: =ROUND(E108*H108,2) -> 159.02 | L108: =K108/I108 -> 0.54544831
A109: =ORÇAMENTO!A91 -> 9.1.8 | B109: =ORÇAMENTO!D91 -> JUNÇÃO SIMPLES, PVC, SERIE NORMAL, ESGOTO PREDIAL, DN 100 X 100 MM, JUNTA ELÁSTICA, FORNECIDO E INSTALADO EM RAMAL DE DESCARGA OU RAMAL DE ESGOTO SANITÁRIO. AF_12/2014 | C109: =ORÇAMENTO!E91 -> unid | E109: =ORÇAMENTO!G91*26.63%+ORÇAMENTO!G91 -> 53.81775 | F109: =ORÇAMENTO!F91 -> 2 | H109: 2 | I109: =ROUND(E109*F109,2) -> 107.64 | J109: =ROUND(E109*G109,2) -> 0 | K109: =ROUND(E109*H109,2) -> 107.64 | L109: =K109/I109 -> 1
A110: =ORÇAMENTO!A92 -> 9.1.9 | B110: =ORÇAMENTO!D92 -> Junção simples em pvc rígido soldável, para esgoto primário, diâm = 75 x 50 mm. | C110: =ORÇAMENTO!E92 -> unid | E110: =ORÇAMENTO!G92*26.63%+ORÇAMENTO!G92 -> 41.749911 | F110: =ORÇAMENTO!F92 -> 3 | H110: 3 | I110: =ROUND(E110*F110,2) -> 125.25 | J110: =ROUND(E110*G110,2) -> 0 | K110: =ROUND(E110*H110,2) -> 125.25 | L110: =K110/I110 -> 1
A111: =ORÇAMENTO!A93 -> 9.1.10 | B111: =ORÇAMENTO!D93 -> Junção simples em pvc rígido soldável, para esgoto primário, diâm = 100 x 50 mm. | C111: =ORÇAMENTO!E93 -> unid | E111: =ORÇAMENTO!G93*26.63%+ORÇAMENTO!G93 -> 52.310853 | F111: =ORÇAMENTO!F93 -> 17 | H111: 10 | I111: =ROUND(E111*F111,2) -> 889.28 | J111: =ROUND(E111*G111,2) -> 0 | K111: =ROUND(E111*H111,2) -> 523.11 | L111: =K111/I111 -> 0.58823992
A112: =ORÇAMENTO!A94 -> 9.1.11 | B112: =ORÇAMENTO!D94 -> TE, PVC, SERIE NORMAL, ESGOTO PREDIAL, DN 50 X 50 MM, JUNTA ELÁSTICA, FORNECIDO E INSTALADO EM RAMAL DE DESCARGA OU RAMAL DE ESGOTO SANITÁRIO. AF_12/2014 | C112: =ORÇAMENTO!E94 -> unid | E112: =ORÇAMENTO!G94*26.63%+ORÇAMENTO!G94 -> 22.096935 | F112: =ORÇAMENTO!F94 -> 28 | H112: 20 | I112: =ROUND(E112*F112,2) -> 618.71 | J112: =ROUND(E112*G112,2) -> 0 | K112: =ROUND(E112*H112,2) -> 441.94 | L112: =K112/I112 -> 0.71429264
A113: =ORÇAMENTO!A95 -> 9.1.12 | B113: =ORÇAMENTO!D95 -> TE, PVC, SERIE NORMAL, ESGOTO PREDIAL, DN 100 X 100 MM, JUNTA ELÁSTICA, FORNECIDO E INSTALADO EM RAMAL DE DESCARGA OU RAMAL DE ESGOTO SANITÁRIO. AF_12/2014 | C113: =ORÇAMENTO!E95 -> unid | E113: =ORÇAMENTO!G95*26.63%+ORÇAMENTO!G95 -> 45.662778 | F113: =ORÇAMENTO!F95 -> 5 | H113: 5 | I113: =ROUND(E113*F113,2) -> 228.31 | J113: =ROUND(E113*G113,2) -> 0 | K113: =ROUND(E113*H113,2) -> 228.31 | L113: =K113/I113 -> 1
... A118: =ORÇAMENTO!A100 -> 9.1.17 | B118: =ORÇAMENTO!D100 -> CAIXA ENTERRADA HIDRÁULICA RETANGULAR EM ALVENARIA COM TIJOLOS CERÂMICOS MACIÇOS, DIMENSÕES INTERNAS: 0,6X0,6X0,6 M PARA REDE DE ESGOTO. AF_12/2020 | C118: =ORÇAMENTO!E100 -> unid | E118: =ORÇAMENTO!G100*26.63%+ORÇAMENTO!G100 -> 579.61084 | F118: =ORÇAMENTO!F100 -> 18 | H118: 13 | I118: =ROUND(E118*F118,2) -> 10433 | J118: =ROUND(E118*G118,2) -> 0 | K118: =ROUND(E118*H118,2) -> 7534.94 | L118: =K118/I118 -> 0.7222218
A119: =ORÇAMENTO!A101 -> 9.1.18 | B119: =ORÇAMENTO!D101 -> TUBO PVC, SERIE NORMAL, ESGOTO PREDIAL, DN 150 MM, FORNECIDO E INSTALADO EM SUBCOLETOR AÉREO DE ESGOTO SANITÁRIO. AF_12/2014 | C119: =ORÇAMENTO!E101 -> m | E119: =ORÇAMENTO!G101*26.63%+ORÇAMENTO!G101 -> 74.027898 | F119: =ORÇAMENTO!F101 -> 12 | I119: =ROUND(E119*F119,2) -> 888.33 | J119: =ROUND(E119*G119,2) -> 0 | K119: =ROUND(E119*H119,2) -> 0 | L119: =K119/I119 -> 0
...

Sheet MEM
C1: MEMÓRIA DE CÁLCULO - QUANTIDADES
C2: Obra: | H2: Proprietário:
C3: CENTRO DE ONCOLOGIA DE SOUSA | H3: Prefeitura Municipal de Sousa
C4: Local: | H4: Responsável Técnico:
C5: RUA LUIZ PEREIRA DA SILVA, S/N, CENTRO, SOUSA-PB
A7: Item | B7: Descrição | D7: Vez | E7: Dados | K7: Resultado | M7: Un.
E8: X1 | F8: X2 | G8: Y1 | H8: Y2 | I8: Z1 | J8: Z2 | K8: Parcial | L8: Total
A10: 1.0 | B10: =[1]REPROGRAMAÇÃO!C9 -> SERVIÇOS PRELIMINARES
A12: 1.3 | B12: =BM_06!B21 -> Demolição de piso de alta resistência | M12: M2
F13: BANHEIRO | H13: BANHEIRO | K13: TOTAL= | L13: =SUM(L16:L40) -> 736.73
K14: ACUMULADO | L14: 664.61
K15: BM06= | L15: =L13-L14 -> 72.12
B16: PEQUENOS PROCEDIMENTO | D16: 1 | E16: 5.2 | G16: 5.6 | K16: =(E16*G16)+(F16*H16) -> 29.12 | L16: =K16*D16 -> 29.12
B17: SALA DE COLETA | D17: 1 | E17: 5.2 | G17: 5.6 | K17: =(E17*G17)+(F17*H17) -> 29.12 | L17: =K17*D17 -> 29.12
B18: SALA DE OBSERVAÇÃO | D18: 1 | E18: 5.2 | G18: 5.6 | K18: =(E18*G18)+(F18*H18) -> 29.12 | L18: =K18*D18 -> 29.12
B19: SALA DE OBSERVAÇÃO | D19: 1 | E19: 5.2 | G19: 5.6 | K19: =(E19*G19)+(F19*H19) -> 29.12 | L19: =K19*D19 -> 29.12
B20: CIRCULAÇÃO ESQUEDA | D20: 1 | E20: 2 | G20: 20 | K20: =(E20*G20)+(F20*H20) -> 40 | L20: =K20*D20 -> 40
B21: CIRCULAÇÃO ATRAS | D21: 1 | E21: 2 | G21: 34.7 | K21: =(E21*G21)+(F21*H21) -> 69.4 | L21: =K21*D21 -> 69.4
K22: =(E22*G22)+(F22*H22) -> 0 | L22: =K22*D22 -> 0
B23: SALA DE TELEMEDICINA | D23: 1 | E23: 4.3 | G23: 3 | K23: =(E23*G23)+(F23*H23) -> 12.9 | L23: =K23*D23 -> 12.9
B24: SALA DE QUIMIOTERAPIA | D24: 1 | E24: 8.7 | G24: 6 | K24: =(E24*G24)+(F24*H24) -> 52.2 | L24: =K24*D24 -> 52.2
B25: SALA FISIOTERAPIA | D25: 1 | E25: 7.5 | G25: 4 | K25: =(E25*G25)+(F25*H25) -> 30 | L25: =K25*D25 -> 30
B26: CIRCULAÇÃO CENTRAL | D26: 1 | E26: 14.6 | G26: 2.7 | K26: =(E26*G26)+(F26*H26) -> 39.42 | L26: =K26*D26 -> 39.42
B27: CONSULTÓRIO MÉDICO 01 | D27: 1 | E27: 6.3 | F27: 3.9 | G27: 3.9 | H27: 1.4 | K27: =(E27*G27)+(F27*H27) -> 30.03 | L27: =K27*D27 -> 30.03
B28: CONSULTÓRIO MÉDICO 02 | D28: 1 | E28: 6.3 | G28: 3.9 | K28: =(E28*G28)+(F28*H28) -> 24.57 | L28: =K28*D28 -> 24.57
B29: SALA FINANCEIRO | D29: 1 | E29: 3.2 | G29: 3.5 | K29: =(E29*G29)+(F29*H29) -> 11.2 | L29: =K29*D29 -> 11.2
B30: DEPÓSITO | D30: 1 | E30: 5 | G30: 4.2 | K30: =(E30*G30)+(F30*H30) -> 21 | L30: =K30*D30 -> 21
B31: SALA DIRETORIA | D31: 1 | E31: 3.5 | F31: 1.5 | G31: 3 | H31: 1.6 | K31: =(E31*G31)+(F31*H31) -> 12.9 | L31: =K31*D31 -> 12.9
B32: LAVANDERIA | D32: 1 | E32: 4.2 | G32: 3.1 | K32: =(E32*G32)+(F32*H32) -> 13.02 | L32: =K32*D32 -> 13.02
B33: LAVAGEM,ROTULAÇÃO,BARREIRA | D33: 1 | E33: 7 | G33: 4.6 | K33: =(E33*G33)+(F33*H33) -> 32.2 | L33: =K33*D33 -> 32.2
B34: REFEITÓRIO | D34: 1 | E34: 3.7 | G34: 4.2 | K34: =(E34*G34)+(F34*H34) -> 15.54 | L34: =K34*D34 -> 15.54
B35: CIRCULAÇÃO LADO DIREITO | D35: 1 | E35: 34.7 | G35: 1.9 | K35: =(E35*G35)+(F35*H35) -> 65.93 | L35: =K35*D35 -> 65.93
B36: BANHEIRO LADO DIREITO | D36: 1 | E36: 3.5 | G36: 2.7 | K36: =(E36*G36)+(F36*H36) -> 9.45 | L36: =K36*D36 -> 9.45
B37: ASSISTENCIA SOCIAL | D37: 1 | E37: 3.4 | F37: 2.2 | G37: 3.1 | H37: 1 | K37: =(E37*G37)+(F37*H37) -> 12.74 | L37: =K37*D37 -> 12.74
B38: BANHEIRO RECEPÇÃO | D38: 1 | E38: 2.2 | G38: 1 | K38: =(E38*G38)+(F38*H38) -> 2.2 | L38: =K38*D38 -> 2.2
B39: BANHEIRO RECEPÇÃO | D39: 1 | E39: 5.9 | G39: 4.5 | K39: =(E39*G39)+(F39*H39) -> 26.55 | L39: =K39*D39 -> 26.55
B40: RECEPÇÃO | D40: 1 | E40: 15 | G40: 6.6 | K40: =(E40*G40)+(F40*H40) -> 99 | L40: =K40*D40 -> 99
A43: 1.6 | B43: ='[1]ITENS NOVOS'!D9 -> Remoção de caixão de madeira (aduela) | L43: =SUM(L45:L69) -> 36 | M43: UND
B45: PEQUENOS PROCEDIMENTOS | D45: 1 | E45: 2 | L45: =E45*D45 -> 2
B46: SALA DE COLETA | D46: 1 | E46: 1 | L46: =E46*D46 -> 1
B47: SALA DE OBSERVAÇÃO | D47: 1 | E47: 2 | L47: =E47*D47 -> 2
B48: SALA DE OBSERVAÇÃO | D48: 1 | E48: 2 | L48: =E48*D48 -> 2
B49: GUARDA MATERIAL | D49: 1 | E49: 1 | L49: =E49*D49 -> 1
B50: SALA DE UTILIDADE | D50: 1 | E50: 1 | L50: =E50*D50 -> 1
B51: SALA DE RADIOLOGIA | D51: 1 | E51: 2 | L51: =E51*D51 -> 2
B52: DML | D52: 1 | E52: 1 | L52: =E52*D52 -> 1
B53: SALA DE UTILIDADE | D53: 1 | E53: 1 | L53: =E53*D53 -> 1
B54: SALA DE FISIOTERAPIA | D54: 1 | E54: 2 | L54: =E54*D54 -> 2
B55: CONSULTÓRIO MÉDICO 02 | D55: 1 | E55: 2 | L55: =E55*D55 -> 2
B56: CONSULTÓRIO MÉDICO 01 | D56: 1 | E56: 2 | L56: =E56*D56 -> 2
... B69: ARQUIVO | D69: 1 | E69: 1 | L69: =E69*D69 -> 1
A72: 1.7 | B72: ='[1]ITENS NOVOS'!D10 -> REMOÇÃO DE JANELAS, DE FORMA MANUAL, SEM REAPROVEITAMENTO. AF_12/2017 | L72: =SUM(L74:L92) -> 14 | M72: M2
B74: PEQUENOS PROCEDIMENTOS | D74: 1 | E74: 1 | G74: 1 | K74: =E74*G74 -> 1 | L74: =K74*D74 -> 1
B75: WC | D75: 1 | E75: 0.5 | G75: 0.5 | K75: =E75*G75 -> 0.25 | L75: =K75*D75 -> 0.25
B76: SALA DE COLETA | D76: 1 | E76: 1 | G76: 1 | K76: =E76*G76 -> 1 | L76: =K76*D76 -> 1
B77: SALA DE OBSERVAÇÃO | D77: 1 | E77: 1 | G77: 1 | K77: =E77*G77 -> 1 | L77: =K77*D77 -> 1
B78: WC | D78: 1 | E78: 0.5 | G78: 0.5 | K78: =E78*G78 -> 0.25 | L78: =K78*D78 -> 0.25
B79: SALA DE OBSERVAÇÃO | D79: 1 | E79: 1 | G79: 1 | K79: =E79*G79 -> 1 | L79: =K79*D79 -> 1
B80: WC | D80: 1 | E80: 0.5 | G80: 0.5 | K80: =E80*G80 -> 0.25 | L80: =K80*D80 -> 0.25
B81: WC FEM E MASC | D81: 2 | E81: 0.5 | G81: 0.5 | K81: =E81*G81 -> 0.25 | L81: =K81*D81 -> 0.5
B82: CONSULTÓRIO MÉDICO 02 | D82: 1 | E82: 1 | G82: 1 | K82: =E82*G82 -> 1 | L82: =K82*D82 -> 1
B83: CONSULTÓRIO MÉDICO 01 | D83: 1 | E83: 1 | G83: 1 | K83: =E83*G83 -> 1 | L83: =K83*D83 -> 1
B84: SALA DE QUIOTERAPIA | D84: 1 | E84: 1 | G84: 1 | K84: =E84*G84 -> 1 | L84: =K84*D84 -> 1
B85: SALA DE TELEMEDICINA | D85: 1 | E85: 1 | G85: 1 | K85: =E85*G85 -> 1 | L85: =K85*D85 -> 1
... B92: ARQUIVO | D92: 1 | E92: 0.5 | G92: 0.5 | K92: =E92*G92 -> 0.25 | L92: =K92*D92 -> 0.25
A94: 1.8 | B94: ='[1]ITENS NOVOS'!D11 -> REMOÇÃO DE FORRO DE GESSO, DE FORMA MANUAL, SEM REAPROVEITAMENTO. AF_12/2017 | L94: =SUM(L96:L104) -> 396.84 | M94: M2
B96: RECEPÇÃO | D96: 1 | E96: 6.7 | G96: 19.2 | K96: =E96*G96 -> 128.64 | L96: =K96*D96 -> 128.64
B97: CIRC. RADIOLOGIA | D97: 1 | E97: 6.2 | G97: 4.1 | K97: =E97*G97 -> 25.42 | L97: =K97*D97 -> 25.42
B98: PEQUENOS PROCEDIMENTO | D98: 1 | E98: 5.2 | G98: 5.6 | K98: =E98*G98 -> 29.12 | L98: =K98*D98 -> 29.12
B99: SALA DE COLETA | D99: 1 | E99: 5.2 | G99: 5.6 | K99: =E99*G99 -> 29.12 | L99: =K99*D99 -> 29.12
B100: SALA DE OBSERVAÇÃO | D100: 1 | E100: 5.2 | G100: 5.6 | K100: =E100*G100 -> 29.12 | L100: =K100*D100 -> 29.12
B101: SALA DE OBSERVAÇÃO | D101: 1 | E101: 5.2 | G101: 5.6 | K101: =E101*G101 -> 29.12 | L101: =K101*D101 -> 29.12
B102: CIRCULAÇÃO | D102: 1 | E102: 2 | G102: 22.9 | K102: =E102*G102 -> 45.8 | L102: =K102*D102 -> 45.8
B103: QUIMIOTERAPIA | D103: 1 | E103: 5.2 | G103: 13 | K103: =E103*G103 -> 67.6 | L103: =K103*D103 -> 67.6
B104: REFEIRORIO | D104: 1 | E104: 3 | G104: 4.3 | K104: =E104*G104 -> 12.9 | L104: =K104*D104 -> 12.9
A106: 1.9 | B106: ='[1]ITENS NOVOS'!D12 -> DEMOLIÇÃO DE LAJES, DE FORMA MANUAL, SEM REAPROVEITAMENTO. AF_12/2017 | L106: =SUM(L108:L114) -> 28.95 | M106: M3
B113: QUIMIOTERAPIA/ENFERMAGEM, BARREIRA E MAINPULAÇÃO | J113: 0.15 | K113: =69 -> 69 | L113: =K113*J113 -> 10.35
B114: RECEPÇÃO E CORREDOR CENTRAL | J114: 0.15 | K114: 124 | L114: =K114*J114 -> 18.6
A116: 1.10 | B116: ='[1]ITENS NOVOS'!D15 -> REMOÇÃO DE TELHAS, DE FIBROCIMENTO, METÁLICA E CERÂMICA, DE FORMA MANUAL, SEM REAPROVEITAMENTO. AF_12/2017 | L116: =SUM(L118:L122) -> 636.84 | M116: M2
B118: COBERTA A | D118: 1 | E118: 211.67 | K118: =E118 -> 211.67 | L118: =K118*D118 -> 211.67
B119: ENTRADA | D119: 1 | E119: 5 | H119: 11.4 | K119: =E119*H119 -> 57 | L119: =K119*D119 -> 57
B120: COBERTA C | D120: 1 | E120: 159.29 | K120: =E120 -> 159.29 | L120: =K120*D120 -> 159.29
B121: COBERTA C | D121: 1 | E121: 180.53 | K121: =E121 -> 180.53 | L121: =K121*D121 -> 180.53
B122: COBERTA G | D122: 1 | E122: 28.35 | K122: =E122 -> 28.35 | L122: =K122*D122 -> 28.35
A126: 2.0 | B126: =[1]REPROGRAMAÇÃO!C25 -> INFRA ESTRUTURA E SUPERESTRUTURA
A128: =[1]REPROGRAMAÇÃO!A30 -> 2.5 | B128: =[1]REPROGRAMAÇÃO!C30 -> CONCRETO FCK = 30MPA, TRAÇO 1:2,1:2,5 (EM MASSA SECA DE CIMENTO/ AREIA MÉDIA/ BRITA 1) - PREPARO MECÂNICO COM BETONEIRA 600 L. AF_05/2021 | L128: =SUM(L130:L144) -> 11.02395 | M128: M3
B130: V1 | D130: 2 | E130: 6.08 | G130: 0.5 | I130: 0.15 | K130: =E130*G130*I130 -> 0.456 | L130: =K130*D130 -> 0.912
B131: V2 | D131: 2 | E131: 1.28 | G131: 0.3 | I131: 0.15 | K131: =E131*G131*I131 -> 0.0576 | L131: =K131*D131 -> 0.1152
B132: V3 | D132: 2 | E132: 19.23 | G132: 0.5 | I132: 0.15 | K132: =E132*G132*I132 -> 1.44225 | L132: =K132*D132 -> 2.8845
B133: V4 | D133: 2 | E133: 10.9 | G133: 0.5 | I133: 0.15 | K133: =E133*G133*I133 -> 0.8175 | L133: =K133*D133 -> 1.635
B134: V5 | D134: 2 | E134: =E153 -> 19.81 | G134: 0.5 | I134: 0.15 | K134: =E134*G134*I134 -> 1.48575 | L134: =K134*D134 -> 2.9715
B135: V6 | D135: 2 | E135: 1.48 | G135: 0.3 | I135: 0.15 | K135: =E135*G135*I135 -> 0.0666 | L135: =K135*D135 -> 0.1332
B136: V7 | D136: 2 | E136: 1.48 | G136: 0.3 | I136: 0.15 | K136: =E136*G136*I136 -> 0.0666 | L136: =K136*D136 -> 0.1332
B137: V8 | D137: 2 | E137: 1.58 | G137: 0.4 | I137: 0.15 | K137: =E137*G137*I137 -> 0.0948 | L137: =K137*D137 -> 0.1896
B138: V9 | D138: 2 | E138: 1.58 | G138: 0.3 | I138: 0.15 | K138: =E138*G138*I138 -> 0.0711 | L138: =K138*D138 -> 0.1422
B139: V10 | D139: 2 | E139: 1.58 | G139: 0.3 | I139: 0.15 | K139: =E139*G139*I139 -> 0.0711 | L139: =K139*D139 -> 0.1422
B140: V11 | D140: 2 | E140: 1.58 | G140: 0.3 | I140: 0.15 | K140: =E140*G140*I140 -> 0.0711 | L140: =K140*D140 -> 0.1422
B142: SALA DE QUIMIOTERAPIA
B143: V08 | D143: 1 | E143: =(2*7.68)+(3*4.73) -> 29.55 | G143: 0.3 | I143: 0.15 | K143: =E143*G143*I143 -> 1.32975 | L143: =K143*D143 -> 1.32975
B144: V40 | D144: 1 | E144: 6.52 | G144: 0.3 | I144: 0.15 | K144: =E144*G144*I144 -> 0.2934 | L144: =K144*D144 -> 0.2934
...

Sheet relatório fotográfico
C1: RELATÓRIO FOTOGRÁFICO
A2: ESTADO DA PARAÍBA
A3: PREFEITURA MUNICIPAL DE SOUSA - PB
A6: Objetivo | G6: Agente Promotor | K6: Data de Emissão | L6: Nº BM
A7: CENTRO DE ONCOLOGIA DE SOUSA | G7: PREFEITURA MUNICIPAL DE SOUSA - PB | K7: 44600 | L7: 06
A9: Localização | G9: Contratada | K9: Início da Obra | L9: Termino da Obra
A10: RUA LUIZ PEREIRA DA SILVA, S/N, CENTRO, SOUSA-PB | G10: COMPACTO CONSTRUÇÕES EIRELI - EPP | K10: 44854 | L10: 45219
A12: Modalidade | C12: Nº de Contrato e Data de assinatura | G12: Valor do Contrato / PMS | I12: Valor da medição - R$ | K12: Período de medição
A13: CONCORRÊNCIA 06/2022 | C13: Nº 0701/2022 - 20/10/2022

Sheet MEM_
C1: MEMÓRIA DE CÁLCULO - QUANTIDADES
C2: Obra: | H2: Proprietário:
C3: CENTRO DE ONCOLOGIA DE SOUSA | H3: Prefeitura Municipal de Sousa
C4: Local: | H4: Responsável Técnico:
C5: RUA LUIZ PEREIRA DA SILVA, S/N, CENTRO, SOUSA-PB
A7: Item | B7: Descrição | D7: Vez | E7: Dados | K7: Resultado | M7: Un.
E8: X1 | F8: X2 | G8: Y1 | H8: Y2 | I8: Z1 | J8: Z2 | K8: Parcial | L8: Total
B10: SERVIÇOS PRELIMINARES
A12: 1.3 | B12: =BM_06!B21 -> Demolição de piso de alta resistência | M12: M2
F13: BANHEIRO | H13: BANHEIRO | K13: TOTAL= | L13: =SUM(L16:L40) -> 736.73
K14: ACUMULADO | L14: 608.61
K15: BM06= | L15: =L13-L14 -> 128.12
B16: PEQUENOS PROCEDIMENTO | D16: 1 | E16: 5.2 | G16: 5.6 | K16: =(E16*G16)+(F16*H16) -> 29.12 | L16: =K16*D16 -> 29.12
B17: SALA DE COLETA | D17: 1 | E17: 5.2 | G17: 5.6 | K17: =(E17*G17)+(F17*H17) -> 29.12 | L17: =K17*D17 -> 29.12
B18: SALA DE OBSERVAÇÃO | D18: 1 | E18: 5.2 | G18: 5.6 | K18: =(E18*G18)+(F18*H18) -> 29.12 | L18: =K18*D18 -> 29.12
B19: SALA DE OBSERVAÇÃO | D19: 1 | E19: 5.2 | G19: 5.6 | K19: =(E19*G19)+(F19*H19) -> 29.12 | L19: =K19*D19 -> 29.12
B20: CIRCULAÇÃO ESQUEDA | D20: 1 | E20: 2 | G20: 20 | K20: =(E20*G20)+(F20*H20) -> 40 | L20: =K20*D20 -> 40
B21: CIRCULAÇÃO ATRAS | D21: 1 | E21: 2 | G21: 34.7 | K21: =(E21*G21)+(F21*H21) -> 69.4 | L21: =K21*D21 -> 69.4
K22: =(E22*G22)+(F22*H22) -> 0 | L22: =K22*D22 -> 0
B23: SALA DE TELEMEDICINA | D23: 1 | E23: 4.3 | G23: 3 | K23: =(E23*G23)+(F23*H23) -> 12.9 | L23: =K23*D23 -> 12.9
B24: SALA DE QUIMIOTERAPIA | D24: 1 | E24: 8.7 | G24: 6 | K24: =(E24*G24)+(F24*H24) -> 52.2 | L24: =K24*D24 -> 52.2
B25: SALA FISIOTERAPIA | D25: 1 | E25: 7.5 | G25: 4 | K25: =(E25*G25)+(F25*H25) -> 30 | L25: =K25*D25 -> 30
B26: CIRCULAÇÃO CENTRAL | D26: 1 | E26: 14.6 | G26: 2.7 | K26: =(E26*G26)+(F26*H26) -> 39.42 | L26: =K26*D26 -> 39.42
B27: CONSULTÓRIO MÉDICO 01 | D27: 1 | E27: 6.3 | F27: 3.9 | G27: 3.9 | H27: 1.4 | K27: =(E27*G27)+(F27*H27) -> 30.03 | L27: =K27*D27 -> 30.03
B28: CONSULTÓRIO MÉDICO 02 | D28: 1 | E28: 6.3 | G28: 3.9 | K28: =(E28*G28)+(F28*H28) -> 24.57 | L28: =K28*D28 -> 24.57
B29: SALA FINANCEIRO | D29: 1 | E29: 3.2 | G29: 3.5 | K29: =(E29*G29)+(F29*H29) -> 11.2 | L29: =K29*D29 -> 11.2
B30: DEPÓSITO | D30: 1 | E30: 5 | G30: 4.2 | K30: =(E30*G30)+(F30*H30) -> 21 | L30: =K30*D30 -> 21
B31: SALA DIRETORIA | D31: 1 | E31: 3.5 | F31: 1.5 | G31: 3 | H31: 1.6 | K31: =(E31*G31)+(F31*H31) -> 12.9 | L31: =K31*D31 -> 12.9
B32: LAVANDERIA | D32: 1 | E32: 4.2 | G32: 3.1 | K32: =(E32*G32)+(F32*H32) -> 13.02 | L32: =K32*D32 -> 13.02
B33: LAVAGEM,ROTULAÇÃO,BARREIRA | D33: 1 | E33: 7 | G33: 4.6 | K33: =(E33*G33)+(F33*H33) -> 32.2 | L33: =K33*D33 -> 32.2
B34: REFEITÓRIO | D34: 1 | E34: 3.7 | G34: 4.2 | K34: =(E34*G34)+(F34*H34) -> 15.54 | L34: =K34*D34 -> 15.54
B35: CIRCULAÇÃO LADO DIREITO | D35: 1 | E35: 34.7 | G35: 1.9 | K35: =(E35*G35)+(F35*H35) -> 65.93 | L35: =K35*D35 -> 65.93
B36: BANHEIRO LADO DIREITO | D36: 1 | E36: 3.5 | G36: 2.7 | K36: =(E36*G36)+(F36*H36) -> 9.45 | L36: =K36*D36 -> 9.45
B37: ASSISTENCIA SOCIAL | D37: 1 | E37: 3.4 | F37: 2.2 | G37: 3.1 | H37: 1 | K37: =(E37*G37)+(F37*H37) -> 12.74 | L37: =K37*D37 -> 12.74
B38: BANHEIRO RECEPÇÃO | D38: 1 | E38: 2.2 | G38: 1 | K38: =(E38*G38)+(F38*H38) -> 2.2 | L38: =K38*D38 -> 2.2
B39: BANHEIRO RECEPÇÃO | D39: 1 | E39: 5.9 | G39: 4.5 | K39: =(E39*G39)+(F39*H39) -> 26.55 | L39: =K39*D39 -> 26.55
B40: RECEPÇÃO | D40: 1 | E40: 15 | G40: 6.6 | K40: =(E40*G40)+(F40*H40) -> 99 | L40: =K40*D40 -> 99
A43: =BM_06!A24 -> 1.6 | B43: =BM_06!B24 -> Remoção de caixão de madeira (aduela) | L43: =SUM(L45:L69) -> 36 | M43: M2
B45: PEQUENOS PROCEDIMENTOS | D45: 1 | E45: 2 | L45: =E45*D45 -> 2
B46: SALA DE COLETA | D46: 1 | E46: 1 | L46: =E46*D46 -> 1
B47: SALA DE OBSERVAÇÃO | D47: 1 | E47: 2 | L47: =E47*D47 -> 2
B48: SALA DE OBSERVAÇÃO | D48: 1 | E48: 2 | L48: =E48*D48 -> 2
B49: GUARDA MATERIAL | D49: 1 | E49: 1 | L49: =E49*D49 -> 1
B50: SALA DE UTILIDADE | D50: 1 | E50: 1 | L50: =E50*D50 -> 1
B51: SALA DE RADIOLOGIA | D51: 1 | E51: 2 | L51: =E51*D51 -> 2
B52: DML | D52: 1 | E52: 1 | L52: =E52*D52 -> 1
B53: SALA DE UTILIDADE | D53: 1 | E53: 1 | L53: =E53*D53 -> 1
B54: SALA DE FISIOTERAPIA | D54: 1 | E54: 2 | L54: =E54*D54 -> 2
B55: CONSULTÓRIO MÉDICO 02 | D55: 1 | E55: 2 | L55: =E55*D55 -> 2
B56: CONSULTÓRIO MÉDICO 01 | D56: 1 | E56: 2 | L56: =E56*D56 -> 2
... B69: ARQUIVO | D69: 1 | E69: 1 | L69: =E69*D69 -> 1
A71: 1.9 | B71: =BM_06!B25 -> REMOÇÃO DE JANELAS, DE FORMA MANUAL, SEM REAPROVEITAMENTO. AF_12/2017 | L71: =SUM(L73:L91) -> 14 | M71: M2
B73: PEQUENOS PROCEDIMENTOS | D73: 1 | E73: 1 | G73: 1 | K73: =E73*G73 -> 1 | L73: =K73*D73 -> 1
B74: WC | D74: 1 | E74: 0.5 | G74: 0.5 | K74: =E74*G74 -> 0.25 | L74: =K74*D74 -> 0.25
B75: SALA DE COLETA | D75: 1 | E75: 1 | G75: 1 | K75: =E75*G75 -> 1 | L75: =K75*D75 -> 1
B76: SALA DE OBSERVAÇÃO | D76: 1 | E76: 1 | G76: 1 | K76: =E76*G76 -> 1 | L76: =K76*D76 -> 1
B77: WC | D77: 1 | E77: 0.5 | G77: 0.5 | K77: =E77*G77 -> 0.25 | L77: =K77*D77 -> 0.25
B78: SALA DE OBSERVAÇÃO | D78: 1 | E78: 1 | G78: 1 | K78: =E78*G78 -> 1 | L78: =K78*D78 -> 1
B79: WC | D79: 1 | E79: 0.5 | G79: 0.5 | K79: =E79*G79 -> 0.25 | L79: =K79*D79 -> 0.25
B80: WC FEM E MASC | D80: 2 | E80: 0.5 | G80: 0.5 | K80: =E80*G80 -> 0.25 | L80: =K80*D80 -> 0.5
B81: CONSULTÓRIO MÉDICO 02 | D81: 1 | E81: 1 | G81: 1 | K81: =E81*G81 -> 1 | L81: =K81*D81 -> 1
B82: CONSULTÓRIO MÉDICO 01 | D82: 1 | E82: 1 | G82: 1 | K82: =E82*G82 -> 1 | L82: =K82*D82 -> 1
B83: SALA DE QUIOTERAPIA | D83: 1 | E83: 1 | G83: 1 | K83: =E83*G83 -> 1 | L83: =K83*D83 -> 1
B84: SALA DE TELEMEDICINA | D84: 1 | E84: 1 | G84: 1 | K84: =E84*G84 -> 1 | L84: =K84*D84 -> 1
... B91: ARQUIVO | D91: 1 | E91: 0.5 | G91: 0.5 | K91: =E91*G91 -> 0.25 | L91: =K91*D91 -> 0.25
A93: 1.10 | B93: =BM_06!B26 -> REMOÇÃO DE FORRO DE GESSO, DE FORMA MANUAL, SEM REAPROVEITAMENTO. AF_12/2017 | L93: =SUM(L95:L103) -> 396.84 | M93: M2
B95: RECEPÇÃO | D95: 1 | E95: 6.7 | G95: 19.2 | K95: =E95*G95 -> 128.64 | L95: =K95*D95 -> 128.64
B96: CIRC. RADIOLOGIA | D96: 1 | E96: 6.2 | G96: 4.1 | K96: =E96*G96 -> 25.42 | L96: =K96*D96 -> 25.42
B97: PEQUENOS PROCEDIMENTO | D97: 1 | E97: 5.2 | G97: 5.6 | K97: =E97*G97 -> 29.12 | L97: =K97*D97 -> 29.12
B98: SALA DE COLETA | D98: 1 | E98: 5.2 | G98: 5.6 | K98: =E98*G98 -> 29.12 | L98: =K98*D98 -> 29.12
B99: SALA DE OBSERVAÇÃO | D99: 1 | E99: 5.2 | G99: 5.6 | K99: =E99*G99 -> 29.12 | L99: =K99*D99 -> 29.12
B100: SALA DE OBSERVAÇÃO | D100: 1 | E100: 5.2 | G100: 5.6 | K100: =E100*G100 -> 29.12 | L100: =K100*D100 -> 29.12
B101: CIRCULAÇÃO | D101: 1 | E101: 2 | G101: 22.9 | K101: =E101*G101 -> 45.8 | L101: =K101*D101 -> 45.8
B102: QUIMIOTERAPIA | D102: 1 | E102: 5.2 | G102: 13 | K102: =E102*G102 -> 67.6 | L102: =K102*D102 -> 67.6
B103: REFEIRORIO | D103: 1 | E103: 3 | G103: 4.3 | K103: =E103*G103 -> 12.9 | L103: =K103*D103 -> 12.9
A105: 1.11 | B105: =BM_06!B27 -> DEMOLIÇÃO DE LAJES, DE FORMA MANUAL, SEM REAPROVEITAMENTO. AF_12/2017 | L105: =SUM(L107:L111) -> 35.364 | M105: M3
B107: RECEPÇÃO | D107: 1 | E107: 6.7 | G107: 19.2 | I107: 0.15 | K107: =E107*G107*I107 -> 19.296 | L107: =K107*D107 -> 19.296
B108: QUIMIOTERAPIA | D108: 1 | E108: 5.2 | G108: 13 | I108: 0.15 | K108: =E108*G108*I108 -> 10.14 | L108: =K108*D108 -> 10.14
B109: CORREDOR CENTRAL | D109: 1 | E109: 4.7 | G109: 4.1 | I109: 0.15 | K109: =E109*G109*I109 -> 2.8905 | L109: =K109*D109 -> 2.8905
B110: BARREIRA LIMPA E SUJA | D110: 1 | E110: 3.9 | G110: 2.3 | I110: 0.15 | K110: =E110*G110*I110 -> 1.3455 | L110: =K110*D110 -> 1.3455
B111: MANIPULAÇÃO | D111: 1 | E111: 4.7 | G111: 2.4 | I111: 0.15 | K111: =E111*G111*I111 -> 1.692 | L111: =K111*D111 -> 1.692
A113: 1.14 | B113: =BM_06!B28 -> REMOÇÃO DE TELHAS, DE FIBROCIMENTO, METÁLICA E CERÂMICA, DE FORMA MANUAL, SEM REAPROVEITAMENTO. AF_12/2017 | L113: =SUM(L115:L119) -> 636.84 | M113: M2
B115: COBERTA A | D115: 1 | E115: 211.67 | K115: =E115 -> 211.67 | L115: =K115*D115 -> 211.67
B116: ENTRADA | D116: 1 | E116: 5 | H116: 11.4 | K116: =E116*H116 -> 57 | L116: =K116*D116 -> 57
B117: COBERTA C | D117: 1 | E117: 159.29 | K117: =E117 -> 159.29 | L117: =K117*D117 -> 159.29
B118: COBERTA C | D118: 1 | E118: 180.53 | K118: =E118 -> 180.53 | L118: =K118*D118 -> 180.53
B119: COBERTA G | D119: 1 | E119: 28.35 | K119: =E119 -> 28.35 | L119: =K119*D119 -> 28.35
A121: 2.0 | B121: =REPROGRAMAÇÃO!C24 -> INFRA ESTRUTURA E SUPERESTRUTURA
A123: =BM_06!A34 -> 2.5 | B123: =BM_06!B34 -> CONCRETO FCK = 30MPA, TRAÇO 1:2,1:2,5 (EM MASSA SECA DE CIMENTO/ AREIA MÉDIA/ BRITA 1) - PREPARO MECÂNICO COM BETONEIRA 600 L. AF_05/2021 | L123: =SUM(L125:L135) -> 12.2958 | M123: M3
B125: V1 | D125: 2 | E125: 6.08 | G125: 0.5 | I125: 0.15 | K125: =E125*G125*I125 -> 0.456 | L125: =K125*D125 -> 0.912
B126: V2 | D126: 2 | E126: 1.28 | G126: 0.3 | I126: 0.15 | K126: =E126*G126*I126 -> 0.0576 | L126: =K126*D126 -> 0.1152
B127: V3 | D127: 2 | E127: 19.23 | G127: 0.5 | I127: 0.15 | K127: =E127*G127*I127 -> 1.44225 | L127: =K127*D127 -> 2.8845
B128: V4 | D128: 2 | E128: 10.9 | G128: 0.5 | I128: 0.15 | K128: =E128*G128*I128 -> 0.8175 | L128: =K128*D128 -> 1.635
B129: V5 | D129: 2 | E129: 39.11 | G129: 0.5 | I129: 0.15 | K129: =E129*G129*I129 -> 2.93325 | L129: =K129*D129 -> 5.8665
B130: V6 | D130: 2 | E130: 1.48 | G130: 0.3 | I130: 0.15 | K130: =E130*G130*I130 -> 0.0666 | L130: =K130*D130 -> 0.1332
B131: V7 | D131: 2 | E131: 1.48 | G131: 0.3 | I131: 0.15 | K131: =E131*G131*I131 -> 0.0666 | L131: =K131*D131 -> 0.1332
B132: V8 | D132: 2 | E132: 1.58 | G132: 0.4 | I132: 0.15 | K132: =E132*G132*I132 -> 0.0948 | L132: =K132*D132 -> 0.1896
B133: V9 | D133: 2 | E133: 1.58 | G133: 0.3 | I133: 0.15 | K133: =E133*G133*I133 -> 0.0711 | L133: =K133*D133 -> 0.1422
B134: V10 | D134: 2 | E134: 1.58 | G134: 0.3 | I134: 0.15 | K134: =E134*G134*I134 -> 0.0711 | L134: =K134*D134 -> 0.1422
B135: V11 | D135: 2 | E135: 1.58 | G135: 0.3 | I135: 0.15 | K135: =E135*G135*I135 -> 0.0711 | L135: =K135*D135 -> 0.1422
...

Sheet MEM_05
C1: MEMÓRIA DE CÁLCULO - QUANTIDADES
C2: Obra: | H2: Proprietário:
C3: CENTRO DE ONCOLOGIA DE SOUSA | H3: Prefeitura Municipal de Sousa
C4: Local: | H4: Responsável Técnico:
C5: RUA LUIZ PEREIRA DA SILVA, S/N, CENTRO, SOUSA-PB
A7: Item | B7: Descrição | D7: Vez | E7: Dados | K7: Resultado | M7: Un.
E8: X1 | F8: X2 | G8: Y1 | H8: Y2 | I8: Z1 | J8: Z2 | K8: Parcial | L8: Total
B10: SERVIÇOS PRELIMINARES
A12: 1.3 | B12: =#REF! -> #REF! | M12: M2
F13: BANHEIRO | H13: BANHEIRO | K13: TOTAL= | L13: =SUM(L16:L40) -> 736.73
K14: ACUMULADO | L14: 608.61
K15: BM06= | L15: =L13-L14 -> 128.12
B16: PEQUENOS PROCEDIMENTO | D16: 1 | E16: 5.2 | G16: 5.6 | K16: =(E16*G16)+(F16*H16) -> 29.12 | L16: =K16*D16 -> 29.12
B17: SALA DE COLETA | D17: 1 | E17: 5.2 | G17: 5.6 | K17: =(E17*G17)+(F17*H17) -> 29.12 | L17: =K17*D17 -> 29.12
B18: SALA DE OBSERVAÇÃO | D18: 1 | E18: 5.2 | G18: 5.6 | K18: =(E18*G18)+(F18*H18) -> 29.12 | L18: =K18*D18 -> 29.12
B19: SALA DE OBSERVAÇÃO | D19: 1 | E19: 5.2 | G19: 5.6 | K19: =(E19*G19)+(F19*H19) -> 29.12 | L19: =K19*D19 -> 29.12
B20: CIRCULAÇÃO ESQUEDA | D20: 1 | E20: 2 | G20: 20 | K20: =(E20*G20)+(F20*H20) -> 40 | L20: =K20*D20 -> 40
B21: CIRCULAÇÃO ATRAS | D21: 1 | E21: 2 | G21: 34.7 | K21: =(E21*G21)+(F21*H21) -> 69.4 | L21: =K21*D21 -> 69.4
K22: =(E22*G22)+(F22*H22) -> 0 | L22: =K22*D22 -> 0
B23: SALA DE TELEMEDICINA | D23: 1 | E23: 4.3 | G23: 3 | K23: =(E23*G23)+(F23*H23) -> 12.9 | L23: =K23*D23 -> 12.9
B24: SALA DE QUIMIOTERAPIA | D24: 1 | E24: 8.7 | G24: 6 | K24: =(E24*G24)+(F24*H24) -> 52.2 | L24: =K24*D24 -> 52.2
B25: SALA FISIOTERAPIA | D25: 1 | E25: 7.5 | G25: 4 | K25: =(E25*G25)+(F25*H25) -> 30 | L25: =K25*D25 -> 30
B26: CIRCULAÇÃO CENTRAL | D26: 1 | E26: 14.6 | G26: 2.7 | K26: =(E26*G26)+(F26*H26) -> 39.42 | L26: =K26*D26 -> 39.42
B27: CONSULTÓRIO MÉDICO 01 | D27: 1 | E27: 6.3 | F27: 3.9 | G27: 3.9 | H27: 1.4 | K27: =(E27*G27)+(F27*H27) -> 30.03 | L27: =K27*D27 -> 30.03
B28: CONSULTÓRIO MÉDICO 02 | D28: 1 | E28: 6.3 | G28: 3.9 | K28: =(E28*G28)+(F28*H28) -> 24.57 | L28: =K28*D28 -> 24.57
B29: SALA FINANCEIRO | D29: 1 | E29: 3.2 | G29: 3.5 | K29: =(E29*G29)+(F29*H29) -> 11.2 | L29: =K29*D29 -> 11.2
B30: DEPÓSITO | D30: 1 | E30: 5 | G30: 4.2 | K30: =(E30*G30)+(F30*H30) -> 21 | L30: =K30*D30 -> 21
B31: SALA DIRETORIA | D31: 1 | E31: 3.5 | F31: 1.5 | G31: 3 | H31: 1.6 | K31: =(E31*G31)+(F31*H31) -> 12.9 | L31: =K31*D31 -> 12.9
B32: LAVANDERIA | D32: 1 | E32: 4.2 | G32: 3.1 | K32: =(E32*G32)+(F32*H32) -> 13.02 | L32: =K32*D32 -> 13.02
B33: LAVAGEM,ROTULAÇÃO,BARREIRA | D33: 1 | E33: 7 | G33: 4.6 | K33: =(E33*G33)+(F33*H33) -> 32.2 | L33: =K33*D33 -> 32.2
B34: REFEITÓRIO | D34: 1 | E34: 3.7 | G34: 4.2 | K34: =(E34*G34)+(F34*H34) -> 15.54 | L34: =K34*D34 -> 15.54
B35: CIRCULAÇÃO LADO DIREITO | D35: 1 | E35: 34.7 | G35: 1.9 | K35: =(E35*G35)+(F35*H35) -> 65.93 | L35: =K35*D35 -> 65.93
B36: BANHEIRO LADO DIREITO | D36: 1 | E36: 3.5 | G36: 2.7 | K36: =(E36*G36)+(F36*H36) -> 9.45 | L36: =K36*D36 -> 9.45
B37: ASSISTENCIA SOCIAL | D37: 1 | E37: 3.4 | F37: 2.2 | G37: 3.1 | H37: 1 | K37: =(E37*G37)+(F37*H37) -> 12.74 | L37: =K37*D37 -> 12.74
B38: BANHEIRO RECEPÇÃO | D38: 1 | E38: 2.2 | G38: 1 | K38: =(E38*G38)+(F38*H38) -> 2.2 | L38: =K38*D38 -> 2.2
B39: BANHEIRO RECEPÇÃO | D39: 1 | E39: 5.9 | G39: 4.5 | K39: =(E39*G39)+(F39*H39) -> 26.55 | L39: =K39*D39 -> 26.55
B40: RECEPÇÃO | D40: 1 | E40: 15 | G40: 6.6 | K40: =(E40*G40)+(F40*H40) -> 99 | L40: =K40*D40 -> 99
A44: =#REF! -> #REF! | B44: =#REF! -> #REF!
A46: =#REF! -> #REF! | B46: =#REF! -> #REF!
K47: BM06= | L47: =SUM(L48:L51) -> 150.03
B48: SALA DE QUIOTERAPIA | D48: 1 | E48: 8.6 | G48: 13.2 | K48: =E48*G48 -> 113.52 | L48: =K48*D48 -> 113.52
B49: BANHEIRO QUIOTERAPIA | D49: 1 | E49: 1.6 | G49: 2.2 | K49: =E49*G49 -> 3.52 | L49: =K49*D49 -> 3.52
B50: SALA TELEMEDICINA | D50: 1 | E50: 4.4 | G50: 2.8 | K50: =E50*G50 -> 12.32 | L50: =K50*D50 -> 12.32
B51: SALA DIRETORIA E FINANCEIRO | D51: 1 | E51: 5.3 | G51: 3.9 | K51: =E51*G51 -> 20.67 | L51: =K51*D51 -> 20.67
A53: 5.2 | B53: =#REF! -> #REF!
K54: BM06= | L54: =SUM(L55:L58) -> 150.03
B55: SALA DE QUIOTERAPIA | D55: 1 | E55: 8.6 | G55: 13.2 | K55: =E55*G55 -> 113.52 | L55: =K55*D55 -> 113.52
B56: BANHEIRO QUIOTERAPIA | D56: 1 | E56: 1.6 | G56: 2.2 | K56: =E56*G56 -> 3.52 | L56: =K56*D56 -> 3.52
B57: SALA TELEMEDICINA | D57: 1 | E57: 4.4 | G57: 2.8 | K57: =E57*G57 -> 12.32 | L57: =K57*D57 -> 12.32
B58: SALA DIRETORIA E FINANCEIRO | D58: 1 | E58: 5.3 | G58: 3.9 | K58: =E58*G58 -> 20.67 | L58: =K58*D58 -> 20.67
A61: =#REF! -> #REF! | B61: =#REF! -> #REF!
A62: =#REF! -> #REF! | B62: =#REF! -> #REF!
F64: BANHEIRO | H64: BANHEIRO | K64: TOTAL= | L64: =SUM(L67:L91) -> 736.73
K65: ACUMULADO | L65: 231.18
K66: BM06= | L66: =L64-L65 -> 505.55
B67: PEQUENOS PROCEDIMENTO | D67: 1 | E67: 5.2 | G67: 5.6 | K67: =(E67*G67)+(F67*H67) -> 29.12 | L67: =K67*D67 -> 29.12
B68: SALA DE COLETA | D68: 1 | E68: 5.2 | G68: 5.6 | K68: =(E68*G68)+(F68*H68) -> 29.12 | L68: =K68*D68 -> 29.12
B69: SALA DE OBSERVAÇÃO | D69: 1 | E69: 5.2 | G69: 5.6 | K69: =(E69*G69)+(F69*H69) -> 29.12 | L69: =K69*D69 -> 29.12
B70: SALA DE OBSERVAÇÃO | D70: 1 | E70: 5.2 | G70: 5.6 | K70: =(E70*G70)+(F70*H70) -> 29.12 | L70: =K70*D70 -> 29.12
B71: CIRCULAÇÃO ESQUEDA | D71: 1 | E71: 2 | G71: 20 | K71: =(E71*G71)+(F71*H71) -> 40 | L71: =K71*D71 -> 40
B72: CIRCULAÇÃO ATRAS | D72: 1 | E72: 2 | G72: 34.7 | K72: =(E72*G72)+(F72*H72) -> 69.4 | L72: =K72*D72 -> 69.4
K73: =(E73*G73)+(F73*H73) -> 0 | L73: =K73*D73 -> 0
B74: SALA DE TELEMEDICINA | D74: 1 | E74: 4.3 | G74: 3 | K74: =(E74*G74)+(F74*H74) -> 12.9 | L74: =K74*D74 -> 12.9
B75: SALA DE QUIMIOTERAPIA | D75: 1 | E75: 8.7 | G75: 6 | K75: =(E75*G75)+(F75*H75) -> 52.2 | L75: =K75*D75 -> 52.2
B76: SALA FISIOTERAPIA | D76: 1 | E76: 7.5 | G76: 4 | K76: =(E76*G76)+(F76*H76) -> 30 | L76: =K76*D76 -> 30
B77: CIRCULAÇÃO CENTRAL | D77: 1 | E77: 14.6 | G77: 2.7 | K77: =(E77*G77)+(F77*H77) -> 39.42 | L77: =K77*D77 -> 39.42
B78: CONSULTÓRIO MÉDICO 01 | D78: 1 | E78: 6.3 | F78: 3.9 | G78: 3.9 | H78: 1.4 | K78: =(E78*G78)+(F78*H78) -> 30.03 | L78: =K78*D78 -> 30.03
B79: CONSULTÓRIO MÉDICO 02 | D79: 1 | E79: 6.3 | G79: 3.9 | K79: =(E79*G79)+(F79*H79) -> 24.57 | L79: =K79*D79 -> 24.57
B80: SALA FINANCEIRO | D80: 1 | E80: 3.2 | G80: 3.5 | K80: =(E80*G80)+(F80*H80) -> 11.2 | L80: =K80*D80 -> 11.2
B81: DEPÓSITO | D81: 1 | E81: 5 | G81: 4.2 | K81: =(E81*G81)+(F81*H81) -> 21 | L81: =K81*D81 -> 21
B82: SALA DIRETORIA | D82: 1 | E82: 3.5 | F82: 1.5 | G82: 3 | H82: 1.6 | K82: =(E82*G82)+(F82*H82) -> 12.9 | L82: =K82*D82 -> 12.9
B83: LAVANDERIA | D83: 1 | E83: 4.2 | G83: 3.1 | K83: =(E83*G83)+(F83*H83) -> 13.02 | L83: =K83*D83 -> 13.02
B84: LAVAGEM,ROTULAÇÃO,BARREIRA | D84: 1 | E84: 7 | G84: 4.6 | K84: =(E84*G84)+(F84*H84) -> 32.2 | L84: =K84*D84 -> 32.2
B85: REFEITÓRIO | D85: 1 | E85: 3.7 | G85: 4.2 | K85: =(E85*G85)+(F85*H85) -> 15.54 | L85: =K85*D85 -> 15.54
B86: CIRCULAÇÃO LADO DIREITO | D86: 1 | E86: 34.7 | G86: 1.9 | K86: =(E86*G86)+(F86*H86) -> 65.93 | L86: =K86*D86 -> 65.93
B87: BANHEIRO LADO DIREITO | D87: 1 | E87: 3.5 | G87: 2.7 | K87: =(E87*G87)+(F87*H87) -> 9.45 | L87: =K87*D87 -> 9.45
B88: ASSISTENCIA SOCIAL | D88: 1 | E88: 3.4 | F88: 2.2 | G88: 3.1 | H88: 1 | K88: =(E88*G88)+(F88*H88) -> 12.74 | L88: =K88*D88 -> 12.74
B89: BANHEIRO RECEPÇÃO | D89: 1 | E89: 2.2 | G89: 1 | K89: =(E89*G89)+(F89*H89) -> 2.2 | L89: =K89*D89 -> 2.2
B90: BANHEIRO RECEPÇÃO | D90: 1 | E90: 5.9 | G90: 4.5 | K90: =(E90*G90)+(F90*H90) -> 26.55 | L90: =K90*D90 -> 26.55
B91: RECEPÇÃO | D91: 1 | E91: 15 | G91: 6.6 | K91: =(E91*G91)+(F91*H91) -> 99 | L91: =K91*D91 -> 99
A94: 9.2 | B94: =#REF! -> #REF!
A95: =#REF! -> #REF! | B95: =#REF! -> #REF!
B97: REDE DE DISTRIBUIÇÃO GERAL | L97: 23
A99: =#REF! -> #REF! | B99: =#REF! -> #REF!
B101: REDE DE DISTRIBUIÇÃO GERAL | L101: 166
A103: =#REF! -> #REF! | B103: =#REF! -> #REF!
L104: =SUM(L105:L129) -> 231.9
B105: PEQUENOS PROCEDIMENTOS | D105: 1 | E105: 7.8 | L105: =D105*E105 -> 7.8
B106: SALA COLETA DE SANGUE | D106: 1 | E106: 6.5 | L106: =D106*E106 -> 6.5
B107: SALA DE OBSERVAÇÃO | D107: 1 | E107: 13.3 | L107: =D107*E107 -> 13.3
B108: SALA DE OBSERVAÇÃO 2 | D108: 1 | E108: 13.3 | L108: =D108*E108 -> 13.3
B109: CIRCULAÇÃO LADO ESQUERDO | D109: 1 | L109: =D109*E109 -> 0
B110: POSTO DE ENFERMAGEM | D110: 1 | L110: =D110*E110 -> 0
B111: SALA DE UTILIDADES | D111: 1 | E111: 2.1 | L111: =D111*E111 -> 2.1
B112: WC FEM. | D112: 1 | E112: 6.8 | L112: =D112*E112 -> 6.8
B113: WC MASC. | D113: 1 | E113: 3.6 | L113: =D113*E113 -> 3.6
B114: SALA DE UTILIDADES | D114: 1 | E114: 2.6 | L114: =D114*E114 -> 2.6
B115: SALA DE TELEMEDICINA | D115: 1 | E115: 2.3 | L115: =D115*E115 -> 2.3
B116: BANHEIRO QUIOTERAPIA | D116: 1 | E116: 11 | L116: =D116*E116 -> 11
B117: CONSULTORIO E BANHEIRO 01 | D117: 1 | E117: 22 | L117: =D117*E117 -> 22
...
